Workbook

Sheet Bilan - Standardisé
A2: Gévelot SA (ALGEV FP) - Standardisé
A4: En millions de EUR sauf Par action | C4: FY 2010 | D4: FY 2011 | E4: FY 2012 | F4: FY 2013 | G4: FY 2014 | H4: FY 2015 | I4: FY 2016 | J4: FY 2017 | K4: FY 2018 | L4: FY 2019
A5: 12 mois se terminant | C5: 12/31/2010 | D5: 12/31/2011 | E5: 12/31/2012 | F5: 12/31/2013 | G5: 12/31/2014 | H5: 12/31/2015 | I5: 12/31/2016 | J5: 12/31/2017 | K5: 12/31/2018 | L5: 12/31/2019
A6: Actif total
A7: + Cash et équivalents et investissement court terme | B7: C&CE_AND_STI_DETAILED | C7: =_xll.BDH("ALGEV FP Equity","C&CE_AND_STI_DETAILED","FY 2010","FY 2010","Currency=EUR","Period=FY","BEST_FPERIOD_OVERRIDE=FY","FILING_STATUS=MR","SCALING_FORMAT=MLN","Sort=A","Dates=H","DateFormat=P","Fill=—","Direction=H","UseDPDF=Y") -> 36.496 | D7: =_xll.BDH("ALGEV FP Equity","C&CE_AND_STI_DETAILED","FY 2011","FY 2011","Currency=EUR","Period=FY","BEST_FPERIOD_OVERRIDE=FY","FILING_STATUS=MR","SCALING_FORMAT=MLN","Sort=A","Dates=H","DateFormat=P","Fill=—","Direction=H","UseDPDF=Y") -> 22.285 | E7: =_xll.BDH("ALGEV FP Equity","C&CE_AND_STI_DETAILED","FY 2012","FY 2012","Currency=EUR","Period=FY","BEST_FPERIOD_OVERRIDE=FY","FILING_STATUS=MR","SCALING_FORMAT=MLN","Sort=A","Dates=H","DateFormat=P","Fill=—","Direction=H","UseDPDF=Y") -> 29.822 | F7: =_xll.BDH("ALGEV FP Equity","C&CE_AND_STI_DETAILED","FY 2013","FY 2013","Currency=EUR","Period=FY","BEST_FPERIOD_OVERRIDE=FY","FILING_STATUS=MR","SCALING_FORMAT=MLN","Sort=A","Dates=H","DateFormat=P","Fill=—","Direction=H","UseDPDF=Y") -> 47.87 | G7: =_xll.BDH("ALGEV FP Equity","C&CE_AND_STI_DETAILED","FY 2014","FY 2014","Currency=EUR","Period=FY","BEST_FPERIOD_OVERRIDE=FY","FILING_STATUS=MR","SCALING_FORMAT=MLN","Sort=A","Dates=H","DateFormat=P","Fill=—","Direction=H","UseDPDF=Y") -> 144.204 | H7: =_xll.BDH("ALGEV FP Equity","C&CE_AND_STI_DETAILED","FY 2015","FY 2015","Currency=EUR","Period=FY","BEST_FPERIOD_OVERRIDE=FY","FILING_STATUS=MR","SCALING_FORMAT=MLN","Sort=A","Dates=H","DateFormat=P","Fill=—","Direction=H","UseDPDF=Y") -> 104.604 | I7: =_xll.BDH("ALGEV FP Equity","C&CE_AND_STI_DETAILED","FY 2016","FY 2016","Currency=EUR","Period=FY","BEST_FPERIOD_OVERRIDE=FY","FILING_STATUS=MR","SCALING_FORMAT=MLN","Sort=A","Dates=H","DateFormat=P","Fill=—","Direction=H","UseDPDF=Y") -> 106.992 | J7: =_xll.BDH("ALGEV FP Equity","C&CE_AND_STI_DETAILED","FY 2017","FY 2017","Currency=EUR","Period=FY","BEST_FPERIOD_OVERRIDE=FY","FILING_STATUS=MR","SCALING_FORMAT=MLN","Sort=A","Dates=H","DateFormat=P","Fill=—","Direction=H","UseDPDF=Y") -> 107.112 | K7: =_xll.BDH("ALGEV FP Equity","C&CE_AND_STI_DETAILED","FY 2018","FY 2018","Currency=EUR","Period=FY","BEST_FPERIOD_OVERRIDE=FY","FILING_STATUS=MR","SCALING_FORMAT=MLN","Sort=A","Dates=H","DateFormat=P","Fill=—","Direction=H","UseDPDF=Y") -> 174.501 | L7: =_xll.BDH("ALGEV FP Equity","C&CE_AND_STI_DETAILED","FY 2019","FY 2019","Currency=EUR","Period=FY","BEST_FPERIOD_OVERRIDE=FY","FILING_STATUS=MR","SCALING_FORMAT=MLN","Sort=A","Dates=H","DateFormat=P","Fill=—","Direction=H","UseDPDF=Y") -> 160.726
A8: + Cash et équivalents | B8: BS_CASH_NEAR_CASH_ITEM | C8: =_xll.BDH("ALGEV FP Equity","BS_CASH_NEAR_CASH_ITEM","FY 2010","FY 2010","Currency=EUR","Period=FY","BEST_FPERIOD_OVERRIDE=FY","FILING_STATUS=MR","SCALING_FORMAT=MLN","Sort=A","Dates=H","DateFormat=P","Fill=—","Direction=H","UseDPDF=Y") -> 21.968 | D8: =_xll.BDH("ALGEV FP Equity","BS_CASH_NEAR_CASH_ITEM","FY 2011","FY 2011","Currency=EUR","Period=FY","BEST_FPERIOD_OVERRIDE=FY","FILING_STATUS=MR","SCALING_FORMAT=MLN","Sort=A","Dates=H","DateFormat=P","Fill=—","Direction=H","UseDPDF=Y") -> 19.284 | E8: =_xll.BDH("ALGEV FP Equity","BS_CASH_NEAR_CASH_ITEM","FY 2012","FY 2012","Currency=EUR","Period=FY","BEST_FPERIOD_OVERRIDE=FY","FILING_STATUS=MR","SCALING_FORMAT=MLN","Sort=A","Dates=H","DateFormat=P","Fill=—","Direction=H","UseDPDF=Y") -> 14.062 | F8: =_xll.BDH("ALGEV FP Equity","BS_CASH_NEAR_CASH_ITEM","FY 2013","FY 2013","Currency=EUR","Period=FY","BEST_FPERIOD_OVERRIDE=FY","FILING_STATUS=MR","SCALING_FORMAT=MLN","Sort=A","Dates=H","DateFormat=P","Fill=—","Direction=H","UseDPDF=Y") -> 39.722 | G8: =_xll.BDH("ALGEV FP Equity","BS_CASH_NEAR_CASH_ITEM","FY 2014","FY 2014","Currency=EUR","Period=FY","BEST_FPERIOD_OVERRIDE=FY","FILING_STATUS=MR","SCALING_FORMAT=MLN","Sort=A","Dates=H","DateFormat=P","Fill=—","Direction=H","UseDPDF=Y") -> 135.919 | H8: =_xll.BDH("ALGEV FP Equity","BS_CASH_NEAR_CASH_ITEM","FY 2015","FY 2015","Currency=EUR","Period=FY","BEST_FPERIOD_OVERRIDE=FY","FILING_STATUS=MR","SCALING_FORMAT=MLN","Sort=A","Dates=H","DateFormat=P","Fill=—","Direction=H","UseDPDF=Y") -> 104.604 | I8: =_xll.BDH("ALGEV FP Equity","BS_CASH_NEAR_CASH_ITEM","FY 2016","FY 2016","Currency=EUR","Period=FY","BEST_FPERIOD_OVERRIDE=FY","FILING_STATUS=MR","SCALING_FORMAT=MLN","Sort=A","Dates=H","DateFormat=P","Fill=—","Direction=H","UseDPDF=Y") -> 106.992 | J8: =_xll.BDH("ALGEV FP Equity","BS_CASH_NEAR_CASH_ITEM","FY 2017","FY 2017","Currency=EUR","Period=FY","BEST_FPERIOD_OVERRIDE=FY","FILING_STATUS=MR","SCALING_FORMAT=MLN","Sort=A","Dates=H","DateFormat=P","Fill=—","Direction=H","UseDPDF=Y") -> 107.112 | K8: =_xll.BDH("ALGEV FP Equity","BS_CASH_NEAR_CASH_ITEM","FY 2018","FY 2018","Currency=EUR","Period=FY","BEST_FPERIOD_OVERRIDE=FY","FILING_STATUS=MR","SCALING_FORMAT=MLN","Sort=A","Dates=H","DateFormat=P","Fill=—","Direction=H","UseDPDF=Y") -> 89.179 | L8: =_xll.BDH("ALGEV FP Equity","BS_CASH_NEAR_CASH_ITEM","FY 2019","FY 2019","Currency=EUR","Period=FY","BEST_FPERIOD_OVERRIDE=FY","FILING_STATUS=MR","SCALING_FORMAT=MLN","Sort=A","Dates=H","DateFormat=P","Fill=—","Direction=H","UseDPDF=Y") -> 125.973
A9: + Investissements CT | B9: BS_MKT_SEC_OTHER_ST_INVEST | C9: =_xll.BDH("ALGEV FP Equity","BS_MKT_SEC_OTHER_ST_INVEST","FY 2010","FY 2010","Currency=EUR","Period=FY","BEST_FPERIOD_OVERRIDE=FY","FILING_STATUS=MR","SCALING_FORMAT=MLN","Sort=A","Dates=H","DateFormat=P","Fill=—","Direction=H","UseDPDF=Y") -> 14.528 | D9: =_xll.BDH("ALGEV FP Equity","BS_MKT_SEC_OTHER_ST_INVEST","FY 2011","FY 2011","Currency=EUR","Period=FY","BEST_FPERIOD_OVERRIDE=FY","FILING_STATUS=MR","SCALING_FORMAT=MLN","Sort=A","Dates=H","DateFormat=P","Fill=—","Direction=H","UseDPDF=Y") -> 3.001 | E9: =_xll.BDH("ALGEV FP Equity","BS_MKT_SEC_OTHER_ST_INVEST","FY 2012","FY 2012","Currency=EUR","Period=FY","BEST_FPERIOD_OVERRIDE=FY","FILING_STATUS=MR","SCALING_FORMAT=MLN","Sort=A","Dates=H","DateFormat=P","Fill=—","Direction=H","UseDPDF=Y") -> 15.76 | F9: =_xll.BDH("ALGEV FP Equity","BS_MKT_SEC_OTHER_ST_INVEST","FY 2013","FY 2013","Currency=EUR","Period=FY","BEST_FPERIOD_OVERRIDE=FY","FILING_STATUS=MR","SCALING_FORMAT=MLN","Sort=A","Dates=H","DateFormat=P","Fill=—","Direction=H","UseDPDF=Y") -> 8.148 | G9: =_xll.BDH("ALGEV FP Equity","BS_MKT_SEC_OTHER_ST_INVEST","FY 2014","FY 2014","Currency=EUR","Period=FY","BEST_FPERIOD_OVERRIDE=FY","FILING_STATUS=MR","SCALING_FORMAT=MLN","Sort=A","Dates=H","DateFormat=P","Fill=—","Direction=H","UseDPDF=Y") -> 8.285 | H9: =_xll.BDH("ALGEV FP Equity","BS_MKT_SEC_OTHER_ST_INVEST","FY 2015","FY 2015","Currency=EUR","Period=FY","BEST_FPERIOD_OVERRIDE=FY","FILING_STATUS=MR","SCALING_FORMAT=MLN","Sort=A","Dates=H","DateFormat=P","Fill=—","Direction=H","UseDPDF=Y") -> 0 | I9: =_xll.BDH("ALGEV FP Equity","BS_MKT_SEC_OTHER_ST_INVEST","FY 2016","FY 2016","Currency=EUR","Period=FY","BEST_FPERIOD_OVERRIDE=FY","FILING_STATUS=MR","SCALING_FORMAT=MLN","Sort=A","Dates=H","DateFormat=P","Fill=—","Direction=H","UseDPDF=Y") -> 0 | J9: =_xll.BDH("ALGEV FP Equity","BS_MKT_SEC_OTHER_ST_INVEST","FY 2017","FY 2017","Currency=EUR","Period=FY","BEST_FPERIOD_OVERRIDE=FY","FILING_STATUS=MR","SCALING_FORMAT=MLN","Sort=A","Dates=H","DateFormat=P","Fill=—","Direction=H","UseDPDF=Y") -> 0 | K9: =_xll.BDH("ALGEV FP Equity","BS_MKT_SEC_OTHER_ST_INVEST","FY 2018","FY 2018","Currency=EUR","Period=FY","BEST_FPERIOD_OVERRIDE=FY","FILING_STATUS=MR","SCALING_FORMAT=MLN","Sort=A","Dates=H","DateFormat=P","Fill=—","Direction=H","UseDPDF=Y") -> 85.322 | L9: =_xll.BDH("ALGEV FP Equity","BS_MKT_SEC_OTHER_ST_INVEST","FY 2019","FY 2019","Currency=EUR","Period=FY","BEST_FPERIOD_OVERRIDE=FY","FILING_STATUS=MR","SCALING_FORMAT=MLN","Sort=A","Dates=H","DateFormat=P","Fill=—","Direction=H","UseDPDF=Y") -> 34.753
A10: + Comptes clients et effets à recev | B10: BS_ACCT_NOTE_RCV | C10: =_xll.BDH("ALGEV FP Equity","BS_ACCT_NOTE_RCV","FY 2010","FY 2010","Currency=EUR","Period=FY","BEST_FPERIOD_OVERRIDE=FY","FILING_STATUS=MR","SCALING_FORMAT=MLN","Sort=A","Dates=H","DateFormat=P","Fill=—","Direction=H","UseDPDF=Y") -> 34.159 | D10: =_xll.BDH("ALGEV FP Equity","BS_ACCT_NOTE_RCV","FY 2011","FY 2011","Currency=EUR","Period=FY","BEST_FPERIOD_OVERRIDE=FY","FILING_STATUS=MR","SCALING_FORMAT=MLN","Sort=A","Dates=H","DateFormat=P","Fill=—","Direction=H","UseDPDF=Y") -> 50.273 | E10: =_xll.BDH("ALGEV FP Equity","BS_ACCT_NOTE_RCV","FY 2012","FY 2012","Currency=EUR","Period=FY","BEST_FPERIOD_OVERRIDE=FY","FILING_STATUS=MR","SCALING_FORMAT=MLN","Sort=A","Dates=H","DateFormat=P","Fill=—","Direction=H","UseDPDF=Y") -> 42.51 | F10: =_xll.BDH("ALGEV FP Equity","BS_ACCT_NOTE_RCV","FY 2013","FY 2013","Currency=EUR","Period=FY","BEST_FPERIOD_OVERRIDE=FY","FILING_STATUS=MR","SCALING_FORMAT=MLN","Sort=A","Dates=H","DateFormat=P","Fill=—","Direction=H","UseDPDF=Y") -> 43.64 | G10: =_xll.BDH("ALGEV FP Equity","BS_ACCT_NOTE_RCV","FY 2014","FY 2014","Currency=EUR","Period=FY","BEST_FPERIOD_OVERRIDE=FY","FILING_STATUS=MR","SCALING_FORMAT=MLN","Sort=A","Dates=H","DateFormat=P","Fill=—","Direction=H","UseDPDF=Y") -> 45.321 | H10: =_xll.BDH("ALGEV FP Equity","BS_ACCT_NOTE_RCV","FY 2015","FY 2015","Currency=EUR","Period=FY","BEST_FPERIOD_OVERRIDE=FY","FILING_STATUS=MR","SCALING_FORMAT=MLN","Sort=A","Dates=H","DateFormat=P","Fill=—","Direction=H","UseDPDF=Y") -> 48.406 | I10: =_xll.BDH("ALGEV FP Equity","BS_ACCT_NOTE_RCV","FY 2016","FY 2016","Currency=EUR","Period=FY","BEST_FPERIOD_OVERRIDE=FY","FILING_STATUS=MR","SCALING_FORMAT=MLN","Sort=A","Dates=H","DateFormat=P","Fill=—","Direction=H","UseDPDF=Y") -> 74.317 | J10: =_xll.BDH("ALGEV FP Equity","BS_ACCT_NOTE_RCV","FY 2017","FY 2017","Currency=EUR","Period=FY","BEST_FPERIOD_OVERRIDE=FY","FILING_STATUS=MR","SCALING_FORMAT=MLN","Sort=A","Dates=H","DateFormat=P","Fill=—","Direction=H","UseDPDF=Y") -> 47.544 | K10: =_xll.BDH("ALGEV FP Equity","BS_ACCT_NOTE_RCV","FY 2018","FY 2018","Currency=EUR","Period=FY","BEST_FPERIOD_OVERRIDE=FY","FILING_STATUS=MR","SCALING_FORMAT=MLN","Sort=A","Dates=H","DateFormat=P","Fill=—","Direction=H","UseDPDF=Y") -> 38.727 | L10: =_xll.BDH("ALGEV FP Equity","BS_ACCT_NOTE_RCV","FY 2019","FY 2019","Currency=EUR","Period=FY","BEST_FPERIOD_OVERRIDE=FY","FILING_STATUS=MR","SCALING_FORMAT=MLN","Sort=A","Dates=H","DateFormat=P","Fill=—","Direction=H","UseDPDF=Y") -> 45.898
A11: + Comptes clients - Net | B11: BS_ACCTS_REC_EXCL_NOTES_REC | C11: 0 | D11: 0 | E11: =_xll.BDH("ALGEV FP Equity","BS_ACCTS_REC_EXCL_NOTES_REC","FY 2012","FY 2012","Currency=EUR","Period=FY","BEST_FPERIOD_OVERRIDE=FY","FILING_STATUS=MR","SCALING_FORMAT=MLN","Sort=A","Dates=H","DateFormat=P","Fill=—","Direction=H","UseDPDF=Y") -> 42.51 | F11: =_xll.BDH("ALGEV FP Equity","BS_ACCTS_REC_EXCL_NOTES_REC","FY 2013","FY 2013","Currency=EUR","Period=FY","BEST_FPERIOD_OVERRIDE=FY","FILING_STATUS=MR","SCALING_FORMAT=MLN","Sort=A","Dates=H","DateFormat=P","Fill=—","Direction=H","UseDPDF=Y") -> 43.64 | G11: =_xll.BDH("ALGEV FP Equity","BS_ACCTS_REC_EXCL_NOTES_REC","FY 2014","FY 2014","Currency=EUR","Period=FY","BEST_FPERIOD_OVERRIDE=FY","FILING_STATUS=MR","SCALING_FORMAT=MLN","Sort=A","Dates=H","DateFormat=P","Fill=—","Direction=H","UseDPDF=Y") -> 45.321 | H11: =_xll.BDH("ALGEV FP Equity","BS_ACCTS_REC_EXCL_NOTES_REC","FY 2015","FY 2015","Currency=EUR","Period=FY","BEST_FPERIOD_OVERRIDE=FY","FILING_STATUS=MR","SCALING_FORMAT=MLN","Sort=A","Dates=H","DateFormat=P","Fill=—","Direction=H","UseDPDF=Y") -> 48.406 | I11: =_xll.BDH("ALGEV FP Equity","BS_ACCTS_REC_EXCL_NOTES_REC","FY 2016","FY 2016","Currency=EUR","Period=FY","BEST_FPERIOD_OVERRIDE=FY","FILING_STATUS=MR","SCALING_FORMAT=MLN","Sort=A","Dates=H","DateFormat=P","Fill=—","Direction=H","UseDPDF=Y") -> 74.317 | J11: =_xll.BDH("ALGEV FP Equity","BS_ACCTS_REC_EXCL_NOTES_REC","FY 2017","FY 2017","Currency=EUR","Period=FY","BEST_FPERIOD_OVERRIDE=FY","FILING_STATUS=MR","SCALING_FORMAT=MLN","Sort=A","Dates=H","DateFormat=P","Fill=—","Direction=H","UseDPDF=Y") -> 47.544 | K11: =_xll.BDH("ALGEV FP Equity","BS_ACCTS_REC_EXCL_NOTES_REC","FY 2018","FY 2018","Currency=EUR","Period=FY","BEST_FPERIOD_OVERRIDE=FY","FILING_STATUS=MR","SCALING_FORMAT=MLN","Sort=A","Dates=H","DateFormat=P","Fill=—","Direction=H","UseDPDF=Y") -> 38.727 | L11: =_xll.BDH("ALGEV FP Equity","BS_ACCTS_REC_EXCL_NOTES_REC","FY 2019","FY 2019","Currency=EUR","Period=FY","BEST_FPERIOD_OVERRIDE=FY","FILING_STATUS=MR","SCALING_FORMAT=MLN","Sort=A","Dates=H","DateFormat=P","Fill=—","Direction=H","UseDPDF=Y") -> 45.898
A12: + Effets à recevoir, nets | B12: NOTES_RECEIVABLE | C12: 0 | D12: 0 | E12: 0 | F12: 0 | G12: 0 | H12: 0 | I12: =_xll.BDH("ALGEV FP Equity","NOTES_RECEIVABLE","FY 2016","FY 2016","Currency=EUR","Period=FY","BEST_FPERIOD_OVERRIDE=FY","FILING_STATUS=MR","SCALING_FORMAT=MLN","Sort=A","Dates=H","DateFormat=P","Fill=—","Direction=H","UseDPDF=Y") -> 0 | J12: =_xll.BDH("ALGEV FP Equity","NOTES_RECEIVABLE","FY 2017","FY 2017","Currency=EUR","Period=FY","BEST_FPERIOD_OVERRIDE=FY","FILING_STATUS=MR","SCALING_FORMAT=MLN","Sort=A","Dates=H","DateFormat=P","Fill=—","Direction=H","UseDPDF=Y") -> 0 | K12: =_xll.BDH("ALGEV FP Equity","NOTES_RECEIVABLE","FY 2018","FY 2018","Currency=EUR","Period=FY","BEST_FPERIOD_OVERRIDE=FY","FILING_STATUS=MR","SCALING_FORMAT=MLN","Sort=A","Dates=H","DateFormat=P","Fill=—","Direction=H","UseDPDF=Y") -> 0 | L12: =_xll.BDH("ALGEV FP Equity","NOTES_RECEIVABLE","FY 2019","FY 2019","Currency=EUR","Period=FY","BEST_FPERIOD_OVERRIDE=FY","FILING_STATUS=MR","SCALING_FORMAT=MLN","Sort=A","Dates=H","DateFormat=P","Fill=—","Direction=H","UseDPDF=Y") -> 0
A13: + Stocks | B13: BS_INVENTORIES | C13: =_xll.BDH("ALGEV FP Equity","BS_INVENTORIES","FY 2010","FY 2010","Currency=EUR","Period=FY","BEST_FPERIOD_OVERRIDE=FY","FILING_STATUS=MR","SCALING_FORMAT=MLN","Sort=A","Dates=H","DateFormat=P","Fill=—","Direction=H","UseDPDF=Y") -> 29.02 | D13: =_xll.BDH("ALGEV FP Equity","BS_INVENTORIES","FY 2011","FY 2011","Currency=EUR","Period=FY","BEST_FPERIOD_OVERRIDE=FY","FILING_STATUS=MR","SCALING_FORMAT=MLN","Sort=A","Dates=H","DateFormat=P","Fill=—","Direction=H","UseDPDF=Y") -> 36.13 | E13: =_xll.BDH("ALGEV FP Equity","BS_INVENTORIES","FY 2012","FY 2012","Currency=EUR","Period=FY","BEST_FPERIOD_OVERRIDE=FY","FILING_STATUS=MR","SCALING_FORMAT=MLN","Sort=A","Dates=H","DateFormat=P","Fill=—","Direction=H","UseDPDF=Y") -> 35.028 | F13: =_xll.BDH("ALGEV FP Equity","BS_INVENTORIES","FY 2013","FY 2013","Currency=EUR","Period=FY","BEST_FPERIOD_OVERRIDE=FY","FILING_STATUS=MR","SCALING_FORMAT=MLN","Sort=A","Dates=H","DateFormat=P","Fill=—","Direction=H","UseDPDF=Y") -> 37.11 | G13: =_xll.BDH("ALGEV FP Equity","BS_INVENTORIES","FY 2014","FY 2014","Currency=EUR","Period=FY","BEST_FPERIOD_OVERRIDE=FY","FILING_STATUS=MR","SCALING_FORMAT=MLN","Sort=A","Dates=H","DateFormat=P","Fill=—","Direction=H","UseDPDF=Y") -> 45.495 | H13: =_xll.BDH("ALGEV FP Equity","BS_INVENTORIES","FY 2015","FY 2015","Currency=EUR","Period=FY","BEST_FPERIOD_OVERRIDE=FY","FILING_STATUS=MR","SCALING_FORMAT=MLN","Sort=A","Dates=H","DateFormat=P","Fill=—","Direction=H","UseDPDF=Y") -> 46.171 | I13: =_xll.BDH("ALGEV FP Equity","BS_INVENTORIES","FY 2016","FY 2016","Currency=EUR","Period=FY","BEST_FPERIOD_OVERRIDE=FY","FILING_STATUS=MR","SCALING_FORMAT=MLN","Sort=A","Dates=H","DateFormat=P","Fill=—","Direction=H","UseDPDF=Y") -> 40.145 | J13: =_xll.BDH("ALGEV FP Equity","BS_INVENTORIES","FY 2017","FY 2017","Currency=EUR","Period=FY","BEST_FPERIOD_OVERRIDE=FY","FILING_STATUS=MR","SCALING_FORMAT=MLN","Sort=A","Dates=H","DateFormat=P","Fill=—","Direction=H","UseDPDF=Y") -> 27.105 | K13: =_xll.BDH("ALGEV FP Equity","BS_INVENTORIES","FY 2018","FY 2018","Currency=EUR","Period=FY","BEST_FPERIOD_OVERRIDE=FY","FILING_STATUS=MR","SCALING_FORMAT=MLN","Sort=A","Dates=H","DateFormat=P","Fill=—","Direction=H","UseDPDF=Y") -> 26.247 | L13: =_xll.BDH("ALGEV FP Equity","BS_INVENTORIES","FY 2019","FY 2019","Currency=EUR","Period=FY","BEST_FPERIOD_OVERRIDE=FY","FILING_STATUS=MR","SCALING_FORMAT=MLN","Sort=A","Dates=H","DateFormat=P","Fill=—","Direction=H","UseDPDF=Y") -> 33.162
A14: + Matériaux de base | B14: INVTRY_RAW_MATERIALS | C14: =_xll.BDH("ALGEV FP Equity","INVTRY_RAW_MATERIALS","FY 2010","FY 2010","Currency=EUR","Period=FY","BEST_FPERIOD_OVERRIDE=FY","FILING_STATUS=MR","SCALING_FORMAT=MLN","Sort=A","Dates=H","DateFormat=P","Fill=—","Direction=H","UseDPDF=Y") -> 12.797 | D14: =_xll.BDH("ALGEV FP Equity","INVTRY_RAW_MATERIALS","FY 2011","FY 2011","Currency=EUR","Period=FY","BEST_FPERIOD_OVERRIDE=FY","FILING_STATUS=MR","SCALING_FORMAT=MLN","Sort=A","Dates=H","DateFormat=P","Fill=—","Direction=H","UseDPDF=Y") -> 16.818 | E14: =_xll.BDH("ALGEV FP Equity","INVTRY_RAW_MATERIALS","FY 2012","FY 2012","Currency=EUR","Period=FY","BEST_FPERIOD_OVERRIDE=FY","FILING_STATUS=MR","SCALING_FORMAT=MLN","Sort=A","Dates=H","DateFormat=P","Fill=—","Direction=H","UseDPDF=Y") -> 18.216 | F14: =_xll.BDH("ALGEV FP Equity","INVTRY_RAW_MATERIALS","FY 2013","FY 2013","Currency=EUR","Period=FY","BEST_FPERIOD_OVERRIDE=FY","FILING_STATUS=MR","SCALING_FORMAT=MLN","Sort=A","Dates=H","DateFormat=P","Fill=—","Direction=H","UseDPDF=Y") -> 15.509 | G14: =_xll.BDH("ALGEV FP Equity","INVTRY_RAW_MATERIALS","FY 2014","FY 2014","Currency=EUR","Period=FY","BEST_FPERIOD_OVERRIDE=FY","FILING_STATUS=MR","SCALING_FORMAT=MLN","Sort=A","Dates=H","DateFormat=P","Fill=—","Direction=H","UseDPDF=Y") -> 16.981 | H14: =_xll.BDH("ALGEV FP Equity","INVTRY_RAW_MATERIALS","FY 2015","FY 2015","Currency=EUR","Period=FY","BEST_FPERIOD_OVERRIDE=FY","FILING_STATUS=MR","SCALING_FORMAT=MLN","Sort=A","Dates=H","DateFormat=P","Fill=—","Direction=H","UseDPDF=Y") -> 20.62 | I14: =_xll.BDH("ALGEV FP Equity","INVTRY_RAW_MATERIALS","FY 2016","FY 2016","Currency=EUR","Period=FY","BEST_FPERIOD_OVERRIDE=FY","FILING_STATUS=MR","SCALING_FORMAT=MLN","Sort=A","Dates=H","DateFormat=P","Fill=—","Direction=H","UseDPDF=Y") -> 19.988 | J14: =_xll.BDH("ALGEV FP Equity","INVTRY_RAW_MATERIALS","FY 2017","FY 2017","Currency=EUR","Period=FY","BEST_FPERIOD_OVERRIDE=FY","FILING_STATUS=MR","SCALING_FORMAT=MLN","Sort=A","Dates=H","DateFormat=P","Fill=—","Direction=H","UseDPDF=Y") -> 13.764 | K14: =_xll.BDH("ALGEV FP Equity","INVTRY_RAW_MATERIALS","FY 2018","FY 2018","Currency=EUR","Period=FY","BEST_FPERIOD_OVERRIDE=FY","FILING_STATUS=MR","SCALING_FORMAT=MLN","Sort=A","Dates=H","DateFormat=P","Fill=—","Direction=H","UseDPDF=Y") -> 0 | L14: =_xll.BDH("ALGEV FP Equity","INVTRY_RAW_MATERIALS","FY 2019","FY 2019","Currency=EUR","Period=FY","BEST_FPERIOD_OVERRIDE=FY","FILING_STATUS=MR","SCALING_FORMAT=MLN","Sort=A","Dates=H","DateFormat=P","Fill=—","Direction=H","UseDPDF=Y") -> 0
A15: + Travail en cours | B15: INVTRY_IN_PROGRESS | C15: =_xll.BDH("ALGEV FP Equity","INVTRY_IN_PROGRESS","FY 2010","FY 2010","Currency=EUR","Period=FY","BEST_FPERIOD_OVERRIDE=FY","FILING_STATUS=MR","SCALING_FORMAT=MLN","Sort=A","Dates=H","DateFormat=P","Fill=—","Direction=H","UseDPDF=Y") -> 5.662 | D15: =_xll.BDH("ALGEV FP Equity","INVTRY_IN_PROGRESS","FY 2011","FY 2011","Currency=EUR","Period=FY","BEST_FPERIOD_OVERRIDE=FY","FILING_STATUS=MR","SCALING_FORMAT=MLN","Sort=A","Dates=H","DateFormat=P","Fill=—","Direction=H","UseDPDF=Y") -> 7.237 | E15: =_xll.BDH("ALGEV FP Equity","INVTRY_IN_PROGRESS","FY 2012","FY 2012","Currency=EUR","Period=FY","BEST_FPERIOD_OVERRIDE=FY","FILING_STATUS=MR","SCALING_FORMAT=MLN","Sort=A","Dates=H","DateFormat=P","Fill=—","Direction=H","UseDPDF=Y") -> 7.016 | F15: =_xll.BDH("ALGEV FP Equity","INVTRY_IN_PROGRESS","FY 2013","FY 2013","Currency=EUR","Period=FY","BEST_FPERIOD_OVERRIDE=FY","FILING_STATUS=MR","SCALING_FORMAT=MLN","Sort=A","Dates=H","DateFormat=P","Fill=—","Direction=H","UseDPDF=Y") -> 7.808 | G15: =_xll.BDH("ALGEV FP Equity","INVTRY_IN_PROGRESS","FY 2014","FY 2014","Currency=EUR","Period=FY","BEST_FPERIOD_OVERRIDE=FY","FILING_STATUS=MR","SCALING_FORMAT=MLN","Sort=A","Dates=H","DateFormat=P","Fill=—","Direction=H","UseDPDF=Y") -> 6.85 | H15: =_xll.BDH("ALGEV FP Equity","INVTRY_IN_PROGRESS","FY 2015","FY 2015","Currency=EUR","Period=FY","BEST_FPERIOD_OVERRIDE=FY","FILING_STATUS=MR","SCALING_FORMAT=MLN","Sort=A","Dates=H","DateFormat=P","Fill=—","Direction=H","UseDPDF=Y") -> 6.671 | I15: =_xll.BDH("ALGEV FP Equity","INVTRY_IN_PROGRESS","FY 2016","FY 2016","Currency=EUR","Period=FY","BEST_FPERIOD_OVERRIDE=FY","FILING_STATUS=MR","SCALING_FORMAT=MLN","Sort=A","Dates=H","DateFormat=P","Fill=—","Direction=H","UseDPDF=Y") -> 5.528 | J15: =_xll.BDH("ALGEV FP Equity","INVTRY_IN_PROGRESS","FY 2017","FY 2017","Currency=EUR","Period=FY","BEST_FPERIOD_OVERRIDE=FY","FILING_STATUS=MR","SCALING_FORMAT=MLN","Sort=A","Dates=H","DateFormat=P","Fill=—","Direction=H","UseDPDF=Y") -> 1.298 | K15: =_xll.BDH("ALGEV FP Equity","INVTRY_IN_PROGRESS","FY 2018","FY 2018","Currency=EUR","Period=FY","BEST_FPERIOD_OVERRIDE=FY","FILING_STATUS=MR","SCALING_FORMAT=MLN","Sort=A","Dates=H","DateFormat=P","Fill=—","Direction=H","UseDPDF=Y") -> 0 | L15: =_xll.BDH("ALGEV FP Equity","INVTRY_IN_PROGRESS","FY 2019","FY 2019","Currency=EUR","Period=FY","BEST_FPERIOD_OVERRIDE=FY","FILING_STATUS=MR","SCALING_FORMAT=MLN","Sort=A","Dates=H","DateFormat=P","Fill=—","Direction=H","UseDPDF=Y") -> 0
A16: + Produits finis | B16: INVTRY_FINISHED_GOODS | C16: =_xll.BDH("ALGEV FP Equity","INVTRY_FINISHED_GOODS","FY 2010","FY 2010","Currency=EUR","Period=FY","BEST_FPERIOD_OVERRIDE=FY","FILING_STATUS=MR","SCALING_FORMAT=MLN","Sort=A","Dates=H","DateFormat=P","Fill=—","Direction=H","UseDPDF=Y") -> 10.561 | D16: =_xll.BDH("ALGEV FP Equity","INVTRY_FINISHED_GOODS","FY 2011","FY 2011","Currency=EUR","Period=FY","BEST_FPERIOD_OVERRIDE=FY","FILING_STATUS=MR","SCALING_FORMAT=MLN","Sort=A","Dates=H","DateFormat=P","Fill=—","Direction=H","UseDPDF=Y") -> 12.075 | E16: =_xll.BDH("ALGEV FP Equity","INVTRY_FINISHED_GOODS","FY 2012","FY 2012","Currency=EUR","Period=FY","BEST_FPERIOD_OVERRIDE=FY","FILING_STATUS=MR","SCALING_FORMAT=MLN","Sort=A","Dates=H","DateFormat=P","Fill=—","Direction=H","UseDPDF=Y") -> 13.593 | F16: =_xll.BDH("ALGEV FP Equity","INVTRY_FINISHED_GOODS","FY 2013","FY 2013","Currency=EUR","Period=FY","BEST_FPERIOD_OVERRIDE=FY","FILING_STATUS=MR","SCALING_FORMAT=MLN","Sort=A","Dates=H","DateFormat=P","Fill=—","Direction=H","UseDPDF=Y") -> 1.865 | G16: =_xll.BDH("ALGEV FP Equity","INVTRY_FINISHED_GOODS","FY 2014","FY 2014","Currency=EUR","Period=FY","BEST_FPERIOD_OVERRIDE=FY","FILING_STATUS=MR","SCALING_FORMAT=MLN","Sort=A","Dates=H","DateFormat=P","Fill=—","Direction=H","UseDPDF=Y") -> 10.11 | H16: =_xll.BDH("ALGEV FP Equity","INVTRY_FINISHED_GOODS","FY 2015","FY 2015","Currency=EUR","Period=FY","BEST_FPERIOD_OVERRIDE=FY","FILING_STATUS=MR","SCALING_FORMAT=MLN","Sort=A","Dates=H","DateFormat=P","Fill=—","Direction=H","UseDPDF=Y") -> 7.926 | I16: =_xll.BDH("ALGEV FP Equity","INVTRY_FINISHED_GOODS","FY 2016","FY 2016","Currency=EUR","Period=FY","BEST_FPERIOD_OVERRIDE=FY","FILING_STATUS=MR","SCALING_FORMAT=MLN","Sort=A","Dates=H","DateFormat=P","Fill=—","Direction=H","UseDPDF=Y") -> 14.629 | J16: =_xll.BDH("ALGEV FP Equity","INVTRY_FINISHED_GOODS","FY 2017","FY 2017","Currency=EUR","Period=FY","BEST_FPERIOD_OVERRIDE=FY","FILING_STATUS=MR","SCALING_FORMAT=MLN","Sort=A","Dates=H","DateFormat=P","Fill=—","Direction=H","UseDPDF=Y") -> 12.043 | K16: =_xll.BDH("ALGEV FP Equity","INVTRY_FINISHED_GOODS","FY 2018","FY 2018","Currency=EUR","Period=FY","BEST_FPERIOD_OVERRIDE=FY","FILING_STATUS=MR","SCALING_FORMAT=MLN","Sort=A","Dates=H","DateFormat=P","Fill=—","Direction=H","UseDPDF=Y") -> 26.911 | L16: =_xll.BDH("ALGEV FP Equity","INVTRY_FINISHED_GOODS","FY 2019","FY 2019","Currency=EUR","Period=FY","BEST_FPERIOD_OVERRIDE=FY","FILING_STATUS=MR","SCALING_FORMAT=MLN","Sort=A","Dates=H","DateFormat=P","Fill=—","Direction=H","UseDPDF=Y") -> 33.646
A17: + Autres stocks | B17: BS_OTHER_INV | C17: =_xll.BDH("ALGEV FP Equity","BS_OTHER_INV","FY 2010","FY 2010","Currency=EUR","Period=FY","BEST_FPERIOD_OVERRIDE=FY","FILING_STATUS=MR","SCALING_FORMAT=MLN","Sort=A","Dates=H","DateFormat=P","Fill=—","Direction=H","UseDPDF=Y") -> 0 | D17: =_xll.BDH("ALGEV FP Equity","BS_OTHER_INV","FY 2011","FY 2011","Currency=EUR","Period=FY","BEST_FPERIOD_OVERRIDE=FY","FILING_STATUS=MR","SCALING_FORMAT=MLN","Sort=A","Dates=H","DateFormat=P","Fill=—","Direction=H","UseDPDF=Y") -> 0 | E17: =_xll.BDH("ALGEV FP Equity","BS_OTHER_INV","FY 2012","FY 2012","Currency=EUR","Period=FY","BEST_FPERIOD_OVERRIDE=FY","FILING_STATUS=MR","SCALING_FORMAT=MLN","Sort=A","Dates=H","DateFormat=P","Fill=—","Direction=H","UseDPDF=Y") -> -3.797 | F17: =_xll.BDH("ALGEV FP Equity","BS_OTHER_INV","FY 2013","FY 2013","Currency=EUR","Period=FY","BEST_FPERIOD_OVERRIDE=FY","FILING_STATUS=MR","SCALING_FORMAT=MLN","Sort=A","Dates=H","DateFormat=P","Fill=—","Direction=H","UseDPDF=Y") -> 11.928 | G17: =_xll.BDH("ALGEV FP Equity","BS_OTHER_INV","FY 2014","FY 2014","Currency=EUR","Period=FY","BEST_FPERIOD_OVERRIDE=FY","FILING_STATUS=MR","SCALING_FORMAT=MLN","Sort=A","Dates=H","DateFormat=P","Fill=—","Direction=H","UseDPDF=Y") -> 11.554 | H17: =_xll.BDH("ALGEV FP Equity","BS_OTHER_INV","FY 2015","FY 2015","Currency=EUR","Period=FY","BEST_FPERIOD_OVERRIDE=FY","FILING_STATUS=MR","SCALING_FORMAT=MLN","Sort=A","Dates=H","DateFormat=P","Fill=—","Direction=H","UseDPDF=Y") -> 10.954 | I17: =_xll.BDH("ALGEV FP Equity","BS_OTHER_INV","FY 2016","FY 2016","Currency=EUR","Period=FY","BEST_FPERIOD_OVERRIDE=FY","FILING_STATUS=MR","SCALING_FORMAT=MLN","Sort=A","Dates=H","DateFormat=P","Fill=—","Direction=H","UseDPDF=Y") -> 0 | J17: =_xll.BDH("ALGEV FP Equity","BS_OTHER_INV","FY 2017","FY 2017","Currency=EUR","Period=FY","BEST_FPERIOD_OVERRIDE=FY","FILING_STATUS=MR","SCALING_FORMAT=MLN","Sort=A","Dates=H","DateFormat=P","Fill=—","Direction=H","UseDPDF=Y") -> 0 | K17: =_xll.BDH("ALGEV FP Equity","BS_OTHER_INV","FY 2018","FY 2018","Currency=EUR","Period=FY","BEST_FPERIOD_OVERRIDE=FY","FILING_STATUS=MR","SCALING_FORMAT=MLN","Sort=A","Dates=H","DateFormat=P","Fill=—","Direction=H","UseDPDF=Y") -> -0.664 | L17: =_xll.BDH("ALGEV FP Equity","BS_OTHER_INV","FY 2019","FY 2019","Currency=EUR","Period=FY","BEST_FPERIOD_OVERRIDE=FY","FILING_STATUS=MR","SCALING_FORMAT=MLN","Sort=A","Dates=H","DateFormat=P","Fill=—","Direction=H","UseDPDF=Y") -> -0.484
A18: + Autres actifs CT | B18: OTHER_CURRENT_ASSETS_DETAILED | C18: =_xll.BDH("ALGEV FP Equity","OTHER_CURRENT_ASSETS_DETAILED","FY 2010","FY 2010","Currency=EUR","Period=FY","BEST_FPERIOD_OVERRIDE=FY","FILING_STATUS=MR","SCALING_FORMAT=MLN","Sort=A","Dates=H","DateFormat=P","Fill=—","Direction=H","UseDPDF=Y") -> 4.585 | D18: =_xll.BDH("ALGEV FP Equity","OTHER_CURRENT_ASSETS_DETAILED","FY 2011","FY 2011","Currency=EUR","Period=FY","BEST_FPERIOD_OVERRIDE=FY","FILING_STATUS=MR","SCALING_FORMAT=MLN","Sort=A","Dates=H","DateFormat=P","Fill=—","Direction=H","UseDPDF=Y") -> 9.583 | E18: =_xll.BDH("ALGEV FP Equity","OTHER_CURRENT_ASSETS_DETAILED","FY 2012","FY 2012","Currency=EUR","Period=FY","BEST_FPERIOD_OVERRIDE=FY","FILING_STATUS=MR","SCALING_FORMAT=MLN","Sort=A","Dates=H","DateFormat=P","Fill=—","Direction=H","UseDPDF=Y") -> 11.7 | F18: =_xll.BDH("ALGEV FP Equity","OTHER_CURRENT_ASSETS_DETAILED","FY 2013","FY 2013","Currency=EUR","Period=FY","BEST_FPERIOD_OVERRIDE=FY","FILING_STATUS=MR","SCALING_FORMAT=MLN","Sort=A","Dates=H","DateFormat=P","Fill=—","Direction=H","UseDPDF=Y") -> 22.968 | G18: =_xll.BDH("ALGEV FP Equity","OTHER_CURRENT_ASSETS_DETAILED","FY 2014","FY 2014","Currency=EUR","Period=FY","BEST_FPERIOD_OVERRIDE=FY","FILING_STATUS=MR","SCALING_FORMAT=MLN","Sort=A","Dates=H","DateFormat=P","Fill=—","Direction=H","UseDPDF=Y") -> 19.328 | H18: =_xll.BDH("ALGEV FP Equity","OTHER_CURRENT_ASSETS_DETAILED","FY 2015","FY 2015","Currency=EUR","Period=FY","BEST_FPERIOD_OVERRIDE=FY","FILING_STATUS=MR","SCALING_FORMAT=MLN","Sort=A","Dates=H","DateFormat=P","Fill=—","Direction=H","UseDPDF=Y") -> 39.348 | I18: =_xll.BDH("ALGEV FP Equity","OTHER_CURRENT_ASSETS_DETAILED","FY 2016","FY 2016","Currency=EUR","Period=FY","BEST_FPERIOD_OVERRIDE=FY","FILING_STATUS=MR","SCALING_FORMAT=MLN","Sort=A","Dates=H","DateFormat=P","Fill=—","Direction=H","UseDPDF=Y") -> 47.434 | J18: =_xll.BDH("ALGEV FP Equity","OTHER_CURRENT_ASSETS_DETAILED","FY 2017","FY 2017","Currency=EUR","Period=FY","BEST_FPERIOD_OVERRIDE=FY","FILING_STATUS=MR","SCALING_FORMAT=MLN","Sort=A","Dates=H","DateFormat=P","Fill=—","Direction=H","UseDPDF=Y") -> 72.455 | K18: =_xll.BDH("ALGEV FP Equity","OTHER_CURRENT_ASSETS_DETAILED","FY 2018","FY 2018","Currency=EUR","Period=FY","BEST_FPERIOD_OVERRIDE=FY","FILING_STATUS=MR","SCALING_FORMAT=MLN","Sort=A","Dates=H","DateFormat=P","Fill=—","Direction=H","UseDPDF=Y") -> 4.967 | L18: =_xll.BDH("ALGEV FP Equity","OTHER_CURRENT_ASSETS_DETAILED","FY 2019","FY 2019","Currency=EUR","Period=FY","BEST_FPERIOD_OVERRIDE=FY","FILING_STATUS=MR","SCALING_FORMAT=MLN","Sort=A","Dates=H","DateFormat=P","Fill=—","Direction=H","UseDPDF=Y") -> 3.718
A19: + Charges payées d'avance | B19: BS_PREPAY | C19: 0 | D19: 0 | E19: 0 | F19: 0 | G19: 0 | H19: 0 | I19: 0 | J19: 0 | K19: =_xll.BDH("ALGEV FP Equity","BS_PREPAY","FY 2018","FY 2018","Currency=EUR","Period=FY","BEST_FPERIOD_OVERRIDE=FY","FILING_STATUS=MR","SCALING_FORMAT=MLN","Sort=A","Dates=H","DateFormat=P","Fill=—","Direction=H","UseDPDF=Y") -> 0.119 | L19: =_xll.BDH("ALGEV FP Equity","BS_PREPAY","FY 2019","FY 2019","Currency=EUR","Period=FY","BEST_FPERIOD_OVERRIDE=FY","FILING_STATUS=MR","SCALING_FORMAT=MLN","Sort=A","Dates=H","DateFormat=P","Fill=—","Direction=H","UseDPDF=Y") -> 0.338
A20: + Actifs de dérivés et couverture | B20: BS_DERIV_&_HEDGING_ASSETS_ST | C20: 0 | D20: 0 | E20: 0 | F20: 0 | G20: 0 | H20: 0 | I20: =_xll.BDH("ALGEV FP Equity","BS_DERIV_&_HEDGING_ASSETS_ST","FY 2016","FY 2016","Currency=EUR","Period=FY","BEST_FPERIOD_OVERRIDE=FY","FILING_STATUS=MR","SCALING_FORMAT=MLN","Sort=A","Dates=H","DateFormat=P","Fill=—","Direction=H","UseDPDF=Y") -> 0 | J20: =_xll.BDH("ALGEV FP Equity","BS_DERIV_&_HEDGING_ASSETS_ST","FY 2017","FY 2017","Currency=EUR","Period=FY","BEST_FPERIOD_OVERRIDE=FY","FILING_STATUS=MR","SCALING_FORMAT=MLN","Sort=A","Dates=H","DateFormat=P","Fill=—","Direction=H","UseDPDF=Y") -> 0 | K20: =_xll.BDH("ALGEV FP Equity","BS_DERIV_&_HEDGING_ASSETS_ST","FY 2018","FY 2018","Currency=EUR","Period=FY","BEST_FPERIOD_OVERRIDE=FY","FILING_STATUS=MR","SCALING_FORMAT=MLN","Sort=A","Dates=H","DateFormat=P","Fill=—","Direction=H","UseDPDF=Y") -> 0 | L20: =_xll.BDH("ALGEV FP Equity","BS_DERIV_&_HEDGING_ASSETS_ST","FY 2019","FY 2019","Currency=EUR","Period=FY","BEST_FPERIOD_OVERRIDE=FY","FILING_STATUS=MR","SCALING_FORMAT=MLN","Sort=A","Dates=H","DateFormat=P","Fill=—","Direction=H","UseDPDF=Y") -> 0
A21: + Actifs détenus pour la vente | B21: BS_ASSETS_HELD_FOR_SALE_ST | C21: 0 | D21: 0 | E21: 0 | F21: 0 | G21: 0 | H21: 0 | I21: =_xll.BDH("ALGEV FP Equity","BS_ASSETS_HELD_FOR_SALE_ST","FY 2016","FY 2016","Currency=EUR","Period=FY","BEST_FPERIOD_OVERRIDE=FY","FILING_STATUS=MR","SCALING_FORMAT=MLN","Sort=A","Dates=H","DateFormat=P","Fill=—","Direction=H","UseDPDF=Y") -> 0 | J21: =_xll.BDH("ALGEV FP Equity","BS_ASSETS_HELD_FOR_SALE_ST","FY 2017","FY 2017","Currency=EUR","Period=FY","BEST_FPERIOD_OVERRIDE=FY","FILING_STATUS=MR","SCALING_FORMAT=MLN","Sort=A","Dates=H","DateFormat=P","Fill=—","Direction=H","UseDPDF=Y") -> 0 | K21: =_xll.BDH("ALGEV FP Equity","BS_ASSETS_HELD_FOR_SALE_ST","FY 2018","FY 2018","Currency=EUR","Period=FY","BEST_FPERIOD_OVERRIDE=FY","FILING_STATUS=MR","SCALING_FORMAT=MLN","Sort=A","Dates=H","DateFormat=P","Fill=—","Direction=H","UseDPDF=Y") -> 0 | L21: =_xll.BDH("ALGEV FP Equity","BS_ASSETS_HELD_FOR_SALE_ST","FY 2019","FY 2019","Currency=EUR","Period=FY","BEST_FPERIOD_OVERRIDE=FY","FILING_STATUS=MR","SCALING_FORMAT=MLN","Sort=A","Dates=H","DateFormat=P","Fill=—","Direction=H","UseDPDF=Y") -> 0
A22: + Actifs fiscaux différés | B22: BS_DEFERRED_TAX_ASSETS_ST | C22: 0 | D22: 0 | E22: 0 | F22: 0 | G22: 0 | H22: 0 | I22: 0 | J22: 0 | K22: =_xll.BDH("ALGEV FP Equity","BS_DEFERRED_TAX_ASSETS_ST","FY 2018","FY 2018","Currency=EUR","Period=FY","BEST_FPERIOD_OVERRIDE=FY","FILING_STATUS=MR","SCALING_FORMAT=MLN","Sort=A","Dates=H","DateFormat=P","Fill=—","Direction=H","UseDPDF=Y") -> 1.511 | L22: =_xll.BDH("ALGEV FP Equity","BS_DEFERRED_TAX_ASSETS_ST","FY 2019","FY 2019","Currency=EUR","Period=FY","BEST_FPERIOD_OVERRIDE=FY","FILING_STATUS=MR","SCALING_FORMAT=MLN","Sort=A","Dates=H","DateFormat=P","Fill=—","Direction=H","UseDPDF=Y") -> 1.404
A23: + Impôts à recevoir | B23: BS_TAXES_RECEIVABLE_SHORT_TERM | C23: 0 | D23: 0 | E23: 0 | F23: 0 | G23: 0 | H23: 0 | I23: =_xll.BDH("ALGEV FP Equity","BS_TAXES_RECEIVABLE_SHORT_TERM","FY 2016","FY 2016","Currency=EUR","Period=FY","BEST_FPERIOD_OVERRIDE=FY","FILING_STATUS=MR","SCALING_FORMAT=MLN","Sort=A","Dates=H","DateFormat=P","Fill=—","Direction=H","UseDPDF=Y") -> 0.046 | J23: =_xll.BDH("ALGEV FP Equity","BS_TAXES_RECEIVABLE_SHORT_TERM","FY 2017","FY 2017","Currency=EUR","Period=FY","BEST_FPERIOD_OVERRIDE=FY","FILING_STATUS=MR","SCALING_FORMAT=MLN","Sort=A","Dates=H","DateFormat=P","Fill=—","Direction=H","UseDPDF=Y") -> 0 | K23: =_xll.BDH("ALGEV FP Equity","BS_TAXES_RECEIVABLE_SHORT_TERM","FY 2018","FY 2018","Currency=EUR","Period=FY","BEST_FPERIOD_OVERRIDE=FY","FILING_STATUS=MR","SCALING_FORMAT=MLN","Sort=A","Dates=H","DateFormat=P","Fill=—","Direction=H","UseDPDF=Y") -> 1.195 | L23: =_xll.BDH("ALGEV FP Equity","BS_TAXES_RECEIVABLE_SHORT_TERM","FY 2019","FY 2019","Currency=EUR","Period=FY","BEST_FPERIOD_OVERRIDE=FY","FILING_STATUS=MR","SCALING_FORMAT=MLN","Sort=A","Dates=H","DateFormat=P","Fill=—","Direction=H","UseDPDF=Y") -> 0.435
A24: + Divers actifs CT | B24: BS_OTHER_CUR_ASSET_LESS_PREPAY | C24: 0 | D24: 0 | E24: 0 | F24: 0 | G24: 0 | H24: 0 | I24: =_xll.BDH("ALGEV FP Equity","BS_OTHER_CUR_ASSET_LESS_PREPAY","FY 2016","FY 2016","Currency=EUR","Period=FY","BEST_FPERIOD_OVERRIDE=FY","FILING_STATUS=MR","SCALING_FORMAT=MLN","Sort=A","Dates=H","DateFormat=P","Fill=—","Direction=H","UseDPDF=Y") -> 47.388 | J24: =_xll.BDH("ALGEV FP Equity","BS_OTHER_CUR_ASSET_LESS_PREPAY","FY 2017","FY 2017","Currency=EUR","Period=FY","BEST_FPERIOD_OVERRIDE=FY","FILING_STATUS=MR","SCALING_FORMAT=MLN","Sort=A","Dates=H","DateFormat=P","Fill=—","Direction=H","UseDPDF=Y") -> 72.455 | K24: =_xll.BDH("ALGEV FP Equity","BS_OTHER_CUR_ASSET_LESS_PREPAY","FY 2018","FY 2018","Currency=EUR","Period=FY","BEST_FPERIOD_OVERRIDE=FY","FILING_STATUS=MR","SCALING_FORMAT=MLN","Sort=A","Dates=H","DateFormat=P","Fill=—","Direction=H","UseDPDF=Y") -> 2.142 | L24: =_xll.BDH("ALGEV FP Equity","BS_OTHER_CUR_ASSET_LESS_PREPAY","FY 2019","FY 2019","Currency=EUR","Period=FY","BEST_FPERIOD_OVERRIDE=FY","FILING_STATUS=MR","SCALING_FORMAT=MLN","Sort=A","Dates=H","DateFormat=P","Fill=—","Direction=H","UseDPDF=Y") -> 1.541
A25: Total des actifs court terme | B25: BS_CUR_ASSET_REPORT | C25: =_xll.BDH("ALGEV FP Equity","BS_CUR_ASSET_REPORT","FY 2010","FY 2010","Currency=EUR","Period=FY","BEST_FPERIOD_OVERRIDE=FY","FILING_STATUS=MR","SCALING_FORMAT=MLN","Sort=A","Dates=H","DateFormat=P","Fill=—","Direction=H","UseDPDF=Y") -> 104.26 | D25: =_xll.BDH("ALGEV FP Equity","BS_CUR_ASSET_REPORT","FY 2011","FY 2011","Currency=EUR","Period=FY","BEST_FPERIOD_OVERRIDE=FY","FILING_STATUS=MR","SCALING_FORMAT=MLN","Sort=A","Dates=H","DateFormat=P","Fill=—","Direction=H","UseDPDF=Y") -> 118.271 | E25: =_xll.BDH("ALGEV FP Equity","BS_CUR_ASSET_REPORT","FY 2012","FY 2012","Currency=EUR","Period=FY","BEST_FPERIOD_OVERRIDE=FY","FILING_STATUS=MR","SCALING_FORMAT=MLN","Sort=A","Dates=H","DateFormat=P","Fill=—","Direction=H","UseDPDF=Y") -> 119.06 | F25: =_xll.BDH("ALGEV FP Equity","BS_CUR_ASSET_REPORT","FY 2013","FY 2013","Currency=EUR","Period=FY","BEST_FPERIOD_OVERRIDE=FY","FILING_STATUS=MR","SCALING_FORMAT=MLN","Sort=A","Dates=H","DateFormat=P","Fill=—","Direction=H","UseDPDF=Y") -> 151.588 | G25: =_xll.BDH("ALGEV FP Equity","BS_CUR_ASSET_REPORT","FY 2014","FY 2014","Currency=EUR","Period=FY","BEST_FPERIOD_OVERRIDE=FY","FILING_STATUS=MR","SCALING_FORMAT=MLN","Sort=A","Dates=H","DateFormat=P","Fill=—","Direction=H","UseDPDF=Y") -> 254.348 | H25: =_xll.BDH("ALGEV FP Equity","BS_CUR_ASSET_REPORT","FY 2015","FY 2015","Currency=EUR","Period=FY","BEST_FPERIOD_OVERRIDE=FY","FILING_STATUS=MR","SCALING_FORMAT=MLN","Sort=A","Dates=H","DateFormat=P","Fill=—","Direction=H","UseDPDF=Y") -> 238.529 | I25: =_xll.BDH("ALGEV FP Equity","BS_CUR_ASSET_REPORT","FY 2016","FY 2016","Currency=EUR","Period=FY","BEST_FPERIOD_OVERRIDE=FY","FILING_STATUS=MR","SCALING_FORMAT=MLN","Sort=A","Dates=H","DateFormat=P","Fill=—","Direction=H","UseDPDF=Y") -> 268.888 | J25: =_xll.BDH("ALGEV FP Equity","BS_CUR_ASSET_REPORT","FY 2017","FY 2017","Currency=EUR","Period=FY","BEST_FPERIOD_OVERRIDE=FY","FILING_STATUS=MR","SCALING_FORMAT=MLN","Sort=A","Dates=H","DateFormat=P","Fill=—","Direction=H","UseDPDF=Y") -> 254.216 | K25: =_xll.BDH("ALGEV FP Equity","BS_CUR_ASSET_REPORT","FY 2018","FY 2018","Currency=EUR","Period=FY","BEST_FPERIOD_OVERRIDE=FY","FILING_STATUS=MR","SCALING_FORMAT=MLN","Sort=A","Dates=H","DateFormat=P","Fill=—","Direction=H","UseDPDF=Y") -> 244.442 | L25: =_xll.BDH("ALGEV FP Equity","BS_CUR_ASSET_REPORT","FY 2019","FY 2019","Currency=EUR","Period=FY","BEST_FPERIOD_OVERRIDE=FY","FILING_STATUS=MR","SCALING_FORMAT=MLN","Sort=A","Dates=H","DateFormat=P","Fill=—","Direction=H","UseDPDF=Y") -> 243.504
A26: + Propriétés, usines et équipements - Net | B26: BS_NET_FIX_ASSET | C26: =_xll.BDH("ALGEV FP Equity","BS_NET_FIX_ASSET","FY 2010","FY 2010","Currency=EUR","Period=FY","BEST_FPERIOD_OVERRIDE=FY","FILING_STATUS=MR","SCALING_FORMAT=MLN","Sort=A","Dates=H","DateFormat=P","Fill=—","Direction=H","UseDPDF=Y") -> 87.702 | D26: =_xll.BDH("ALGEV FP Equity","BS_NET_FIX_ASSET","FY 2011","FY 2011","Currency=EUR","Period=FY","BEST_FPERIOD_OVERRIDE=FY","FILING_STATUS=MR","SCALING_FORMAT=MLN","Sort=A","Dates=H","DateFormat=P","Fill=—","Direction=H","UseDPDF=Y") -> 84.855 | E26: =_xll.BDH("ALGEV FP Equity","BS_NET_FIX_ASSET","FY 2012","FY 2012","Currency=EUR","Period=FY","BEST_FPERIOD_OVERRIDE=FY","FILING_STATUS=MR","SCALING_FORMAT=MLN","Sort=A","Dates=H","DateFormat=P","Fill=—","Direction=H","UseDPDF=Y") -> 65.99 | F26: =_xll.BDH("ALGEV FP Equity","BS_NET_FIX_ASSET","FY 2013","FY 2013","Currency=EUR","Period=FY","BEST_FPERIOD_OVERRIDE=FY","FILING_STATUS=MR","SCALING_FORMAT=MLN","Sort=A","Dates=H","DateFormat=P","Fill=—","Direction=H","UseDPDF=Y") -> 64.181 | G26: =_xll.BDH("ALGEV FP Equity","BS_NET_FIX_ASSET","FY 2014","FY 2014","Currency=EUR","Period=FY","BEST_FPERIOD_OVERRIDE=FY","FILING_STATUS=MR","SCALING_FORMAT=MLN","Sort=A","Dates=H","DateFormat=P","Fill=—","Direction=H","UseDPDF=Y") -> 75.581 | H26: =_xll.BDH("ALGEV FP Equity","BS_NET_FIX_ASSET","FY 2015","FY 2015","Currency=EUR","Period=FY","BEST_FPERIOD_OVERRIDE=FY","FILING_STATUS=MR","SCALING_FORMAT=MLN","Sort=A","Dates=H","DateFormat=P","Fill=—","Direction=H","UseDPDF=Y") -> 79.209 | I26: =_xll.BDH("ALGEV FP Equity","BS_NET_FIX_ASSET","FY 2016","FY 2016","Currency=EUR","Period=FY","BEST_FPERIOD_OVERRIDE=FY","FILING_STATUS=MR","SCALING_FORMAT=MLN","Sort=A","Dates=H","DateFormat=P","Fill=—","Direction=H","UseDPDF=Y") -> 72.927 | J26: =_xll.BDH("ALGEV FP Equity","BS_NET_FIX_ASSET","FY 2017","FY 2017","Currency=EUR","Period=FY","BEST_FPERIOD_OVERRIDE=FY","FILING_STATUS=MR","SCALING_FORMAT=MLN","Sort=A","Dates=H","DateFormat=P","Fill=—","Direction=H","UseDPDF=Y") -> 32.993 | K26: =_xll.BDH("ALGEV FP Equity","BS_NET_FIX_ASSET","FY 2018","FY 2018","Currency=EUR","Period=FY","BEST_FPERIOD_OVERRIDE=FY","FILING_STATUS=MR","SCALING_FORMAT=MLN","Sort=A","Dates=H","DateFormat=P","Fill=—","Direction=H","UseDPDF=Y") -> 32.612 | L26: =_xll.BDH("ALGEV FP Equity","BS_NET_FIX_ASSET","FY 2019","FY 2019","Currency=EUR","Period=FY","BEST_FPERIOD_OVERRIDE=FY","FILING_STATUS=MR","SCALING_FORMAT=MLN","Sort=A","Dates=H","DateFormat=P","Fill=—","Direction=H","UseDPDF=Y") -> 40.449
A27: + Pptés, usines et équipmt | B27: BS_GROSS_FIX_ASSET | C27: =_xll.BDH("ALGEV FP Equity","BS_GROSS_FIX_ASSET","FY 2010","FY 2010","Currency=EUR","Period=FY","BEST_FPERIOD_OVERRIDE=FY","FILING_STATUS=MR","SCALING_FORMAT=MLN","Sort=A","Dates=H","DateFormat=P","Fill=—","Direction=H","UseDPDF=Y") -> 235.339 | D27: =_xll.BDH("ALGEV FP Equity","BS_GROSS_FIX_ASSET","FY 2011","FY 2011","Currency=EUR","Period=FY","BEST_FPERIOD_OVERRIDE=FY","FILING_STATUS=MR","SCALING_FORMAT=MLN","Sort=A","Dates=H","DateFormat=P","Fill=—","Direction=H","UseDPDF=Y") -> 238.537 | E27: =_xll.BDH("ALGEV FP Equity","BS_GROSS_FIX_ASSET","FY 2012","FY 2012","Currency=EUR","Period=FY","BEST_FPERIOD_OVERRIDE=FY","FILING_STATUS=MR","SCALING_FORMAT=MLN","Sort=A","Dates=H","DateFormat=P","Fill=—","Direction=H","UseDPDF=Y") -> 245.232 | F27: =_xll.BDH("ALGEV FP Equity","BS_GROSS_FIX_ASSET","FY 2013","FY 2013","Currency=EUR","Period=FY","BEST_FPERIOD_OVERRIDE=FY","FILING_STATUS=MR","SCALING_FORMAT=MLN","Sort=A","Dates=H","DateFormat=P","Fill=—","Direction=H","UseDPDF=Y") -> 251.757 | G27: =_xll.BDH("ALGEV FP Equity","BS_GROSS_FIX_ASSET","FY 2014","FY 2014","Currency=EUR","Period=FY","BEST_FPERIOD_OVERRIDE=FY","FILING_STATUS=MR","SCALING_FORMAT=MLN","Sort=A","Dates=H","DateFormat=P","Fill=—","Direction=H","UseDPDF=Y") -> 258.919 | H27: =_xll.BDH("ALGEV FP Equity","BS_GROSS_FIX_ASSET","FY 2015","FY 2015","Currency=EUR","Period=FY","BEST_FPERIOD_OVERRIDE=FY","FILING_STATUS=MR","SCALING_FORMAT=MLN","Sort=A","Dates=H","DateFormat=P","Fill=—","Direction=H","UseDPDF=Y") -> 269.484 | I27: =_xll.BDH("ALGEV FP Equity","BS_GROSS_FIX_ASSET","FY 2016","FY 2016","Currency=EUR","Period=FY","BEST_FPERIOD_OVERRIDE=FY","FILING_STATUS=MR","SCALING_FORMAT=MLN","Sort=A","Dates=H","DateFormat=P","Fill=—","Direction=H","UseDPDF=Y") -> 279.073 | J27: =_xll.BDH("ALGEV FP Equity","BS_GROSS_FIX_ASSET","FY 2017","FY 2017","Currency=EUR","Period=FY","BEST_FPERIOD_OVERRIDE=FY","FILING_STATUS=MR","SCALING_FORMAT=MLN","Sort=A","Dates=H","DateFormat=P","Fill=—","Direction=H","UseDPDF=Y") -> 60.338 | K27: =_xll.BDH("ALGEV FP Equity","BS_GROSS_FIX_ASSET","FY 2018","FY 2018","Currency=EUR","Period=FY","BEST_FPERIOD_OVERRIDE=FY","FILING_STATUS=MR","SCALING_FORMAT=MLN","Sort=A","Dates=H","DateFormat=P","Fill=—","Direction=H","UseDPDF=Y") -> 61.698 | L27: =_xll.BDH("ALGEV FP Equity","BS_GROSS_FIX_ASSET","FY 2019","FY 2019","Currency=EUR","Period=FY","BEST_FPERIOD_OVERRIDE=FY","FILING_STATUS=MR","SCALING_FORMAT=MLN","Sort=A","Dates=H","DateFormat=P","Fill=—","Direction=H","UseDPDF=Y") -> 76.282
A28: - Amortissements cumulés | B28: BS_ACCUM_DEPR | C28: =_xll.BDH("ALGEV FP Equity","BS_ACCUM_DEPR","FY 2010","FY 2010","Currency=EUR","Period=FY","BEST_FPERIOD_OVERRIDE=FY","FILING_STATUS=MR","SCALING_FORMAT=MLN","Sort=A","Dates=H","DateFormat=P","Fill=—","Direction=H","UseDPDF=Y") -> 147.637 | D28: =_xll.BDH("ALGEV FP Equity","BS_ACCUM_DEPR","FY 2011","FY 2011","Currency=EUR","Period=FY","BEST_FPERIOD_OVERRIDE=FY","FILING_STATUS=MR","SCALING_FORMAT=MLN","Sort=A","Dates=H","DateFormat=P","Fill=—","Direction=H","UseDPDF=Y") -> 153.682 | E28: =_xll.BDH("ALGEV FP Equity","BS_ACCUM_DEPR","FY 2012","FY 2012","Currency=EUR","Period=FY","BEST_FPERIOD_OVERRIDE=FY","FILING_STATUS=MR","SCALING_FORMAT=MLN","Sort=A","Dates=H","DateFormat=P","Fill=—","Direction=H","UseDPDF=Y") -> 179.242 | F28: =_xll.BDH("ALGEV FP Equity","BS_ACCUM_DEPR","FY 2013","FY 2013","Currency=EUR","Period=FY","BEST_FPERIOD_OVERRIDE=FY","FILING_STATUS=MR","SCALING_FORMAT=MLN","Sort=A","Dates=H","DateFormat=P","Fill=—","Direction=H","UseDPDF=Y") -> 187.576 | G28: =_xll.BDH("ALGEV FP Equity","BS_ACCUM_DEPR","FY 2014","FY 2014","Currency=EUR","Period=FY","BEST_FPERIOD_OVERRIDE=FY","FILING_STATUS=MR","SCALING_FORMAT=MLN","Sort=A","Dates=H","DateFormat=P","Fill=—","Direction=H","UseDPDF=Y") -> 183.338 | H28: =_xll.BDH("ALGEV FP Equity","BS_ACCUM_DEPR","FY 2015","FY 2015","Currency=EUR","Period=FY","BEST_FPERIOD_OVERRIDE=FY","FILING_STATUS=MR","SCALING_FORMAT=MLN","Sort=A","Dates=H","DateFormat=P","Fill=—","Direction=H","UseDPDF=Y") -> 190.275 | I28: =_xll.BDH("ALGEV FP Equity","BS_ACCUM_DEPR","FY 2016","FY 2016","Currency=EUR","Period=FY","BEST_FPERIOD_OVERRIDE=FY","FILING_STATUS=MR","SCALING_FORMAT=MLN","Sort=A","Dates=H","DateFormat=P","Fill=—","Direction=H","UseDPDF=Y") -> 206.146 | J28: =_xll.BDH("ALGEV FP Equity","BS_ACCUM_DEPR","FY 2017","FY 2017","Currency=EUR","Period=FY","BEST_FPERIOD_OVERRIDE=FY","FILING_STATUS=MR","SCALING_FORMAT=MLN","Sort=A","Dates=H","DateFormat=P","Fill=—","Direction=H","UseDPDF=Y") -> 27.345 | K28: =_xll.BDH("ALGEV FP Equity","BS_ACCUM_DEPR","FY 2018","FY 2018","Currency=EUR","Period=FY","BEST_FPERIOD_OVERRIDE=FY","FILING_STATUS=MR","SCALING_FORMAT=MLN","Sort=A","Dates=H","DateFormat=P","Fill=—","Direction=H","UseDPDF=Y") -> 29.086 | L28: =_xll.BDH("ALGEV FP Equity","BS_ACCUM_DEPR","FY 2019","FY 2019","Currency=EUR","Period=FY","BEST_FPERIOD_OVERRIDE=FY","FILING_STATUS=MR","SCALING_FORMAT=MLN","Sort=A","Dates=H","DateFormat=P","Fill=—","Direction=H","UseDPDF=Y") -> 35.833
A29: + Investissements et comptes clients LT | B29: BS_LT_INVEST | C29: =_xll.BDH("ALGEV FP Equity","BS_LT_INVEST","FY 2010","FY 2010","Currency=EUR","Period=FY","BEST_FPERIOD_OVERRIDE=FY","FILING_STATUS=MR","SCALING_FORMAT=MLN","Sort=A","Dates=H","DateFormat=P","Fill=—","Direction=H","UseDPDF=Y") -> 1.392 | D29: =_xll.BDH("ALGEV FP Equity","BS_LT_INVEST","FY 2011","FY 2011","Currency=EUR","Period=FY","BEST_FPERIOD_OVERRIDE=FY","FILING_STATUS=MR","SCALING_FORMAT=MLN","Sort=A","Dates=H","DateFormat=P","Fill=—","Direction=H","UseDPDF=Y") -> 1.292 | E29: =_xll.BDH("ALGEV FP Equity","BS_LT_INVEST","FY 2012","FY 2012","Currency=EUR","Period=FY","BEST_FPERIOD_OVERRIDE=FY","FILING_STATUS=MR","SCALING_FORMAT=MLN","Sort=A","Dates=H","DateFormat=P","Fill=—","Direction=H","UseDPDF=Y") -> 1.482 | F29: =_xll.BDH("ALGEV FP Equity","BS_LT_INVEST","FY 2013","FY 2013","Currency=EUR","Period=FY","BEST_FPERIOD_OVERRIDE=FY","FILING_STATUS=MR","SCALING_FORMAT=MLN","Sort=A","Dates=H","DateFormat=P","Fill=—","Direction=H","UseDPDF=Y") -> 1.632 | G29: =_xll.BDH("ALGEV FP Equity","BS_LT_INVEST","FY 2014","FY 2014","Currency=EUR","Period=FY","BEST_FPERIOD_OVERRIDE=FY","FILING_STATUS=MR","SCALING_FORMAT=MLN","Sort=A","Dates=H","DateFormat=P","Fill=—","Direction=H","UseDPDF=Y") -> 1.661 | H29: =_xll.BDH("ALGEV FP Equity","BS_LT_INVEST","FY 2015","FY 2015","Currency=EUR","Period=FY","BEST_FPERIOD_OVERRIDE=FY","FILING_STATUS=MR","SCALING_FORMAT=MLN","Sort=A","Dates=H","DateFormat=P","Fill=—","Direction=H","UseDPDF=Y") -> 1.534 | I29: =_xll.BDH("ALGEV FP Equity","BS_LT_INVEST","FY 2016","FY 2016","Currency=EUR","Period=FY","BEST_FPERIOD_OVERRIDE=FY","FILING_STATUS=MR","SCALING_FORMAT=MLN","Sort=A","Dates=H","DateFormat=P","Fill=—","Direction=H","UseDPDF=Y") -> 1.492 | J29: =_xll.BDH("ALGEV FP Equity","BS_LT_INVEST","FY 2017","FY 2017","Currency=EUR","Period=FY","BEST_FPERIOD_OVERRIDE=FY","FILING_STATUS=MR","SCALING_FORMAT=MLN","Sort=A","Dates=H","DateFormat=P","Fill=—","Direction=H","UseDPDF=Y") -> 0.449 | K29: =_xll.BDH("ALGEV FP Equity","BS_LT_INVEST","FY 2018","FY 2018","Currency=EUR","Period=FY","BEST_FPERIOD_OVERRIDE=FY","FILING_STATUS=MR","SCALING_FORMAT=MLN","Sort=A","Dates=H","DateFormat=P","Fill=—","Direction=H","UseDPDF=Y") -> 0.42 | L29: =_xll.BDH("ALGEV FP Equity","BS_LT_INVEST","FY 2019","FY 2019","Currency=EUR","Period=FY","BEST_FPERIOD_OVERRIDE=FY","FILING_STATUS=MR","SCALING_FORMAT=MLN","Sort=A","Dates=H","DateFormat=P","Fill=—","Direction=H","UseDPDF=Y") -> 0.486
A30: + Investissements LT | B30: BS_LONG_TERM_INVESTMENTS | C30: 0 | D30: 0 | E30: 0 | F30: 0 | G30: 0 | H30: 0 | I30: =_xll.BDH("ALGEV FP Equity","BS_LONG_TERM_INVESTMENTS","FY 2016","FY 2016","Currency=EUR","Period=FY","BEST_FPERIOD_OVERRIDE=FY","FILING_STATUS=MR","SCALING_FORMAT=MLN","Sort=A","Dates=H","DateFormat=P","Fill=—","Direction=H","UseDPDF=Y") -> 1.184 | J30: =_xll.BDH("ALGEV FP Equity","BS_LONG_TERM_INVESTMENTS","FY 2017","FY 2017","Currency=EUR","Period=FY","BEST_FPERIOD_OVERRIDE=FY","FILING_STATUS=MR","SCALING_FORMAT=MLN","Sort=A","Dates=H","DateFormat=P","Fill=—","Direction=H","UseDPDF=Y") -> 0.26 | K30: =_xll.BDH("ALGEV FP Equity","BS_LONG_TERM_INVESTMENTS","FY 2018","FY 2018","Currency=EUR","Period=FY","BEST_FPERIOD_OVERRIDE=FY","FILING_STATUS=MR","SCALING_FORMAT=MLN","Sort=A","Dates=H","DateFormat=P","Fill=—","Direction=H","UseDPDF=Y") -> 0.252 | L30: =_xll.BDH("ALGEV FP Equity","BS_LONG_TERM_INVESTMENTS","FY 2019","FY 2019","Currency=EUR","Period=FY","BEST_FPERIOD_OVERRIDE=FY","FILING_STATUS=MR","SCALING_FORMAT=MLN","Sort=A","Dates=H","DateFormat=P","Fill=—","Direction=H","UseDPDF=Y") -> 0.336
A31: + Comptes clients LT | B31: BS_LT_RECEIVABLES | C31: 0 | D31: 0 | E31: 0 | F31: 0 | G31: 0 | H31: 0 | I31: =_xll.BDH("ALGEV FP Equity","BS_LT_RECEIVABLES","FY 2016","FY 2016","Currency=EUR","Period=FY","BEST_FPERIOD_OVERRIDE=FY","FILING_STATUS=MR","SCALING_FORMAT=MLN","Sort=A","Dates=H","DateFormat=P","Fill=—","Direction=H","UseDPDF=Y") -> 0.308 | J31: =_xll.BDH("ALGEV FP Equity","BS_LT_RECEIVABLES","FY 2017","FY 2017","Currency=EUR","Period=FY","BEST_FPERIOD_OVERRIDE=FY","FILING_STATUS=MR","SCALING_FORMAT=MLN","Sort=A","Dates=H","DateFormat=P","Fill=—","Direction=H","UseDPDF=Y") -> 0.189 | K31: =_xll.BDH("ALGEV FP Equity","BS_LT_RECEIVABLES","FY 2018","FY 2018","Currency=EUR","Period=FY","BEST_FPERIOD_OVERRIDE=FY","FILING_STATUS=MR","SCALING_FORMAT=MLN","Sort=A","Dates=H","DateFormat=P","Fill=—","Direction=H","UseDPDF=Y") -> 0.168 | L31: =_xll.BDH("ALGEV FP Equity","BS_LT_RECEIVABLES","FY 2019","FY 2019","Currency=EUR","Period=FY","BEST_FPERIOD_OVERRIDE=FY","FILING_STATUS=MR","SCALING_FORMAT=MLN","Sort=A","Dates=H","DateFormat=P","Fill=—","Direction=H","UseDPDF=Y") -> 0.15
A32: + Autres actifs LT | B32: BS_OTHER_ASSETS_DEF_CHRG_OTHER | C32: =_xll.BDH("ALGEV FP Equity","BS_OTHER_ASSETS_DEF_CHRG_OTHER","FY 2010","FY 2010","Currency=EUR","Period=FY","BEST_FPERIOD_OVERRIDE=FY","FILING_STATUS=MR","SCALING_FORMAT=MLN","Sort=A","Dates=H","DateFormat=P","Fill=—","Direction=H","UseDPDF=Y") -> 15.191 | D32: =_xll.BDH("ALGEV FP Equity","BS_OTHER_ASSETS_DEF_CHRG_OTHER","FY 2011","FY 2011","Currency=EUR","Period=FY","BEST_FPERIOD_OVERRIDE=FY","FILING_STATUS=MR","SCALING_FORMAT=MLN","Sort=A","Dates=H","DateFormat=P","Fill=—","Direction=H","UseDPDF=Y") -> 20.173 | E32: =_xll.BDH("ALGEV FP Equity","BS_OTHER_ASSETS_DEF_CHRG_OTHER","FY 2012","FY 2012","Currency=EUR","Period=FY","BEST_FPERIOD_OVERRIDE=FY","FILING_STATUS=MR","SCALING_FORMAT=MLN","Sort=A","Dates=H","DateFormat=P","Fill=—","Direction=H","UseDPDF=Y") -> 16.2 | F32: =_xll.BDH("ALGEV FP Equity","BS_OTHER_ASSETS_DEF_CHRG_OTHER","FY 2013","FY 2013","Currency=EUR","Period=FY","BEST_FPERIOD_OVERRIDE=FY","FILING_STATUS=MR","SCALING_FORMAT=MLN","Sort=A","Dates=H","DateFormat=P","Fill=—","Direction=H","UseDPDF=Y") -> 5.8 | G32: =_xll.BDH("ALGEV FP Equity","BS_OTHER_ASSETS_DEF_CHRG_OTHER","FY 2014","FY 2014","Currency=EUR","Period=FY","BEST_FPERIOD_OVERRIDE=FY","FILING_STATUS=MR","SCALING_FORMAT=MLN","Sort=A","Dates=H","DateFormat=P","Fill=—","Direction=H","UseDPDF=Y") -> 9.831 | H32: =_xll.BDH("ALGEV FP Equity","BS_OTHER_ASSETS_DEF_CHRG_OTHER","FY 2015","FY 2015","Currency=EUR","Period=FY","BEST_FPERIOD_OVERRIDE=FY","FILING_STATUS=MR","SCALING_FORMAT=MLN","Sort=A","Dates=H","DateFormat=P","Fill=—","Direction=H","UseDPDF=Y") -> 5.435 | I32: =_xll.BDH("ALGEV FP Equity","BS_OTHER_ASSETS_DEF_CHRG_OTHER","FY 2016","FY 2016","Currency=EUR","Period=FY","BEST_FPERIOD_OVERRIDE=FY","FILING_STATUS=MR","SCALING_FORMAT=MLN","Sort=A","Dates=H","DateFormat=P","Fill=—","Direction=H","UseDPDF=Y") -> 8.459 | J32: =_xll.BDH("ALGEV FP Equity","BS_OTHER_ASSETS_DEF_CHRG_OTHER","FY 2017","FY 2017","Currency=EUR","Period=FY","BEST_FPERIOD_OVERRIDE=FY","FILING_STATUS=MR","SCALING_FORMAT=MLN","Sort=A","Dates=H","DateFormat=P","Fill=—","Direction=H","UseDPDF=Y") -> 3.313 | K32: =_xll.BDH("ALGEV FP Equity","BS_OTHER_ASSETS_DEF_CHRG_OTHER","FY 2018","FY 2018","Currency=EUR","Period=FY","BEST_FPERIOD_OVERRIDE=FY","FILING_STATUS=MR","SCALING_FORMAT=MLN","Sort=A","Dates=H","DateFormat=P","Fill=—","Direction=H","UseDPDF=Y") -> 3.072 | L32: =_xll.BDH("ALGEV FP Equity","BS_OTHER_ASSETS_DEF_CHRG_OTHER","FY 2019","FY 2019","Currency=EUR","Period=FY","BEST_FPERIOD_OVERRIDE=FY","FILING_STATUS=MR","SCALING_FORMAT=MLN","Sort=A","Dates=H","DateFormat=P","Fill=—","Direction=H","UseDPDF=Y") -> 11.928
A33: + Total des actifs incorporels | B33: BS_DISCLOSED_INTANGIBLES | C33: =_xll.BDH("ALGEV FP Equity","BS_DISCLOSED_INTANGIBLES","FY 2010","FY 2010","Currency=EUR","Period=FY","BEST_FPERIOD_OVERRIDE=FY","FILING_STATUS=MR","SCALING_FORMAT=MLN","Sort=A","Dates=H","DateFormat=P","Fill=—","Direction=H","UseDPDF=Y") -> 5.661 | D33: =_xll.BDH("ALGEV FP Equity","BS_DISCLOSED_INTANGIBLES","FY 2011","FY 2011","Currency=EUR","Period=FY","BEST_FPERIOD_OVERRIDE=FY","FILING_STATUS=MR","SCALING_FORMAT=MLN","Sort=A","Dates=H","DateFormat=P","Fill=—","Direction=H","UseDPDF=Y") -> 6.294 | E33: =_xll.BDH("ALGEV FP Equity","BS_DISCLOSED_INTANGIBLES","FY 2012","FY 2012","Currency=EUR","Period=FY","BEST_FPERIOD_OVERRIDE=FY","FILING_STATUS=MR","SCALING_FORMAT=MLN","Sort=A","Dates=H","DateFormat=P","Fill=—","Direction=H","UseDPDF=Y") -> 11.407 | F33: =_xll.BDH("ALGEV FP Equity","BS_DISCLOSED_INTANGIBLES","FY 2013","FY 2013","Currency=EUR","Period=FY","BEST_FPERIOD_OVERRIDE=FY","FILING_STATUS=MR","SCALING_FORMAT=MLN","Sort=A","Dates=H","DateFormat=P","Fill=—","Direction=H","UseDPDF=Y") -> 5.8 | G33: =_xll.BDH("ALGEV FP Equity","BS_DISCLOSED_INTANGIBLES","FY 2014","FY 2014","Currency=EUR","Period=FY","BEST_FPERIOD_OVERRIDE=FY","FILING_STATUS=MR","SCALING_FORMAT=MLN","Sort=A","Dates=H","DateFormat=P","Fill=—","Direction=H","UseDPDF=Y") -> 9.831 | H33: =_xll.BDH("ALGEV FP Equity","BS_DISCLOSED_INTANGIBLES","FY 2015","FY 2015","Currency=EUR","Period=FY","BEST_FPERIOD_OVERRIDE=FY","FILING_STATUS=MR","SCALING_FORMAT=MLN","Sort=A","Dates=H","DateFormat=P","Fill=—","Direction=H","UseDPDF=Y") -> 5.435 | I33: =_xll.BDH("ALGEV FP Equity","BS_DISCLOSED_INTANGIBLES","FY 2016","FY 2016","Currency=EUR","Period=FY","BEST_FPERIOD_OVERRIDE=FY","FILING_STATUS=MR","SCALING_FORMAT=MLN","Sort=A","Dates=H","DateFormat=P","Fill=—","Direction=H","UseDPDF=Y") -> 6.337 | J33: =_xll.BDH("ALGEV FP Equity","BS_DISCLOSED_INTANGIBLES","FY 2017","FY 2017","Currency=EUR","Period=FY","BEST_FPERIOD_OVERRIDE=FY","FILING_STATUS=MR","SCALING_FORMAT=MLN","Sort=A","Dates=H","DateFormat=P","Fill=—","Direction=H","UseDPDF=Y") -> 3.056 | K33: =_xll.BDH("ALGEV FP Equity","BS_DISCLOSED_INTANGIBLES","FY 2018","FY 2018","Currency=EUR","Period=FY","BEST_FPERIOD_OVERRIDE=FY","FILING_STATUS=MR","SCALING_FORMAT=MLN","Sort=A","Dates=H","DateFormat=P","Fill=—","Direction=H","UseDPDF=Y") -> 2.886 | L33: =_xll.BDH("ALGEV FP Equity","BS_DISCLOSED_INTANGIBLES","FY 2019","FY 2019","Currency=EUR","Period=FY","BEST_FPERIOD_OVERRIDE=FY","FILING_STATUS=MR","SCALING_FORMAT=MLN","Sort=A","Dates=H","DateFormat=P","Fill=—","Direction=H","UseDPDF=Y") -> 11.564
A34: + Goodwill | B34: BS_GOODWILL | C34: =_xll.BDH("ALGEV FP Equity","BS_GOODWILL","FY 2010","FY 2010","Currency=EUR","Period=FY","BEST_FPERIOD_OVERRIDE=FY","FILING_STATUS=MR","SCALING_FORMAT=MLN","Sort=A","Dates=H","DateFormat=P","Fill=—","Direction=H","UseDPDF=Y") -> 0.923 | D34: =_xll.BDH("ALGEV FP Equity","BS_GOODWILL","FY 2011","FY 2011","Currency=EUR","Period=FY","BEST_FPERIOD_OVERRIDE=FY","FILING_STATUS=MR","SCALING_FORMAT=MLN","Sort=A","Dates=H","DateFormat=P","Fill=—","Direction=H","UseDPDF=Y") -> 0.95 | E34: =_xll.BDH("ALGEV FP Equity","BS_GOODWILL","FY 2012","FY 2012","Currency=EUR","Period=FY","BEST_FPERIOD_OVERRIDE=FY","FILING_STATUS=MR","SCALING_FORMAT=MLN","Sort=A","Dates=H","DateFormat=P","Fill=—","Direction=H","UseDPDF=Y") -> 0.973 | F34: =_xll.BDH("ALGEV FP Equity","BS_GOODWILL","FY 2013","FY 2013","Currency=EUR","Period=FY","BEST_FPERIOD_OVERRIDE=FY","FILING_STATUS=MR","SCALING_FORMAT=MLN","Sort=A","Dates=H","DateFormat=P","Fill=—","Direction=H","UseDPDF=Y") -> 0.952 | G34: =_xll.BDH("ALGEV FP Equity","BS_GOODWILL","FY 2014","FY 2014","Currency=EUR","Period=FY","BEST_FPERIOD_OVERRIDE=FY","FILING_STATUS=MR","SCALING_FORMAT=MLN","Sort=A","Dates=H","DateFormat=P","Fill=—","Direction=H","UseDPDF=Y") -> 5.189 | H34: =_xll.BDH("ALGEV FP Equity","BS_GOODWILL","FY 2015","FY 2015","Currency=EUR","Period=FY","BEST_FPERIOD_OVERRIDE=FY","FILING_STATUS=MR","SCALING_FORMAT=MLN","Sort=A","Dates=H","DateFormat=P","Fill=—","Direction=H","UseDPDF=Y") -> 1.082 | I34: =_xll.BDH("ALGEV FP Equity","BS_GOODWILL","FY 2016","FY 2016","Currency=EUR","Period=FY","BEST_FPERIOD_OVERRIDE=FY","FILING_STATUS=MR","SCALING_FORMAT=MLN","Sort=A","Dates=H","DateFormat=P","Fill=—","Direction=H","UseDPDF=Y") -> 1.827 | J34: =_xll.BDH("ALGEV FP Equity","BS_GOODWILL","FY 2017","FY 2017","Currency=EUR","Period=FY","BEST_FPERIOD_OVERRIDE=FY","FILING_STATUS=MR","SCALING_FORMAT=MLN","Sort=A","Dates=H","DateFormat=P","Fill=—","Direction=H","UseDPDF=Y") -> 1.795 | K34: =_xll.BDH("ALGEV FP Equity","BS_GOODWILL","FY 2018","FY 2018","Currency=EUR","Period=FY","BEST_FPERIOD_OVERRIDE=FY","FILING_STATUS=MR","SCALING_FORMAT=MLN","Sort=A","Dates=H","DateFormat=P","Fill=—","Direction=H","UseDPDF=Y") -> 1.788 | L34: =_xll.BDH("ALGEV FP Equity","BS_GOODWILL","FY 2019","FY 2019","Currency=EUR","Period=FY","BEST_FPERIOD_OVERRIDE=FY","FILING_STATUS=MR","SCALING_FORMAT=MLN","Sort=A","Dates=H","DateFormat=P","Fill=—","Direction=H","UseDPDF=Y") -> 10.062
A35: + Autres immobilisations incorporelles | B35: OTHER_INTANGIBLE_ASSETS_DETAILED | C35: =_xll.BDH("ALGEV FP Equity","OTHER_INTANGIBLE_ASSETS_DETAILED","FY 2010","FY 2010","Currency=EUR","Period=FY","BEST_FPERIOD_OVERRIDE=FY","FILING_STATUS=MR","SCALING_FORMAT=MLN","Sort=A","Dates=H","DateFormat=P","Fill=—","Direction=H","UseDPDF=Y") -> 4.738 | D35: =_xll.BDH("ALGEV FP Equity","OTHER_INTANGIBLE_ASSETS_DETAILED","FY 2011","FY 2011","Currency=EUR","Period=FY","BEST_FPERIOD_OVERRIDE=FY","FILING_STATUS=MR","SCALING_FORMAT=MLN","Sort=A","Dates=H","DateFormat=P","Fill=—","Direction=H","UseDPDF=Y") -> 5.344 | E35: =_xll.BDH("ALGEV FP Equity","OTHER_INTANGIBLE_ASSETS_DETAILED","FY 2012","FY 2012","Currency=EUR","Period=FY","BEST_FPERIOD_OVERRIDE=FY","FILING_STATUS=MR","SCALING_FORMAT=MLN","Sort=A","Dates=H","DateFormat=P","Fill=—","Direction=H","UseDPDF=Y") -> 10.434 | F35: =_xll.BDH("ALGEV FP Equity","OTHER_INTANGIBLE_ASSETS_DETAILED","FY 2013","FY 2013","Currency=EUR","Period=FY","BEST_FPERIOD_OVERRIDE=FY","FILING_STATUS=MR","SCALING_FORMAT=MLN","Sort=A","Dates=H","DateFormat=P","Fill=—","Direction=H","UseDPDF=Y") -> 4.848 | G35: =_xll.BDH("ALGEV FP Equity","OTHER_INTANGIBLE_ASSETS_DETAILED","FY 2014","FY 2014","Currency=EUR","Period=FY","BEST_FPERIOD_OVERRIDE=FY","FILING_STATUS=MR","SCALING_FORMAT=MLN","Sort=A","Dates=H","DateFormat=P","Fill=—","Direction=H","UseDPDF=Y") -> 4.642 | H35: =_xll.BDH("ALGEV FP Equity","OTHER_INTANGIBLE_ASSETS_DETAILED","FY 2015","FY 2015","Currency=EUR","Period=FY","BEST_FPERIOD_OVERRIDE=FY","FILING_STATUS=MR","SCALING_FORMAT=MLN","Sort=A","Dates=H","DateFormat=P","Fill=—","Direction=H","UseDPDF=Y") -> 4.353 | I35: =_xll.BDH("ALGEV FP Equity","OTHER_INTANGIBLE_ASSETS_DETAILED","FY 2016","FY 2016","Currency=EUR","Period=FY","BEST_FPERIOD_OVERRIDE=FY","FILING_STATUS=MR","SCALING_FORMAT=MLN","Sort=A","Dates=H","DateFormat=P","Fill=—","Direction=H","UseDPDF=Y") -> 4.51 | J35: =_xll.BDH("ALGEV FP Equity","OTHER_INTANGIBLE_ASSETS_DETAILED","FY 2017","FY 2017","Currency=EUR","Period=FY","BEST_FPERIOD_OVERRIDE=FY","FILING_STATUS=MR","SCALING_FORMAT=MLN","Sort=A","Dates=H","DateFormat=P","Fill=—","Direction=H","UseDPDF=Y") -> 1.261 | K35: =_xll.BDH("ALGEV FP Equity","OTHER_INTANGIBLE_ASSETS_DETAILED","FY 2018","FY 2018","Currency=EUR","Period=FY","BEST_FPERIOD_OVERRIDE=FY","FILING_STATUS=MR","SCALING_FORMAT=MLN","Sort=A","Dates=H","DateFormat=P","Fill=—","Direction=H","UseDPDF=Y") -> 1.098 | L35: =_xll.BDH("ALGEV FP Equity","OTHER_INTANGIBLE_ASSETS_DETAILED","FY 2019","FY 2019","Currency=EUR","Period=FY","BEST_FPERIOD_OVERRIDE=FY","FILING_STATUS=MR","SCALING_FORMAT=MLN","Sort=A","Dates=H","DateFormat=P","Fill=—","Direction=H","UseDPDF=Y") -> 1.502
A36: + Actifs fiscaux différés | B36: BS_DEFERRED_TAX_ASSETS_LT | C36: 0 | D36: 0 | E36: 0 | F36: 0 | G36: 0 | H36: 0 | I36: =_xll.BDH("ALGEV FP Equity","BS_DEFERRED_TAX_ASSETS_LT","FY 2016","FY 2016","Currency=EUR","Period=FY","BEST_FPERIOD_OVERRIDE=FY","FILING_STATUS=MR","SCALING_FORMAT=MLN","Sort=A","Dates=H","DateFormat=P","Fill=—","Direction=H","UseDPDF=Y") -> 2.004 | J36: =_xll.BDH("ALGEV FP Equity","BS_DEFERRED_TAX_ASSETS_LT","FY 2017","FY 2017","Currency=EUR","Period=FY","BEST_FPERIOD_OVERRIDE=FY","FILING_STATUS=MR","SCALING_FORMAT=MLN","Sort=A","Dates=H","DateFormat=P","Fill=—","Direction=H","UseDPDF=Y") -> 0.181 | K36: =_xll.BDH("ALGEV FP Equity","BS_DEFERRED_TAX_ASSETS_LT","FY 2018","FY 2018","Currency=EUR","Period=FY","BEST_FPERIOD_OVERRIDE=FY","FILING_STATUS=MR","SCALING_FORMAT=MLN","Sort=A","Dates=H","DateFormat=P","Fill=—","Direction=H","UseDPDF=Y") -> 0.149 | L36: =_xll.BDH("ALGEV FP Equity","BS_DEFERRED_TAX_ASSETS_LT","FY 2019","FY 2019","Currency=EUR","Period=FY","BEST_FPERIOD_OVERRIDE=FY","FILING_STATUS=MR","SCALING_FORMAT=MLN","Sort=A","Dates=H","DateFormat=P","Fill=—","Direction=H","UseDPDF=Y") -> 0.287
A37: + Actifs de dérivés et couverture | B37: BS_DERIV_&_HEDGING_ASSETS_LT | C37: 0 | D37: 0 | E37: 0 | F37: 0 | G37: 0 | H37: 0 | I37: =_xll.BDH("ALGEV FP Equity","BS_DERIV_&_HEDGING_ASSETS_LT","FY 2016","FY 2016","Currency=EUR","Period=FY","BEST_FPERIOD_OVERRIDE=FY","FILING_STATUS=MR","SCALING_FORMAT=MLN","Sort=A","Dates=H","DateFormat=P","Fill=—","Direction=H","UseDPDF=Y") -> 0 | J37: =_xll.BDH("ALGEV FP Equity","BS_DERIV_&_HEDGING_ASSETS_LT","FY 2017","FY 2017","Currency=EUR","Period=FY","BEST_FPERIOD_OVERRIDE=FY","FILING_STATUS=MR","SCALING_FORMAT=MLN","Sort=A","Dates=H","DateFormat=P","Fill=—","Direction=H","UseDPDF=Y") -> 0 | K37: =_xll.BDH("ALGEV FP Equity","BS_DERIV_&_HEDGING_ASSETS_LT","FY 2018","FY 2018","Currency=EUR","Period=FY","BEST_FPERIOD_OVERRIDE=FY","FILING_STATUS=MR","SCALING_FORMAT=MLN","Sort=A","Dates=H","DateFormat=P","Fill=—","Direction=H","UseDPDF=Y") -> 0 | L37: =_xll.BDH("ALGEV FP Equity","BS_DERIV_&_HEDGING_ASSETS_LT","FY 2019","FY 2019","Currency=EUR","Period=FY","BEST_FPERIOD_OVERRIDE=FY","FILING_STATUS=MR","SCALING_FORMAT=MLN","Sort=A","Dates=H","DateFormat=P","Fill=—","Direction=H","UseDPDF=Y") -> 0
A38: + Investissements dans sociétés affiliées | B38: BS_INVEST_IN_ASSOC_CO | C38: =_xll.BDH("ALGEV FP Equity","BS_INVEST_IN_ASSOC_CO","FY 2010","FY 2010","Currency=EUR","Period=FY","BEST_FPERIOD_OVERRIDE=FY","FILING_STATUS=MR","SCALING_FORMAT=MLN","Sort=A","Dates=H","DateFormat=P","Fill=—","Direction=H","UseDPDF=Y") -> 9.53 | D38: =_xll.BDH("ALGEV FP Equity","BS_INVEST_IN_ASSOC_CO","FY 2011","FY 2011","Currency=EUR","Period=FY","BEST_FPERIOD_OVERRIDE=FY","FILING_STATUS=MR","SCALING_FORMAT=MLN","Sort=A","Dates=H","DateFormat=P","Fill=—","Direction=H","UseDPDF=Y") -> 9.579 | E38: =_xll.BDH("ALGEV FP Equity","BS_INVEST_IN_ASSOC_CO","FY 2012","FY 2012","Currency=EUR","Period=FY","BEST_FPERIOD_OVERRIDE=FY","FILING_STATUS=MR","SCALING_FORMAT=MLN","Sort=A","Dates=H","DateFormat=P","Fill=—","Direction=H","UseDPDF=Y") -> 10.01 | F38: 0 | G38: 0 | H38: 0 | I38: =_xll.BDH("ALGEV FP Equity","BS_INVEST_IN_ASSOC_CO","FY 2016","FY 2016","Currency=EUR","Period=FY","BEST_FPERIOD_OVERRIDE=FY","FILING_STATUS=MR","SCALING_FORMAT=MLN","Sort=A","Dates=H","DateFormat=P","Fill=—","Direction=H","UseDPDF=Y") -> 0.118 | J38: =_xll.BDH("ALGEV FP Equity","BS_INVEST_IN_ASSOC_CO","FY 2017","FY 2017","Currency=EUR","Period=FY","BEST_FPERIOD_OVERRIDE=FY","FILING_STATUS=MR","SCALING_FORMAT=MLN","Sort=A","Dates=H","DateFormat=P","Fill=—","Direction=H","UseDPDF=Y") -> 0.076 | K38: =_xll.BDH("ALGEV FP Equity","BS_INVEST_IN_ASSOC_CO","FY 2018","FY 2018","Currency=EUR","Period=FY","BEST_FPERIOD_OVERRIDE=FY","FILING_STATUS=MR","SCALING_FORMAT=MLN","Sort=A","Dates=H","DateFormat=P","Fill=—","Direction=H","UseDPDF=Y") -> 0.037 | L38: =_xll.BDH("ALGEV FP Equity","BS_INVEST_IN_ASSOC_CO","FY 2019","FY 2019","Currency=EUR","Period=FY","BEST_FPERIOD_OVERRIDE=FY","FILING_STATUS=MR","SCALING_FORMAT=MLN","Sort=A","Dates=H","DateFormat=P","Fill=—","Direction=H","UseDPDF=Y") -> 0.077
A39: + Divers actifs LT | B39: OTHER_NONCURRENT_ASSETS_DETAILED | C39: =_xll.BDH("ALGEV FP Equity","OTHER_NONCURRENT_ASSETS_DETAILED","FY 2010","FY 2010","Currency=EUR","Period=FY","BEST_FPERIOD_OVERRIDE=FY","FILING_STATUS=MR","SCALING_FORMAT=MLN","Sort=A","Dates=H","DateFormat=P","Fill=—","Direction=H","UseDPDF=Y") -> 0 | D39: =_xll.BDH("ALGEV FP Equity","OTHER_NONCURRENT_ASSETS_DETAILED","FY 2011","FY 2011","Currency=EUR","Period=FY","BEST_FPERIOD_OVERRIDE=FY","FILING_STATUS=MR","SCALING_FORMAT=MLN","Sort=A","Dates=H","DateFormat=P","Fill=—","Direction=H","UseDPDF=Y") -> 4.3 | E39: =_xll.BDH("ALGEV FP Equity","OTHER_NONCURRENT_ASSETS_DETAILED","FY 2012","FY 2012","Currency=EUR","Period=FY","BEST_FPERIOD_OVERRIDE=FY","FILING_STATUS=MR","SCALING_FORMAT=MLN","Sort=A","Dates=H","DateFormat=P","Fill=—","Direction=H","UseDPDF=Y") -> -5.217 | F39: =_xll.BDH("ALGEV FP Equity","OTHER_NONCURRENT_ASSETS_DETAILED","FY 2013","FY 2013","Currency=EUR","Period=FY","BEST_FPERIOD_OVERRIDE=FY","FILING_STATUS=MR","SCALING_FORMAT=MLN","Sort=A","Dates=H","DateFormat=P","Fill=—","Direction=H","UseDPDF=Y") -> 0 | G39: =_xll.BDH("ALGEV FP Equity","OTHER_NONCURRENT_ASSETS_DETAILED","FY 2014","FY 2014","Currency=EUR","Period=FY","BEST_FPERIOD_OVERRIDE=FY","FILING_STATUS=MR","SCALING_FORMAT=MLN","Sort=A","Dates=H","DateFormat=P","Fill=—","Direction=H","UseDPDF=Y") -> 0 | H39: 0 | I39: =_xll.BDH("ALGEV FP Equity","OTHER_NONCURRENT_ASSETS_DETAILED","FY 2016","FY 2016","Currency=EUR","Period=FY","BEST_FPERIOD_OVERRIDE=FY","FILING_STATUS=MR","SCALING_FORMAT=MLN","Sort=A","Dates=H","DateFormat=P","Fill=—","Direction=H","UseDPDF=Y") -> 0 | J39: =_xll.BDH("ALGEV FP Equity","OTHER_NONCURRENT_ASSETS_DETAILED","FY 2017","FY 2017","Currency=EUR","Period=FY","BEST_FPERIOD_OVERRIDE=FY","FILING_STATUS=MR","SCALING_FORMAT=MLN","Sort=A","Dates=H","DateFormat=P","Fill=—","Direction=H","UseDPDF=Y") -> 0 | K39: =_xll.BDH("ALGEV FP Equity","OTHER_NONCURRENT_ASSETS_DETAILED","FY 2018","FY 2018","Currency=EUR","Period=FY","BEST_FPERIOD_OVERRIDE=FY","FILING_STATUS=MR","SCALING_FORMAT=MLN","Sort=A","Dates=H","DateFormat=P","Fill=—","Direction=H","UseDPDF=Y") -> 0 | L39: =_xll.BDH("ALGEV FP Equity","OTHER_NONCURRENT_ASSETS_DETAILED","FY 2019","FY 2019","Currency=EUR","Period=FY","BEST_FPERIOD_OVERRIDE=FY","FILING_STATUS=MR","SCALING_FORMAT=MLN","Sort=A","Dates=H","DateFormat=P","Fill=—","Direction=H","UseDPDF=Y") -> 0
A40: Actifs à long terme (total) | B40: BS_TOT_NON_CUR_ASSET | C40: =_xll.BDH("ALGEV FP Equity","BS_TOT_NON_CUR_ASSET","FY 2010","FY 2010","Currency=EUR","Period=FY","BEST_FPERIOD_OVERRIDE=FY","FILING_STATUS=MR","SCALING_FORMAT=MLN","Sort=A","Dates=H","DateFormat=P","Fill=—","Direction=H","UseDPDF=Y") -> 104.285 | D40: =_xll.BDH("ALGEV FP Equity","BS_TOT_NON_CUR_ASSET","FY 2011","FY 2011","Currency=EUR","Period=FY","BEST_FPERIOD_OVERRIDE=FY","FILING_STATUS=MR","SCALING_FORMAT=MLN","Sort=A","Dates=H","DateFormat=P","Fill=—","Direction=H","UseDPDF=Y") -> 106.32 | E40: =_xll.BDH("ALGEV FP Equity","BS_TOT_NON_CUR_ASSET","FY 2012","FY 2012","Currency=EUR","Period=FY","BEST_FPERIOD_OVERRIDE=FY","FILING_STATUS=MR","SCALING_FORMAT=MLN","Sort=A","Dates=H","DateFormat=P","Fill=—","Direction=H","UseDPDF=Y") -> 83.672 | F40: =_xll.BDH("ALGEV FP Equity","BS_TOT_NON_CUR_ASSET","FY 2013","FY 2013","Currency=EUR","Period=FY","BEST_FPERIOD_OVERRIDE=FY","FILING_STATUS=MR","SCALING_FORMAT=MLN","Sort=A","Dates=H","DateFormat=P","Fill=—","Direction=H","UseDPDF=Y") -> 71.613 | G40: =_xll.BDH("ALGEV FP Equity","BS_TOT_NON_CUR_ASSET","FY 2014","FY 2014","Currency=EUR","Period=FY","BEST_FPERIOD_OVERRIDE=FY","FILING_STATUS=MR","SCALING_FORMAT=MLN","Sort=A","Dates=H","DateFormat=P","Fill=—","Direction=H","UseDPDF=Y") -> 87.073 | H40: =_xll.BDH("ALGEV FP Equity","BS_TOT_NON_CUR_ASSET","FY 2015","FY 2015","Currency=EUR","Period=FY","BEST_FPERIOD_OVERRIDE=FY","FILING_STATUS=MR","SCALING_FORMAT=MLN","Sort=A","Dates=H","DateFormat=P","Fill=—","Direction=H","UseDPDF=Y") -> 86.178 | I40: =_xll.BDH("ALGEV FP Equity","BS_TOT_NON_CUR_ASSET","FY 2016","FY 2016","Currency=EUR","Period=FY","BEST_FPERIOD_OVERRIDE=FY","FILING_STATUS=MR","SCALING_FORMAT=MLN","Sort=A","Dates=H","DateFormat=P","Fill=—","Direction=H","UseDPDF=Y") -> 82.878 | J40: =_xll.BDH("ALGEV FP Equity","BS_TOT_NON_CUR_ASSET","FY 2017","FY 2017","Currency=EUR","Period=FY","BEST_FPERIOD_OVERRIDE=FY","FILING_STATUS=MR","SCALING_FORMAT=MLN","Sort=A","Dates=H","DateFormat=P","Fill=—","Direction=H","UseDPDF=Y") -> 36.755 | K40: =_xll.BDH("ALGEV FP Equity","BS_TOT_NON_CUR_ASSET","FY 2018","FY 2018","Currency=EUR","Period=FY","BEST_FPERIOD_OVERRIDE=FY","FILING_STATUS=MR","SCALING_FORMAT=MLN","Sort=A","Dates=H","DateFormat=P","Fill=—","Direction=H","UseDPDF=Y") -> 36.104 | L40: =_xll.BDH("ALGEV FP Equity","BS_TOT_NON_CUR_ASSET","FY 2019","FY 2019","Currency=EUR","Period=FY","BEST_FPERIOD_OVERRIDE=FY","FILING_STATUS=MR","SCALING_FORMAT=MLN","Sort=A","Dates=H","DateFormat=P","Fill=—","Direction=H","UseDPDF=Y") -> 52.863
A41: Total des actifs | B41: BS_TOT_ASSET | C41: =_xll.BDH("ALGEV FP Equity","BS_TOT_ASSET","FY 2010","FY 2010","Currency=EUR","Period=FY","BEST_FPERIOD_OVERRIDE=FY","FILING_STATUS=MR","SCALING_FORMAT=MLN","Sort=A","Dates=H","DateFormat=P","Fill=—","Direction=H","UseDPDF=Y") -> 208.545 | D41: =_xll.BDH("ALGEV FP Equity","BS_TOT_ASSET","FY 2011","FY 2011","Currency=EUR","Period=FY","BEST_FPERIOD_OVERRIDE=FY","FILING_STATUS=MR","SCALING_FORMAT=MLN","Sort=A","Dates=H","DateFormat=P","Fill=—","Direction=H","UseDPDF=Y") -> 224.591 | E41: =_xll.BDH("ALGEV FP Equity","BS_TOT_ASSET","FY 2012","FY 2012","Currency=EUR","Period=FY","BEST_FPERIOD_OVERRIDE=FY","FILING_STATUS=MR","SCALING_FORMAT=MLN","Sort=A","Dates=H","DateFormat=P","Fill=—","Direction=H","UseDPDF=Y") -> 202.732 | F41: =_xll.BDH("ALGEV FP Equity","BS_TOT_ASSET","FY 2013","FY 2013","Currency=EUR","Period=FY","BEST_FPERIOD_OVERRIDE=FY","FILING_STATUS=MR","SCALING_FORMAT=MLN","Sort=A","Dates=H","DateFormat=P","Fill=—","Direction=H","UseDPDF=Y") -> 223.201 | G41: =_xll.BDH("ALGEV FP Equity","BS_TOT_ASSET","FY 2014","FY 2014","Currency=EUR","Period=FY","BEST_FPERIOD_OVERRIDE=FY","FILING_STATUS=MR","SCALING_FORMAT=MLN","Sort=A","Dates=H","DateFormat=P","Fill=—","Direction=H","UseDPDF=Y") -> 341.421 | H41: =_xll.BDH("ALGEV FP Equity","BS_TOT_ASSET","FY 2015","FY 2015","Currency=EUR","Period=FY","BEST_FPERIOD_OVERRIDE=FY","FILING_STATUS=MR","SCALING_FORMAT=MLN","Sort=A","Dates=H","DateFormat=P","Fill=—","Direction=H","UseDPDF=Y") -> 324.707 | I41: =_xll.BDH("ALGEV FP Equity","BS_TOT_ASSET","FY 2016","FY 2016","Currency=EUR","Period=FY","BEST_FPERIOD_OVERRIDE=FY","FILING_STATUS=MR","SCALING_FORMAT=MLN","Sort=A","Dates=H","DateFormat=P","Fill=—","Direction=H","UseDPDF=Y") -> 351.766 | J41: =_xll.BDH("ALGEV FP Equity","BS_TOT_ASSET","FY 2017","FY 2017","Currency=EUR","Period=FY","BEST_FPERIOD_OVERRIDE=FY","FILING_STATUS=MR","SCALING_FORMAT=MLN","Sort=A","Dates=H","DateFormat=P","Fill=—","Direction=H","UseDPDF=Y") -> 290.971 | K41: =_xll.BDH("ALGEV FP Equity","BS_TOT_ASSET","FY 2018","FY 2018","Currency=EUR","Period=FY","BEST_FPERIOD_OVERRIDE=FY","FILING_STATUS=MR","SCALING_FORMAT=MLN","Sort=A","Dates=H","DateFormat=P","Fill=—","Direction=H","UseDPDF=Y") -> 280.546 | L41: =_xll.BDH("ALGEV FP Equity","BS_TOT_ASSET","FY 2019","FY 2019","Currency=EUR","Period=FY","BEST_FPERIOD_OVERRIDE=FY","FILING_STATUS=MR","SCALING_FORMAT=MLN","Sort=A","Dates=H","DateFormat=P","Fill=—","Direction=H","UseDPDF=Y") -> 296.367
A43: Passif (dettes+fonds propres)
A44: + Comptes fourniss et charges à payer | B44: ACCT_PAYABLE_&_ACCRUALS_DETAILED | C44: =_xll.BDH("ALGEV FP Equity","ACCT_PAYABLE_&_ACCRUALS_DETAILED","FY 2010","FY 2010","Currency=EUR","Period=FY","BEST_FPERIOD_OVERRIDE=FY","FILING_STATUS=MR","SCALING_FORMAT=MLN","Sort=A","Dates=H","DateFormat=P","Fill=—","Direction=H","UseDPDF=Y") -> 21.487 | D44: =_xll.BDH("ALGEV FP Equity","ACCT_PAYABLE_&_ACCRUALS_DETAILED","FY 2011","FY 2011","Currency=EUR","Period=FY","BEST_FPERIOD_OVERRIDE=FY","FILING_STATUS=MR","SCALING_FORMAT=MLN","Sort=A","Dates=H","DateFormat=P","Fill=—","Direction=H","UseDPDF=Y") -> 24.073 | E44: =_xll.BDH("ALGEV FP Equity","ACCT_PAYABLE_&_ACCRUALS_DETAILED","FY 2012","FY 2012","Currency=EUR","Period=FY","BEST_FPERIOD_OVERRIDE=FY","FILING_STATUS=MR","SCALING_FORMAT=MLN","Sort=A","Dates=H","DateFormat=P","Fill=—","Direction=H","UseDPDF=Y") -> 22.702 | F44: =_xll.BDH("ALGEV FP Equity","ACCT_PAYABLE_&_ACCRUALS_DETAILED","FY 2013","FY 2013","Currency=EUR","Period=FY","BEST_FPERIOD_OVERRIDE=FY","FILING_STATUS=MR","SCALING_FORMAT=MLN","Sort=A","Dates=H","DateFormat=P","Fill=—","Direction=H","UseDPDF=Y") -> 27.628 | G44: =_xll.BDH("ALGEV FP Equity","ACCT_PAYABLE_&_ACCRUALS_DETAILED","FY 2014","FY 2014","Currency=EUR","Period=FY","BEST_FPERIOD_OVERRIDE=FY","FILING_STATUS=MR","SCALING_FORMAT=MLN","Sort=A","Dates=H","DateFormat=P","Fill=—","Direction=H","UseDPDF=Y") -> 28.751 | H44: =_xll.BDH("ALGEV FP Equity","ACCT_PAYABLE_&_ACCRUALS_DETAILED","FY 2015","FY 2015","Currency=EUR","Period=FY","BEST_FPERIOD_OVERRIDE=FY","FILING_STATUS=MR","SCALING_FORMAT=MLN","Sort=A","Dates=H","DateFormat=P","Fill=—","Direction=H","UseDPDF=Y") -> 24.621 | I44: =_xll.BDH("ALGEV FP Equity","ACCT_PAYABLE_&_ACCRUALS_DETAILED","FY 2016","FY 2016","Currency=EUR","Period=FY","BEST_FPERIOD_OVERRIDE=FY","FILING_STATUS=MR","SCALING_FORMAT=MLN","Sort=A","Dates=H","DateFormat=P","Fill=—","Direction=H","UseDPDF=Y") -> 23.521 | J44: =_xll.BDH("ALGEV FP Equity","ACCT_PAYABLE_&_ACCRUALS_DETAILED","FY 2017","FY 2017","Currency=EUR","Period=FY","BEST_FPERIOD_OVERRIDE=FY","FILING_STATUS=MR","SCALING_FORMAT=MLN","Sort=A","Dates=H","DateFormat=P","Fill=—","Direction=H","UseDPDF=Y") -> 11.436 | K44: =_xll.BDH("ALGEV FP Equity","ACCT_PAYABLE_&_ACCRUALS_DETAILED","FY 2018","FY 2018","Currency=EUR","Period=FY","BEST_FPERIOD_OVERRIDE=FY","FILING_STATUS=MR","SCALING_FORMAT=MLN","Sort=A","Dates=H","DateFormat=P","Fill=—","Direction=H","UseDPDF=Y") -> 20.454 | L44: =_xll.BDH("ALGEV FP Equity","ACCT_PAYABLE_&_ACCRUALS_DETAILED","FY 2019","FY 2019","Currency=EUR","Period=FY","BEST_FPERIOD_OVERRIDE=FY","FILING_STATUS=MR","SCALING_FORMAT=MLN","Sort=A","Dates=H","DateFormat=P","Fill=—","Direction=H","UseDPDF=Y") -> 20.206
A45: + Comptes fournisseurs | B45: BS_ACCT_PAYABLE | C45: =_xll.BDH("ALGEV FP Equity","BS_ACCT_PAYABLE","FY 2010","FY 2010","Currency=EUR","Period=FY","BEST_FPERIOD_OVERRIDE=FY","FILING_STATUS=MR","SCALING_FORMAT=MLN","Sort=A","Dates=H","DateFormat=P","Fill=—","Direction=H","UseDPDF=Y") -> 21.487 | D45: =_xll.BDH("ALGEV FP Equity","BS_ACCT_PAYABLE","FY 2011","FY 2011","Currency=EUR","Period=FY","BEST_FPERIOD_OVERRIDE=FY","FILING_STATUS=MR","SCALING_FORMAT=MLN","Sort=A","Dates=H","DateFormat=P","Fill=—","Direction=H","UseDPDF=Y") -> 24.073 | E45: =_xll.BDH("ALGEV FP Equity","BS_ACCT_PAYABLE","FY 2012","FY 2012","Currency=EUR","Period=FY","BEST_FPERIOD_OVERRIDE=FY","FILING_STATUS=MR","SCALING_FORMAT=MLN","Sort=A","Dates=H","DateFormat=P","Fill=—","Direction=H","UseDPDF=Y") -> 22.702 | F45: =_xll.BDH("ALGEV FP Equity","BS_ACCT_PAYABLE","FY 2013","FY 2013","Currency=EUR","Period=FY","BEST_FPERIOD_OVERRIDE=FY","FILING_STATUS=MR","SCALING_FORMAT=MLN","Sort=A","Dates=H","DateFormat=P","Fill=—","Direction=H","UseDPDF=Y") -> 27.628 | G45: =_xll.BDH("ALGEV FP Equity","BS_ACCT_PAYABLE","FY 2014","FY 2014","Currency=EUR","Period=FY","BEST_FPERIOD_OVERRIDE=FY","FILING_STATUS=MR","SCALING_FORMAT=MLN","Sort=A","Dates=H","DateFormat=P","Fill=—","Direction=H","UseDPDF=Y") -> 28.751 | H45: =_xll.BDH("ALGEV FP Equity","BS_ACCT_PAYABLE","FY 2015","FY 2015","Currency=EUR","Period=FY","BEST_FPERIOD_OVERRIDE=FY","FILING_STATUS=MR","SCALING_FORMAT=MLN","Sort=A","Dates=H","DateFormat=P","Fill=—","Direction=H","UseDPDF=Y") -> 24.621 | I45: =_xll.BDH("ALGEV FP Equity","BS_ACCT_PAYABLE","FY 2016","FY 2016","Currency=EUR","Period=FY","BEST_FPERIOD_OVERRIDE=FY","FILING_STATUS=MR","SCALING_FORMAT=MLN","Sort=A","Dates=H","DateFormat=P","Fill=—","Direction=H","UseDPDF=Y") -> 22.545 | J45: =_xll.BDH("ALGEV FP Equity","BS_ACCT_PAYABLE","FY 2017","FY 2017","Currency=EUR","Period=FY","BEST_FPERIOD_OVERRIDE=FY","FILING_STATUS=MR","SCALING_FORMAT=MLN","Sort=A","Dates=H","DateFormat=P","Fill=—","Direction=H","UseDPDF=Y") -> 11.189 | K45: =_xll.BDH("ALGEV FP Equity","BS_ACCT_PAYABLE","FY 2018","FY 2018","Currency=EUR","Period=FY","BEST_FPERIOD_OVERRIDE=FY","FILING_STATUS=MR","SCALING_FORMAT=MLN","Sort=A","Dates=H","DateFormat=P","Fill=—","Direction=H","UseDPDF=Y") -> 12.621 | L45: =_xll.BDH("ALGEV FP Equity","BS_ACCT_PAYABLE","FY 2019","FY 2019","Currency=EUR","Period=FY","BEST_FPERIOD_OVERRIDE=FY","FILING_STATUS=MR","SCALING_FORMAT=MLN","Sort=A","Dates=H","DateFormat=P","Fill=—","Direction=H","UseDPDF=Y") -> 12.094
A46: + Impôts accumulés | B46: BS_TAXES_PAYABLE | C46: 0 | D46: 0 | E46: 0 | F46: 0 | G46: 0 | H46: 0 | I46: =_xll.BDH("ALGEV FP Equity","BS_TAXES_PAYABLE","FY 2016","FY 2016","Currency=EUR","Period=FY","BEST_FPERIOD_OVERRIDE=FY","FILING_STATUS=MR","SCALING_FORMAT=MLN","Sort=A","Dates=H","DateFormat=P","Fill=—","Direction=H","UseDPDF=Y") -> 0.976 | J46: =_xll.BDH("ALGEV FP Equity","BS_TAXES_PAYABLE","FY 2017","FY 2017","Currency=EUR","Period=FY","BEST_FPERIOD_OVERRIDE=FY","FILING_STATUS=MR","SCALING_FORMAT=MLN","Sort=A","Dates=H","DateFormat=P","Fill=—","Direction=H","UseDPDF=Y") -> 0.247 | K46: =_xll.BDH("ALGEV FP Equity","BS_TAXES_PAYABLE","FY 2018","FY 2018","Currency=EUR","Period=FY","BEST_FPERIOD_OVERRIDE=FY","FILING_STATUS=MR","SCALING_FORMAT=MLN","Sort=A","Dates=H","DateFormat=P","Fill=—","Direction=H","UseDPDF=Y") -> 7.833 | L46: =_xll.BDH("ALGEV FP Equity","BS_TAXES_PAYABLE","FY 2019","FY 2019","Currency=EUR","Period=FY","BEST_FPERIOD_OVERRIDE=FY","FILING_STATUS=MR","SCALING_FORMAT=MLN","Sort=A","Dates=H","DateFormat=P","Fill=—","Direction=H","UseDPDF=Y") -> 8.112
A47: + Autres créances à payer et courus | B47: BS_ACCRUAL | C47: 0 | D47: 0 | E47: 0 | F47: 0 | G47: 0 | H47: 0 | I47: =_xll.BDH("ALGEV FP Equity","BS_ACCRUAL","FY 2016","FY 2016","Currency=EUR","Period=FY","BEST_FPERIOD_OVERRIDE=FY","FILING_STATUS=MR","SCALING_FORMAT=MLN","Sort=A","Dates=H","DateFormat=P","Fill=—","Direction=H","UseDPDF=Y") -> 0 | J47: =_xll.BDH("ALGEV FP Equity","BS_ACCRUAL","FY 2017","FY 2017","Currency=EUR","Period=FY","BEST_FPERIOD_OVERRIDE=FY","FILING_STATUS=MR","SCALING_FORMAT=MLN","Sort=A","Dates=H","DateFormat=P","Fill=—","Direction=H","UseDPDF=Y") -> 0 | K47: =_xll.BDH("ALGEV FP Equity","BS_ACCRUAL","FY 2018","FY 2018","Currency=EUR","Period=FY","BEST_FPERIOD_OVERRIDE=FY","FILING_STATUS=MR","SCALING_FORMAT=MLN","Sort=A","Dates=H","DateFormat=P","Fill=—","Direction=H","UseDPDF=Y") -> 0 | L47: =_xll.BDH("ALGEV FP Equity","BS_ACCRUAL","FY 2019","FY 2019","Currency=EUR","Period=FY","BEST_FPERIOD_OVERRIDE=FY","FILING_STATUS=MR","SCALING_FORMAT=MLN","Sort=A","Dates=H","DateFormat=P","Fill=—","Direction=H","UseDPDF=Y") -> 0
A48: + Dette CT | B48: BS_ST_BORROW | C48: =_xll.BDH("ALGEV FP Equity","BS_ST_BORROW","FY 2010","FY 2010","Currency=EUR","Period=FY","BEST_FPERIOD_OVERRIDE=FY","FILING_STATUS=MR","SCALING_FORMAT=MLN","Sort=A","Dates=H","DateFormat=P","Fill=—","Direction=H","UseDPDF=Y") -> 9.448 | D48: =_xll.BDH("ALGEV FP Equity","BS_ST_BORROW","FY 2011","FY 2011","Currency=EUR","Period=FY","BEST_FPERIOD_OVERRIDE=FY","FILING_STATUS=MR","SCALING_FORMAT=MLN","Sort=A","Dates=H","DateFormat=P","Fill=—","Direction=H","UseDPDF=Y") -> 14.379 | E48: =_xll.BDH("ALGEV FP Equity","BS_ST_BORROW","FY 2012","FY 2012","Currency=EUR","Period=FY","BEST_FPERIOD_OVERRIDE=FY","FILING_STATUS=MR","SCALING_FORMAT=MLN","Sort=A","Dates=H","DateFormat=P","Fill=—","Direction=H","UseDPDF=Y") -> 10.885 | F48: =_xll.BDH("ALGEV FP Equity","BS_ST_BORROW","FY 2013","FY 2013","Currency=EUR","Period=FY","BEST_FPERIOD_OVERRIDE=FY","FILING_STATUS=MR","SCALING_FORMAT=MLN","Sort=A","Dates=H","DateFormat=P","Fill=—","Direction=H","UseDPDF=Y") -> 17.45 | G48: =_xll.BDH("ALGEV FP Equity","BS_ST_BORROW","FY 2014","FY 2014","Currency=EUR","Period=FY","BEST_FPERIOD_OVERRIDE=FY","FILING_STATUS=MR","SCALING_FORMAT=MLN","Sort=A","Dates=H","DateFormat=P","Fill=—","Direction=H","UseDPDF=Y") -> 28.615 | H48: =_xll.BDH("ALGEV FP Equity","BS_ST_BORROW","FY 2015","FY 2015","Currency=EUR","Period=FY","BEST_FPERIOD_OVERRIDE=FY","FILING_STATUS=MR","SCALING_FORMAT=MLN","Sort=A","Dates=H","DateFormat=P","Fill=—","Direction=H","UseDPDF=Y") -> 24.25 | I48: =_xll.BDH("ALGEV FP Equity","BS_ST_BORROW","FY 2016","FY 2016","Currency=EUR","Period=FY","BEST_FPERIOD_OVERRIDE=FY","FILING_STATUS=MR","SCALING_FORMAT=MLN","Sort=A","Dates=H","DateFormat=P","Fill=—","Direction=H","UseDPDF=Y") -> 18.104 | J48: =_xll.BDH("ALGEV FP Equity","BS_ST_BORROW","FY 2017","FY 2017","Currency=EUR","Period=FY","BEST_FPERIOD_OVERRIDE=FY","FILING_STATUS=MR","SCALING_FORMAT=MLN","Sort=A","Dates=H","DateFormat=P","Fill=—","Direction=H","UseDPDF=Y") -> 3.015 | K48: =_xll.BDH("ALGEV FP Equity","BS_ST_BORROW","FY 2018","FY 2018","Currency=EUR","Period=FY","BEST_FPERIOD_OVERRIDE=FY","FILING_STATUS=MR","SCALING_FORMAT=MLN","Sort=A","Dates=H","DateFormat=P","Fill=—","Direction=H","UseDPDF=Y") -> 3.21 | L48: =_xll.BDH("ALGEV FP Equity","BS_ST_BORROW","FY 2019","FY 2019","Currency=EUR","Period=FY","BEST_FPERIOD_OVERRIDE=FY","FILING_STATUS=MR","SCALING_FORMAT=MLN","Sort=A","Dates=H","DateFormat=P","Fill=—","Direction=H","UseDPDF=Y") -> 4.675
A49: + Emprunts CT | B49: SHORT_TERM_DEBT_DETAILED | C49: =_xll.BDH("ALGEV FP Equity","SHORT_TERM_DEBT_DETAILED","FY 2010","FY 2010","Currency=EUR","Period=FY","BEST_FPERIOD_OVERRIDE=FY","FILING_STATUS=MR","SCALING_FORMAT=MLN","Sort=A","Dates=H","DateFormat=P","Fill=—","Direction=H","UseDPDF=Y") -> 7.407 | D49: =_xll.BDH("ALGEV FP Equity","SHORT_TERM_DEBT_DETAILED","FY 2011","FY 2011","Currency=EUR","Period=FY","BEST_FPERIOD_OVERRIDE=FY","FILING_STATUS=MR","SCALING_FORMAT=MLN","Sort=A","Dates=H","DateFormat=P","Fill=—","Direction=H","UseDPDF=Y") -> 12.247 | E49: =_xll.BDH("ALGEV FP Equity","SHORT_TERM_DEBT_DETAILED","FY 2012","FY 2012","Currency=EUR","Period=FY","BEST_FPERIOD_OVERRIDE=FY","FILING_STATUS=MR","SCALING_FORMAT=MLN","Sort=A","Dates=H","DateFormat=P","Fill=—","Direction=H","UseDPDF=Y") -> 8.84 | F49: 0 | G49: 0 | H49: 0 | I49: =_xll.BDH("ALGEV FP Equity","SHORT_TERM_DEBT_DETAILED","FY 2016","FY 2016","Currency=EUR","Period=FY","BEST_FPERIOD_OVERRIDE=FY","FILING_STATUS=MR","SCALING_FORMAT=MLN","Sort=A","Dates=H","DateFormat=P","Fill=—","Direction=H","UseDPDF=Y") -> 7.422 | J49: =_xll.BDH("ALGEV FP Equity","SHORT_TERM_DEBT_DETAILED","FY 2017","FY 2017","Currency=EUR","Period=FY","BEST_FPERIOD_OVERRIDE=FY","FILING_STATUS=MR","SCALING_FORMAT=MLN","Sort=A","Dates=H","DateFormat=P","Fill=—","Direction=H","UseDPDF=Y") -> 0.02 | K49: =_xll.BDH("ALGEV FP Equity","SHORT_TERM_DEBT_DETAILED","FY 2018","FY 2018","Currency=EUR","Period=FY","BEST_FPERIOD_OVERRIDE=FY","FILING_STATUS=MR","SCALING_FORMAT=MLN","Sort=A","Dates=H","DateFormat=P","Fill=—","Direction=H","UseDPDF=Y") -> 0.001 | L49: =_xll.BDH("ALGEV FP Equity","SHORT_TERM_DEBT_DETAILED","FY 2019","FY 2019","Currency=EUR","Period=FY","BEST_FPERIOD_OVERRIDE=FY","FILING_STATUS=MR","SCALING_FORMAT=MLN","Sort=A","Dates=H","DateFormat=P","Fill=—","Direction=H","UseDPDF=Y") -> 0
A50: + ST Lease Liabilities | B50: ST_CAPITALIZED_LEASE_LIABILITIES | C50: =_xll.BDH("ALGEV FP Equity","ST_CAPITALIZED_LEASE_LIABILITIES","FY 2010","FY 2010","Currency=EUR","Period=FY","BEST_FPERIOD_OVERRIDE=FY","FILING_STATUS=MR","SCALING_FORMAT=MLN","Sort=A","Dates=H","DateFormat=P","Fill=—","Direction=H","UseDPDF=Y") -> 2.041 | D50: =_xll.BDH("ALGEV FP Equity","ST_CAPITALIZED_LEASE_LIABILITIES","FY 2011","FY 2011","Currency=EUR","Period=FY","BEST_FPERIOD_OVERRIDE=FY","FILING_STATUS=MR","SCALING_FORMAT=MLN","Sort=A","Dates=H","DateFormat=P","Fill=—","Direction=H","UseDPDF=Y") -> 2.132 | E50: =_xll.BDH("ALGEV FP Equity","ST_CAPITALIZED_LEASE_LIABILITIES","FY 2012","FY 2012","Currency=EUR","Period=FY","BEST_FPERIOD_OVERRIDE=FY","FILING_STATUS=MR","SCALING_FORMAT=MLN","Sort=A","Dates=H","DateFormat=P","Fill=—","Direction=H","UseDPDF=Y") -> 2.045 | F50: 0 | G50: 0 | H50: 0 | I50: 0 | J50: 0 | K50: 0 | L50: =_xll.BDH("ALGEV FP Equity","ST_CAPITALIZED_LEASE_LIABILITIES","FY 2019","FY 2019","Currency=EUR","Period=FY","BEST_FPERIOD_OVERRIDE=FY","FILING_STATUS=MR","SCALING_FORMAT=MLN","Sort=A","Dates=H","DateFormat=P","Fill=—","Direction=H","UseDPDF=Y") -> 1.985
A51: + Leasing financier CT | B51: ST_CAPITAL_LEASE_OBLIGATIONS | C51: =_xll.BDH("ALGEV FP Equity","ST_CAPITAL_LEASE_OBLIGATIONS","FY 2010","FY 2010","Currency=EUR","Period=FY","BEST_FPERIOD_OVERRIDE=FY","FILING_STATUS=MR","SCALING_FORMAT=MLN","Sort=A","Dates=H","DateFormat=P","Fill=—","Direction=H","UseDPDF=Y") -> 2.041 | D51: =_xll.BDH("ALGEV FP Equity","ST_CAPITAL_LEASE_OBLIGATIONS","FY 2011","FY 2011","Currency=EUR","Period=FY","BEST_FPERIOD_OVERRIDE=FY","FILING_STATUS=MR","SCALING_FORMAT=MLN","Sort=A","Dates=H","DateFormat=P","Fill=—","Direction=H","UseDPDF=Y") -> 2.132 | E51: =_xll.BDH("ALGEV FP Equity","ST_CAPITAL_LEASE_OBLIGATIONS","FY 2012","FY 2012","Currency=EUR","Period=FY","BEST_FPERIOD_OVERRIDE=FY","FILING_STATUS=MR","SCALING_FORMAT=MLN","Sort=A","Dates=H","DateFormat=P","Fill=—","Direction=H","UseDPDF=Y") -> 2.045 | F51: 0 | G51: 0 | H51: 0 | I51: 0 | J51: 0 | K51: 0 | L51: 0
A52: + Part actuelle de la dette LT | B52: BS_CURR_PORTION_LT_DEBT | C52: 0 | D52: 0 | E52: 0 | F52: 0 | G52: 0 | H52: 0 | I52: =_xll.BDH("ALGEV FP Equity","BS_CURR_PORTION_LT_DEBT","FY 2016","FY 2016","Currency=EUR","Period=FY","BEST_FPERIOD_OVERRIDE=FY","FILING_STATUS=MR","SCALING_FORMAT=MLN","Sort=A","Dates=H","DateFormat=P","Fill=—","Direction=H","UseDPDF=Y") -> 10.682 | J52: =_xll.BDH("ALGEV FP Equity","BS_CURR_PORTION_LT_DEBT","FY 2017","FY 2017","Currency=EUR","Period=FY","BEST_FPERIOD_OVERRIDE=FY","FILING_STATUS=MR","SCALING_FORMAT=MLN","Sort=A","Dates=H","DateFormat=P","Fill=—","Direction=H","UseDPDF=Y") -> 2.995 | K52: =_xll.BDH("ALGEV FP Equity","BS_CURR_PORTION_LT_DEBT","FY 2018","FY 2018","Currency=EUR","Period=FY","BEST_FPERIOD_OVERRIDE=FY","FILING_STATUS=MR","SCALING_FORMAT=MLN","Sort=A","Dates=H","DateFormat=P","Fill=—","Direction=H","UseDPDF=Y") -> 3.209 | L52: =_xll.BDH("ALGEV FP Equity","BS_CURR_PORTION_LT_DEBT","FY 2019","FY 2019","Currency=EUR","Period=FY","BEST_FPERIOD_OVERRIDE=FY","FILING_STATUS=MR","SCALING_FORMAT=MLN","Sort=A","Dates=H","DateFormat=P","Fill=—","Direction=H","UseDPDF=Y") -> 2.69
A53: + Autres dettes CT | B53: OTHER_CURRENT_LIABS_SUB_DETAILED | C53: =_xll.BDH("ALGEV FP Equity","OTHER_CURRENT_LIABS_SUB_DETAILED","FY 2010","FY 2010","Currency=EUR","Period=FY","BEST_FPERIOD_OVERRIDE=FY","FILING_STATUS=MR","SCALING_FORMAT=MLN","Sort=A","Dates=H","DateFormat=P","Fill=—","Direction=H","UseDPDF=Y") -> 24.127 | D53: =_xll.BDH("ALGEV FP Equity","OTHER_CURRENT_LIABS_SUB_DETAILED","FY 2011","FY 2011","Currency=EUR","Period=FY","BEST_FPERIOD_OVERRIDE=FY","FILING_STATUS=MR","SCALING_FORMAT=MLN","Sort=A","Dates=H","DateFormat=P","Fill=—","Direction=H","UseDPDF=Y") -> 23.312 | E53: =_xll.BDH("ALGEV FP Equity","OTHER_CURRENT_LIABS_SUB_DETAILED","FY 2012","FY 2012","Currency=EUR","Period=FY","BEST_FPERIOD_OVERRIDE=FY","FILING_STATUS=MR","SCALING_FORMAT=MLN","Sort=A","Dates=H","DateFormat=P","Fill=—","Direction=H","UseDPDF=Y") -> 22.53 | F53: =_xll.BDH("ALGEV FP Equity","OTHER_CURRENT_LIABS_SUB_DETAILED","FY 2013","FY 2013","Currency=EUR","Period=FY","BEST_FPERIOD_OVERRIDE=FY","FILING_STATUS=MR","SCALING_FORMAT=MLN","Sort=A","Dates=H","DateFormat=P","Fill=—","Direction=H","UseDPDF=Y") -> 21.349 | G53: =_xll.BDH("ALGEV FP Equity","OTHER_CURRENT_LIABS_SUB_DETAILED","FY 2014","FY 2014","Currency=EUR","Period=FY","BEST_FPERIOD_OVERRIDE=FY","FILING_STATUS=MR","SCALING_FORMAT=MLN","Sort=A","Dates=H","DateFormat=P","Fill=—","Direction=H","UseDPDF=Y") -> 56.032 | H53: =_xll.BDH("ALGEV FP Equity","OTHER_CURRENT_LIABS_SUB_DETAILED","FY 2015","FY 2015","Currency=EUR","Period=FY","BEST_FPERIOD_OVERRIDE=FY","FILING_STATUS=MR","SCALING_FORMAT=MLN","Sort=A","Dates=H","DateFormat=P","Fill=—","Direction=H","UseDPDF=Y") -> 61.507 | I53: =_xll.BDH("ALGEV FP Equity","OTHER_CURRENT_LIABS_SUB_DETAILED","FY 2016","FY 2016","Currency=EUR","Period=FY","BEST_FPERIOD_OVERRIDE=FY","FILING_STATUS=MR","SCALING_FORMAT=MLN","Sort=A","Dates=H","DateFormat=P","Fill=—","Direction=H","UseDPDF=Y") -> 78.863 | J53: =_xll.BDH("ALGEV FP Equity","OTHER_CURRENT_LIABS_SUB_DETAILED","FY 2017","FY 2017","Currency=EUR","Period=FY","BEST_FPERIOD_OVERRIDE=FY","FILING_STATUS=MR","SCALING_FORMAT=MLN","Sort=A","Dates=H","DateFormat=P","Fill=—","Direction=H","UseDPDF=Y") -> 65.143 | K53: =_xll.BDH("ALGEV FP Equity","OTHER_CURRENT_LIABS_SUB_DETAILED","FY 2018","FY 2018","Currency=EUR","Period=FY","BEST_FPERIOD_OVERRIDE=FY","FILING_STATUS=MR","SCALING_FORMAT=MLN","Sort=A","Dates=H","DateFormat=P","Fill=—","Direction=H","UseDPDF=Y") -> 53.486 | L53: =_xll.BDH("ALGEV FP Equity","OTHER_CURRENT_LIABS_SUB_DETAILED","FY 2019","FY 2019","Currency=EUR","Period=FY","BEST_FPERIOD_OVERRIDE=FY","FILING_STATUS=MR","SCALING_FORMAT=MLN","Sort=A","Dates=H","DateFormat=P","Fill=—","Direction=H","UseDPDF=Y") -> 54.33
A54: + Revenus différés | B54: ST_DEFERRED_REVENUE | C54: 0 | D54: 0 | E54: 0 | F54: 0 | G54: 0 | H54: 0 | I54: =_xll.BDH("ALGEV FP Equity","ST_DEFERRED_REVENUE","FY 2016","FY 2016","Currency=EUR","Period=FY","BEST_FPERIOD_OVERRIDE=FY","FILING_STATUS=MR","SCALING_FORMAT=MLN","Sort=A","Dates=H","DateFormat=P","Fill=—","Direction=H","UseDPDF=Y") -> 0 | J54: =_xll.BDH("ALGEV FP Equity","ST_DEFERRED_REVENUE","FY 2017","FY 2017","Currency=EUR","Period=FY","BEST_FPERIOD_OVERRIDE=FY","FILING_STATUS=MR","SCALING_FORMAT=MLN","Sort=A","Dates=H","DateFormat=P","Fill=—","Direction=H","UseDPDF=Y") -> 0 | K54: =_xll.BDH("ALGEV FP Equity","ST_DEFERRED_REVENUE","FY 2018","FY 2018","Currency=EUR","Period=FY","BEST_FPERIOD_OVERRIDE=FY","FILING_STATUS=MR","SCALING_FORMAT=MLN","Sort=A","Dates=H","DateFormat=P","Fill=—","Direction=H","UseDPDF=Y") -> 51.881 | L54: =_xll.BDH("ALGEV FP Equity","ST_DEFERRED_REVENUE","FY 2019","FY 2019","Currency=EUR","Period=FY","BEST_FPERIOD_OVERRIDE=FY","FILING_STATUS=MR","SCALING_FORMAT=MLN","Sort=A","Dates=H","DateFormat=P","Fill=—","Direction=H","UseDPDF=Y") -> 53.14
A55: + Dérivés et couverture | B55: BS_DERIVATIVE_&_HEDGING_LIABS_ST | C55: 0 | D55: 0 | E55: 0 | F55: 0 | G55: 0 | H55: 0 | I55: =_xll.BDH("ALGEV FP Equity","BS_DERIVATIVE_&_HEDGING_LIABS_ST","FY 2016","FY 2016","Currency=EUR","Period=FY","BEST_FPERIOD_OVERRIDE=FY","FILING_STATUS=MR","SCALING_FORMAT=MLN","Sort=A","Dates=H","DateFormat=P","Fill=—","Direction=H","UseDPDF=Y") -> 0.632 | J55: =_xll.BDH("ALGEV FP Equity","BS_DERIVATIVE_&_HEDGING_LIABS_ST","FY 2017","FY 2017","Currency=EUR","Period=FY","BEST_FPERIOD_OVERRIDE=FY","FILING_STATUS=MR","SCALING_FORMAT=MLN","Sort=A","Dates=H","DateFormat=P","Fill=—","Direction=H","UseDPDF=Y") -> 0.049 | K55: =_xll.BDH("ALGEV FP Equity","BS_DERIVATIVE_&_HEDGING_LIABS_ST","FY 2018","FY 2018","Currency=EUR","Period=FY","BEST_FPERIOD_OVERRIDE=FY","FILING_STATUS=MR","SCALING_FORMAT=MLN","Sort=A","Dates=H","DateFormat=P","Fill=—","Direction=H","UseDPDF=Y") -> 0 | L55: =_xll.BDH("ALGEV FP Equity","BS_DERIVATIVE_&_HEDGING_LIABS_ST","FY 2019","FY 2019","Currency=EUR","Period=FY","BEST_FPERIOD_OVERRIDE=FY","FILING_STATUS=MR","SCALING_FORMAT=MLN","Sort=A","Dates=H","DateFormat=P","Fill=—","Direction=H","UseDPDF=Y") -> 0
A56: + Dettes diverses CT | B56: OTHER_CURRENT_LIABS_DETAILED | C56: =_xll.BDH("ALGEV FP Equity","OTHER_CURRENT_LIABS_DETAILED","FY 2010","FY 2010","Currency=EUR","Period=FY","BEST_FPERIOD_OVERRIDE=FY","FILING_STATUS=MR","SCALING_FORMAT=MLN","Sort=A","Dates=H","DateFormat=P","Fill=—","Direction=H","UseDPDF=Y") -> 24.127 | D56: =_xll.BDH("ALGEV FP Equity","OTHER_CURRENT_LIABS_DETAILED","FY 2011","FY 2011","Currency=EUR","Period=FY","BEST_FPERIOD_OVERRIDE=FY","FILING_STATUS=MR","SCALING_FORMAT=MLN","Sort=A","Dates=H","DateFormat=P","Fill=—","Direction=H","UseDPDF=Y") -> 23.312 | E56: =_xll.BDH("ALGEV FP Equity","OTHER_CURRENT_LIABS_DETAILED","FY 2012","FY 2012","Currency=EUR","Period=FY","BEST_FPERIOD_OVERRIDE=FY","FILING_STATUS=MR","SCALING_FORMAT=MLN","Sort=A","Dates=H","DateFormat=P","Fill=—","Direction=H","UseDPDF=Y") -> 22.53 | F56: =_xll.BDH("ALGEV FP Equity","OTHER_CURRENT_LIABS_DETAILED","FY 2013","FY 2013","Currency=EUR","Period=FY","BEST_FPERIOD_OVERRIDE=FY","FILING_STATUS=MR","SCALING_FORMAT=MLN","Sort=A","Dates=H","DateFormat=P","Fill=—","Direction=H","UseDPDF=Y") -> 21.349 | G56: =_xll.BDH("ALGEV FP Equity","OTHER_CURRENT_LIABS_DETAILED","FY 2014","FY 2014","Currency=EUR","Period=FY","BEST_FPERIOD_OVERRIDE=FY","FILING_STATUS=MR","SCALING_FORMAT=MLN","Sort=A","Dates=H","DateFormat=P","Fill=—","Direction=H","UseDPDF=Y") -> 56.032 | H56: =_xll.BDH("ALGEV FP Equity","OTHER_CURRENT_LIABS_DETAILED","FY 2015","FY 2015","Currency=EUR","Period=FY","BEST_FPERIOD_OVERRIDE=FY","FILING_STATUS=MR","SCALING_FORMAT=MLN","Sort=A","Dates=H","DateFormat=P","Fill=—","Direction=H","UseDPDF=Y") -> 61.507 | I56: =_xll.BDH("ALGEV FP Equity","OTHER_CURRENT_LIABS_DETAILED","FY 2016","FY 2016","Currency=EUR","Period=FY","BEST_FPERIOD_OVERRIDE=FY","FILING_STATUS=MR","SCALING_FORMAT=MLN","Sort=A","Dates=H","DateFormat=P","Fill=—","Direction=H","UseDPDF=Y") -> 78.231 | J56: =_xll.BDH("ALGEV FP Equity","OTHER_CURRENT_LIABS_DETAILED","FY 2017","FY 2017","Currency=EUR","Period=FY","BEST_FPERIOD_OVERRIDE=FY","FILING_STATUS=MR","SCALING_FORMAT=MLN","Sort=A","Dates=H","DateFormat=P","Fill=—","Direction=H","UseDPDF=Y") -> 65.094 | K56: =_xll.BDH("ALGEV FP Equity","OTHER_CURRENT_LIABS_DETAILED","FY 2018","FY 2018","Currency=EUR","Period=FY","BEST_FPERIOD_OVERRIDE=FY","FILING_STATUS=MR","SCALING_FORMAT=MLN","Sort=A","Dates=H","DateFormat=P","Fill=—","Direction=H","UseDPDF=Y") -> 1.605 | L56: =_xll.BDH("ALGEV FP Equity","OTHER_CURRENT_LIABS_DETAILED","FY 2019","FY 2019","Currency=EUR","Period=FY","BEST_FPERIOD_OVERRIDE=FY","FILING_STATUS=MR","SCALING_FORMAT=MLN","Sort=A","Dates=H","DateFormat=P","Fill=—","Direction=H","UseDPDF=Y") -> 1.19
A57: Total des dettes court terme | B57: BS_CUR_LIAB | C57: =_xll.BDH("ALGEV FP Equity","BS_CUR_LIAB","FY 2010","FY 2010","Currency=EUR","Period=FY","BEST_FPERIOD_OVERRIDE=FY","FILING_STATUS=MR","SCALING_FORMAT=MLN","Sort=A","Dates=H","DateFormat=P","Fill=—","Direction=H","UseDPDF=Y") -> 55.062 | D57: =_xll.BDH("ALGEV FP Equity","BS_CUR_LIAB","FY 2011","FY 2011","Currency=EUR","Period=FY","BEST_FPERIOD_OVERRIDE=FY","FILING_STATUS=MR","SCALING_FORMAT=MLN","Sort=A","Dates=H","DateFormat=P","Fill=—","Direction=H","UseDPDF=Y") -> 61.764 | E57: =_xll.BDH("ALGEV FP Equity","BS_CUR_LIAB","FY 2012","FY 2012","Currency=EUR","Period=FY","BEST_FPERIOD_OVERRIDE=FY","FILING_STATUS=MR","SCALING_FORMAT=MLN","Sort=A","Dates=H","DateFormat=P","Fill=—","Direction=H","UseDPDF=Y") -> 56.117 | F57: =_xll.BDH("ALGEV FP Equity","BS_CUR_LIAB","FY 2013","FY 2013","Currency=EUR","Period=FY","BEST_FPERIOD_OVERRIDE=FY","FILING_STATUS=MR","SCALING_FORMAT=MLN","Sort=A","Dates=H","DateFormat=P","Fill=—","Direction=H","UseDPDF=Y") -> 66.427 | G57: =_xll.BDH("ALGEV FP Equity","BS_CUR_LIAB","FY 2014","FY 2014","Currency=EUR","Period=FY","BEST_FPERIOD_OVERRIDE=FY","FILING_STATUS=MR","SCALING_FORMAT=MLN","Sort=A","Dates=H","DateFormat=P","Fill=—","Direction=H","UseDPDF=Y") -> 113.398 | H57: =_xll.BDH("ALGEV FP Equity","BS_CUR_LIAB","FY 2015","FY 2015","Currency=EUR","Period=FY","BEST_FPERIOD_OVERRIDE=FY","FILING_STATUS=MR","SCALING_FORMAT=MLN","Sort=A","Dates=H","DateFormat=P","Fill=—","Direction=H","UseDPDF=Y") -> 110.378 | I57: =_xll.BDH("ALGEV FP Equity","BS_CUR_LIAB","FY 2016","FY 2016","Currency=EUR","Period=FY","BEST_FPERIOD_OVERRIDE=FY","FILING_STATUS=MR","SCALING_FORMAT=MLN","Sort=A","Dates=H","DateFormat=P","Fill=—","Direction=H","UseDPDF=Y") -> 120.488 | J57: =_xll.BDH("ALGEV FP Equity","BS_CUR_LIAB","FY 2017","FY 2017","Currency=EUR","Period=FY","BEST_FPERIOD_OVERRIDE=FY","FILING_STATUS=MR","SCALING_FORMAT=MLN","Sort=A","Dates=H","DateFormat=P","Fill=—","Direction=H","UseDPDF=Y") -> 79.594 | K57: =_xll.BDH("ALGEV FP Equity","BS_CUR_LIAB","FY 2018","FY 2018","Currency=EUR","Period=FY","BEST_FPERIOD_OVERRIDE=FY","FILING_STATUS=MR","SCALING_FORMAT=MLN","Sort=A","Dates=H","DateFormat=P","Fill=—","Direction=H","UseDPDF=Y") -> 77.15 | L57: =_xll.BDH("ALGEV FP Equity","BS_CUR_LIAB","FY 2019","FY 2019","Currency=EUR","Period=FY","BEST_FPERIOD_OVERRIDE=FY","FILING_STATUS=MR","SCALING_FORMAT=MLN","Sort=A","Dates=H","DateFormat=P","Fill=—","Direction=H","UseDPDF=Y") -> 79.211
A58: + Dette LT | B58: BS_LT_BORROW | C58: =_xll.BDH("ALGEV FP Equity","BS_LT_BORROW","FY 2010","FY 2010","Currency=EUR","Period=FY","BEST_FPERIOD_OVERRIDE=FY","FILING_STATUS=MR","SCALING_FORMAT=MLN","Sort=A","Dates=H","DateFormat=P","Fill=—","Direction=H","UseDPDF=Y") -> 9.808 | D58: =_xll.BDH("ALGEV FP Equity","BS_LT_BORROW","FY 2011","FY 2011","Currency=EUR","Period=FY","BEST_FPERIOD_OVERRIDE=FY","FILING_STATUS=MR","SCALING_FORMAT=MLN","Sort=A","Dates=H","DateFormat=P","Fill=—","Direction=H","UseDPDF=Y") -> 6.161 | E58: =_xll.BDH("ALGEV FP Equity","BS_LT_BORROW","FY 2012","FY 2012","Currency=EUR","Period=FY","BEST_FPERIOD_OVERRIDE=FY","FILING_STATUS=MR","SCALING_FORMAT=MLN","Sort=A","Dates=H","DateFormat=P","Fill=—","Direction=H","UseDPDF=Y") -> 7.876 | F58: =_xll.BDH("ALGEV FP Equity","BS_LT_BORROW","FY 2013","FY 2013","Currency=EUR","Period=FY","BEST_FPERIOD_OVERRIDE=FY","FILING_STATUS=MR","SCALING_FORMAT=MLN","Sort=A","Dates=H","DateFormat=P","Fill=—","Direction=H","UseDPDF=Y") -> 14.568 | G58: =_xll.BDH("ALGEV FP Equity","BS_LT_BORROW","FY 2014","FY 2014","Currency=EUR","Period=FY","BEST_FPERIOD_OVERRIDE=FY","FILING_STATUS=MR","SCALING_FORMAT=MLN","Sort=A","Dates=H","DateFormat=P","Fill=—","Direction=H","UseDPDF=Y") -> 17.847 | H58: =_xll.BDH("ALGEV FP Equity","BS_LT_BORROW","FY 2015","FY 2015","Currency=EUR","Period=FY","BEST_FPERIOD_OVERRIDE=FY","FILING_STATUS=MR","SCALING_FORMAT=MLN","Sort=A","Dates=H","DateFormat=P","Fill=—","Direction=H","UseDPDF=Y") -> 16.473 | I58: =_xll.BDH("ALGEV FP Equity","BS_LT_BORROW","FY 2016","FY 2016","Currency=EUR","Period=FY","BEST_FPERIOD_OVERRIDE=FY","FILING_STATUS=MR","SCALING_FORMAT=MLN","Sort=A","Dates=H","DateFormat=P","Fill=—","Direction=H","UseDPDF=Y") -> 21.946 | J58: =_xll.BDH("ALGEV FP Equity","BS_LT_BORROW","FY 2017","FY 2017","Currency=EUR","Period=FY","BEST_FPERIOD_OVERRIDE=FY","FILING_STATUS=MR","SCALING_FORMAT=MLN","Sort=A","Dates=H","DateFormat=P","Fill=—","Direction=H","UseDPDF=Y") -> 9.883 | K58: =_xll.BDH("ALGEV FP Equity","BS_LT_BORROW","FY 2018","FY 2018","Currency=EUR","Period=FY","BEST_FPERIOD_OVERRIDE=FY","FILING_STATUS=MR","SCALING_FORMAT=MLN","Sort=A","Dates=H","DateFormat=P","Fill=—","Direction=H","UseDPDF=Y") -> 7.254 | L58: =_xll.BDH("ALGEV FP Equity","BS_LT_BORROW","FY 2019","FY 2019","Currency=EUR","Period=FY","BEST_FPERIOD_OVERRIDE=FY","FILING_STATUS=MR","SCALING_FORMAT=MLN","Sort=A","Dates=H","DateFormat=P","Fill=—","Direction=H","UseDPDF=Y") -> 7.708
A59: + Emprunts LT | B59: LONG_TERM_BORROWINGS_DETAILED | C59: =_xll.BDH("ALGEV FP Equity","LONG_TERM_BORROWINGS_DETAILED","FY 2010","FY 2010","Currency=EUR","Period=FY","BEST_FPERIOD_OVERRIDE=FY","FILING_STATUS=MR","SCALING_FORMAT=MLN","Sort=A","Dates=H","DateFormat=P","Fill=—","Direction=H","UseDPDF=Y") -> 5.019 | D59: =_xll.BDH("ALGEV FP Equity","LONG_TERM_BORROWINGS_DETAILED","FY 2011","FY 2011","Currency=EUR","Period=FY","BEST_FPERIOD_OVERRIDE=FY","FILING_STATUS=MR","SCALING_FORMAT=MLN","Sort=A","Dates=H","DateFormat=P","Fill=—","Direction=H","UseDPDF=Y") -> 3.38 | E59: =_xll.BDH("ALGEV FP Equity","LONG_TERM_BORROWINGS_DETAILED","FY 2012","FY 2012","Currency=EUR","Period=FY","BEST_FPERIOD_OVERRIDE=FY","FILING_STATUS=MR","SCALING_FORMAT=MLN","Sort=A","Dates=H","DateFormat=P","Fill=—","Direction=H","UseDPDF=Y") -> 3.717 | F59: 0 | G59: 0 | H59: 0 | I59: =_xll.BDH("ALGEV FP Equity","LONG_TERM_BORROWINGS_DETAILED","FY 2016","FY 2016","Currency=EUR","Period=FY","BEST_FPERIOD_OVERRIDE=FY","FILING_STATUS=MR","SCALING_FORMAT=MLN","Sort=A","Dates=H","DateFormat=P","Fill=—","Direction=H","UseDPDF=Y") -> 21.946 | J59: =_xll.BDH("ALGEV FP Equity","LONG_TERM_BORROWINGS_DETAILED","FY 2017","FY 2017","Currency=EUR","Period=FY","BEST_FPERIOD_OVERRIDE=FY","FILING_STATUS=MR","SCALING_FORMAT=MLN","Sort=A","Dates=H","DateFormat=P","Fill=—","Direction=H","UseDPDF=Y") -> 9.883 | K59: =_xll.BDH("ALGEV FP Equity","LONG_TERM_BORROWINGS_DETAILED","FY 2018","FY 2018","Currency=EUR","Period=FY","BEST_FPERIOD_OVERRIDE=FY","FILING_STATUS=MR","SCALING_FORMAT=MLN","Sort=A","Dates=H","DateFormat=P","Fill=—","Direction=H","UseDPDF=Y") -> 7.254 | L59: =_xll.BDH("ALGEV FP Equity","LONG_TERM_BORROWINGS_DETAILED","FY 2019","FY 2019","Currency=EUR","Period=FY","BEST_FPERIOD_OVERRIDE=FY","FILING_STATUS=MR","SCALING_FORMAT=MLN","Sort=A","Dates=H","DateFormat=P","Fill=—","Direction=H","UseDPDF=Y") -> 2.677
A60: + LT Lease Liabilities | B60: LT_CAPITALIZED_LEASE_LIABILITIES | C60: =_xll.BDH("ALGEV FP Equity","LT_CAPITALIZED_LEASE_LIABILITIES","FY 2010","FY 2010","Currency=EUR","Period=FY","BEST_FPERIOD_OVERRIDE=FY","FILING_STATUS=MR","SCALING_FORMAT=MLN","Sort=A","Dates=H","DateFormat=P","Fill=—","Direction=H","UseDPDF=Y") -> 4.789 | D60: =_xll.BDH("ALGEV FP Equity","LT_CAPITALIZED_LEASE_LIABILITIES","FY 2011","FY 2011","Currency=EUR","Period=FY","BEST_FPERIOD_OVERRIDE=FY","FILING_STATUS=MR","SCALING_FORMAT=MLN","Sort=A","Dates=H","DateFormat=P","Fill=—","Direction=H","UseDPDF=Y") -> 2.781 | E60: =_xll.BDH("ALGEV FP Equity","LT_CAPITALIZED_LEASE_LIABILITIES","FY 2012","FY 2012","Currency=EUR","Period=FY","BEST_FPERIOD_OVERRIDE=FY","FILING_STATUS=MR","SCALING_FORMAT=MLN","Sort=A","Dates=H","DateFormat=P","Fill=—","Direction=H","UseDPDF=Y") -> 4.159 | F60: 0 | G60: 0 | H60: 0 | I60: 0 | J60: 0 | K60: 0 | L60: =_xll.BDH("ALGEV FP Equity","LT_CAPITALIZED_LEASE_LIABILITIES","FY 2019","FY 2019","Currency=EUR","Period=FY","BEST_FPERIOD_OVERRIDE=FY","FILING_STATUS=MR","SCALING_FORMAT=MLN","Sort=A","Dates=H","DateFormat=P","Fill=—","Direction=H","UseDPDF=Y") -> 5.031
A61: + Leasing financier LT | B61: LT_CAPITAL_LEASE_OBLIGATIONS | C61: =_xll.BDH("ALGEV FP Equity","LT_CAPITAL_LEASE_OBLIGATIONS","FY 2010","FY 2010","Currency=EUR","Period=FY","BEST_FPERIOD_OVERRIDE=FY","FILING_STATUS=MR","SCALING_FORMAT=MLN","Sort=A","Dates=H","DateFormat=P","Fill=—","Direction=H","UseDPDF=Y") -> 4.789 | D61: =_xll.BDH("ALGEV FP Equity","LT_CAPITAL_LEASE_OBLIGATIONS","FY 2011","FY 2011","Currency=EUR","Period=FY","BEST_FPERIOD_OVERRIDE=FY","FILING_STATUS=MR","SCALING_FORMAT=MLN","Sort=A","Dates=H","DateFormat=P","Fill=—","Direction=H","UseDPDF=Y") -> 2.781 | E61: =_xll.BDH("ALGEV FP Equity","LT_CAPITAL_LEASE_OBLIGATIONS","FY 2012","FY 2012","Currency=EUR","Period=FY","BEST_FPERIOD_OVERRIDE=FY","FILING_STATUS=MR","SCALING_FORMAT=MLN","Sort=A","Dates=H","DateFormat=P","Fill=—","Direction=H","UseDPDF=Y") -> 4.159 | F61: 0 | G61: 0 | H61: 0 | I61: 0 | J61: 0 | K61: 0 | L61: =_xll.BDH("ALGEV FP Equity","LT_CAPITAL_LEASE_OBLIGATIONS","FY 2019","FY 2019","Currency=EUR","Period=FY","BEST_FPERIOD_OVERRIDE=FY","FILING_STATUS=MR","SCALING_FORMAT=MLN","Sort=A","Dates=H","DateFormat=P","Fill=—","Direction=H","UseDPDF=Y") -> —
A62: + Autres passifs LT | B62: OTHER_NONCUR_LIABS_SUB_DETAILED | C62: =_xll.BDH("ALGEV FP Equity","OTHER_NONCUR_LIABS_SUB_DETAILED","FY 2010","FY 2010","Currency=EUR","Period=FY","BEST_FPERIOD_OVERRIDE=FY","FILING_STATUS=MR","SCALING_FORMAT=MLN","Sort=A","Dates=H","DateFormat=P","Fill=—","Direction=H","UseDPDF=Y") -> 14.599 | D62: =_xll.BDH("ALGEV FP Equity","OTHER_NONCUR_LIABS_SUB_DETAILED","FY 2011","FY 2011","Currency=EUR","Period=FY","BEST_FPERIOD_OVERRIDE=FY","FILING_STATUS=MR","SCALING_FORMAT=MLN","Sort=A","Dates=H","DateFormat=P","Fill=—","Direction=H","UseDPDF=Y") -> 15.828 | E62: =_xll.BDH("ALGEV FP Equity","OTHER_NONCUR_LIABS_SUB_DETAILED","FY 2012","FY 2012","Currency=EUR","Period=FY","BEST_FPERIOD_OVERRIDE=FY","FILING_STATUS=MR","SCALING_FORMAT=MLN","Sort=A","Dates=H","DateFormat=P","Fill=—","Direction=H","UseDPDF=Y") -> 7.52 | F62: =_xll.BDH("ALGEV FP Equity","OTHER_NONCUR_LIABS_SUB_DETAILED","FY 2013","FY 2013","Currency=EUR","Period=FY","BEST_FPERIOD_OVERRIDE=FY","FILING_STATUS=MR","SCALING_FORMAT=MLN","Sort=A","Dates=H","DateFormat=P","Fill=—","Direction=H","UseDPDF=Y") -> 9.088 | G62: =_xll.BDH("ALGEV FP Equity","OTHER_NONCUR_LIABS_SUB_DETAILED","FY 2014","FY 2014","Currency=EUR","Period=FY","BEST_FPERIOD_OVERRIDE=FY","FILING_STATUS=MR","SCALING_FORMAT=MLN","Sort=A","Dates=H","DateFormat=P","Fill=—","Direction=H","UseDPDF=Y") -> 10.04 | H62: =_xll.BDH("ALGEV FP Equity","OTHER_NONCUR_LIABS_SUB_DETAILED","FY 2015","FY 2015","Currency=EUR","Period=FY","BEST_FPERIOD_OVERRIDE=FY","FILING_STATUS=MR","SCALING_FORMAT=MLN","Sort=A","Dates=H","DateFormat=P","Fill=—","Direction=H","UseDPDF=Y") -> 11.845 | I62: =_xll.BDH("ALGEV FP Equity","OTHER_NONCUR_LIABS_SUB_DETAILED","FY 2016","FY 2016","Currency=EUR","Period=FY","BEST_FPERIOD_OVERRIDE=FY","FILING_STATUS=MR","SCALING_FORMAT=MLN","Sort=A","Dates=H","DateFormat=P","Fill=—","Direction=H","UseDPDF=Y") -> 10.028 | J62: =_xll.BDH("ALGEV FP Equity","OTHER_NONCUR_LIABS_SUB_DETAILED","FY 2017","FY 2017","Currency=EUR","Period=FY","BEST_FPERIOD_OVERRIDE=FY","FILING_STATUS=MR","SCALING_FORMAT=MLN","Sort=A","Dates=H","DateFormat=P","Fill=—","Direction=H","UseDPDF=Y") -> 4.513 | K62: =_xll.BDH("ALGEV FP Equity","OTHER_NONCUR_LIABS_SUB_DETAILED","FY 2018","FY 2018","Currency=EUR","Period=FY","BEST_FPERIOD_OVERRIDE=FY","FILING_STATUS=MR","SCALING_FORMAT=MLN","Sort=A","Dates=H","DateFormat=P","Fill=—","Direction=H","UseDPDF=Y") -> 4.349 | L62: =_xll.BDH("ALGEV FP Equity","OTHER_NONCUR_LIABS_SUB_DETAILED","FY 2019","FY 2019","Currency=EUR","Period=FY","BEST_FPERIOD_OVERRIDE=FY","FILING_STATUS=MR","SCALING_FORMAT=MLN","Sort=A","Dates=H","DateFormat=P","Fill=—","Direction=H","UseDPDF=Y") -> 10.223
A63: + Dettes courues | B63: BS_ACCRUED_LIABILITIES | C63: =_xll.BDH("ALGEV FP Equity","BS_ACCRUED_LIABILITIES","FY 2010","FY 2010","Currency=EUR","Period=FY","BEST_FPERIOD_OVERRIDE=FY","FILING_STATUS=MR","SCALING_FORMAT=MLN","Sort=A","Dates=H","DateFormat=P","Fill=—","Direction=H","UseDPDF=Y") -> — | D63: =_xll.BDH("ALGEV FP Equity","BS_ACCRUED_LIABILITIES","FY 2011","FY 2011","Currency=EUR","Period=FY","BEST_FPERIOD_OVERRIDE=FY","FILING_STATUS=MR","SCALING_FORMAT=MLN","Sort=A","Dates=H","DateFormat=P","Fill=—","Direction=H","UseDPDF=Y") -> — | E63: =_xll.BDH("ALGEV FP Equity","BS_ACCRUED_LIABILITIES","FY 2012","FY 2012","Currency=EUR","Period=FY","BEST_FPERIOD_OVERRIDE=FY","FILING_STATUS=MR","SCALING_FORMAT=MLN","Sort=A","Dates=H","DateFormat=P","Fill=—","Direction=H","UseDPDF=Y") -> — | F63: =_xll.BDH("ALGEV FP Equity","BS_ACCRUED_LIABILITIES","FY 2013","FY 2013","Currency=EUR","Period=FY","BEST_FPERIOD_OVERRIDE=FY","FILING_STATUS=MR","SCALING_FORMAT=MLN","Sort=A","Dates=H","DateFormat=P","Fill=—","Direction=H","UseDPDF=Y") -> — | G63: =_xll.BDH("ALGEV FP Equity","BS_ACCRUED_LIABILITIES","FY 2014","FY 2014","Currency=EUR","Period=FY","BEST_FPERIOD_OVERRIDE=FY","FILING_STATUS=MR","SCALING_FORMAT=MLN","Sort=A","Dates=H","DateFormat=P","Fill=—","Direction=H","UseDPDF=Y") -> — | H63: =_xll.BDH("ALGEV FP Equity","BS_ACCRUED_LIABILITIES","FY 2015","FY 2015","Currency=EUR","Period=FY","BEST_FPERIOD_OVERRIDE=FY","FILING_STATUS=MR","SCALING_FORMAT=MLN","Sort=A","Dates=H","DateFormat=P","Fill=—","Direction=H","UseDPDF=Y") -> — | I63: =_xll.BDH("ALGEV FP Equity","BS_ACCRUED_LIABILITIES","FY 2016","FY 2016","Currency=EUR","Period=FY","BEST_FPERIOD_OVERRIDE=FY","FILING_STATUS=MR","SCALING_FORMAT=MLN","Sort=A","Dates=H","DateFormat=P","Fill=—","Direction=H","UseDPDF=Y") -> 0 | J63: =_xll.BDH("ALGEV FP Equity","BS_ACCRUED_LIABILITIES","FY 2017","FY 2017","Currency=EUR","Period=FY","BEST_FPERIOD_OVERRIDE=FY","FILING_STATUS=MR","SCALING_FORMAT=MLN","Sort=A","Dates=H","DateFormat=P","Fill=—","Direction=H","UseDPDF=Y") -> 0 | K63: =_xll.BDH("ALGEV FP Equity","BS_ACCRUED_LIABILITIES","FY 2018","FY 2018","Currency=EUR","Period=FY","BEST_FPERIOD_OVERRIDE=FY","FILING_STATUS=MR","SCALING_FORMAT=MLN","Sort=A","Dates=H","DateFormat=P","Fill=—","Direction=H","UseDPDF=Y") -> 0 | L63: =_xll.BDH("ALGEV FP Equity","BS_ACCRUED_LIABILITIES","FY 2019","FY 2019","Currency=EUR","Period=FY","BEST_FPERIOD_OVERRIDE=FY","FILING_STATUS=MR","SCALING_FORMAT=MLN","Sort=A","Dates=H","DateFormat=P","Fill=—","Direction=H","UseDPDF=Y") -> 0
A64: + Passif de retraites | B64: PENSION_LIABILITIES | C64: =_xll.BDH("ALGEV FP Equity","PENSION_LIABILITIES","FY 2010","FY 2010","Currency=EUR","Period=FY","BEST_FPERIOD_OVERRIDE=FY","FILING_STATUS=MR","SCALING_FORMAT=MLN","Sort=A","Dates=H","DateFormat=P","Fill=—","Direction=H","UseDPDF=Y") -> — | D64: =_xll.BDH("ALGEV FP Equity","PENSION_LIABILITIES","FY 2011","FY 2011","Currency=EUR","Period=FY","BEST_FPERIOD_OVERRIDE=FY","FILING_STATUS=MR","SCALING_FORMAT=MLN","Sort=A","Dates=H","DateFormat=P","Fill=—","Direction=H","UseDPDF=Y") -> — | E64: =_xll.BDH("ALGEV FP Equity","PENSION_LIABILITIES","FY 2012","FY 2012","Currency=EUR","Period=FY","BEST_FPERIOD_OVERRIDE=FY","FILING_STATUS=MR","SCALING_FORMAT=MLN","Sort=A","Dates=H","DateFormat=P","Fill=—","Direction=H","UseDPDF=Y") -> — | F64: =_xll.BDH("ALGEV FP Equity","PENSION_LIABILITIES","FY 2013","FY 2013","Currency=EUR","Period=FY","BEST_FPERIOD_OVERRIDE=FY","FILING_STATUS=MR","SCALING_FORMAT=MLN","Sort=A","Dates=H","DateFormat=P","Fill=—","Direction=H","UseDPDF=Y") -> — | G64: =_xll.BDH("ALGEV FP Equity","PENSION_LIABILITIES","FY 2014","FY 2014","Currency=EUR","Period=FY","BEST_FPERIOD_OVERRIDE=FY","FILING_STATUS=MR","SCALING_FORMAT=MLN","Sort=A","Dates=H","DateFormat=P","Fill=—","Direction=H","UseDPDF=Y") -> — | H64: =_xll.BDH("ALGEV FP Equity","PENSION_LIABILITIES","FY 2015","FY 2015","Currency=EUR","Period=FY","BEST_FPERIOD_OVERRIDE=FY","FILING_STATUS=MR","SCALING_FORMAT=MLN","Sort=A","Dates=H","DateFormat=P","Fill=—","Direction=H","UseDPDF=Y") -> — | I64: =_xll.BDH("ALGEV FP Equity","PENSION_LIABILITIES","FY 2016","FY 2016","Currency=EUR","Period=FY","BEST_FPERIOD_OVERRIDE=FY","FILING_STATUS=MR","SCALING_FORMAT=MLN","Sort=A","Dates=H","DateFormat=P","Fill=—","Direction=H","UseDPDF=Y") -> 9.437 | J64: =_xll.BDH("ALGEV FP Equity","PENSION_LIABILITIES","FY 2017","FY 2017","Currency=EUR","Period=FY","BEST_FPERIOD_OVERRIDE=FY","FILING_STATUS=MR","SCALING_FORMAT=MLN","Sort=A","Dates=H","DateFormat=P","Fill=—","Direction=H","UseDPDF=Y") -> 2.337 | K64: =_xll.BDH("ALGEV FP Equity","PENSION_LIABILITIES","FY 2018","FY 2018","Currency=EUR","Period=FY","BEST_FPERIOD_OVERRIDE=FY","FILING_STATUS=MR","SCALING_FORMAT=MLN","Sort=A","Dates=H","DateFormat=P","Fill=—","Direction=H","UseDPDF=Y") -> 2.291 | L64: =_xll.BDH("ALGEV FP Equity","PENSION_LIABILITIES","FY 2019","FY 2019","Currency=EUR","Period=FY","BEST_FPERIOD_OVERRIDE=FY","FILING_STATUS=MR","SCALING_FORMAT=MLN","Sort=A","Dates=H","DateFormat=P","Fill=—","Direction=H","UseDPDF=Y") -> 2.603
A65: + Revenus différés | B65: LT_DEFERRED_REVENUE | C65: =_xll.BDH("ALGEV FP Equity","LT_DEFERRED_REVENUE","FY 2010","FY 2010","Currency=EUR","Period=FY","BEST_FPERIOD_OVERRIDE=FY","FILING_STATUS=MR","SCALING_FORMAT=MLN","Sort=A","Dates=H","DateFormat=P","Fill=—","Direction=H","UseDPDF=Y") -> — | D65: =_xll.BDH("ALGEV FP Equity","LT_DEFERRED_REVENUE","FY 2011","FY 2011","Currency=EUR","Period=FY","BEST_FPERIOD_OVERRIDE=FY","FILING_STATUS=MR","SCALING_FORMAT=MLN","Sort=A","Dates=H","DateFormat=P","Fill=—","Direction=H","UseDPDF=Y") -> — | E65: =_xll.BDH("ALGEV FP Equity","LT_DEFERRED_REVENUE","FY 2012","FY 2012","Currency=EUR","Period=FY","BEST_FPERIOD_OVERRIDE=FY","FILING_STATUS=MR","SCALING_FORMAT=MLN","Sort=A","Dates=H","DateFormat=P","Fill=—","Direction=H","UseDPDF=Y") -> — | F65: =_xll.BDH("ALGEV FP Equity","LT_DEFERRED_REVENUE","FY 2013","FY 2013","Currency=EUR","Period=FY","BEST_FPERIOD_OVERRIDE=FY","FILING_STATUS=MR","SCALING_FORMAT=MLN","Sort=A","Dates=H","DateFormat=P","Fill=—","Direction=H","UseDPDF=Y") -> — | G65: =_xll.BDH("ALGEV FP Equity","LT_DEFERRED_REVENUE","FY 2014","FY 2014","Currency=EUR","Period=FY","BEST_FPERIOD_OVERRIDE=FY","FILING_STATUS=MR","SCALING_FORMAT=MLN","Sort=A","Dates=H","DateFormat=P","Fill=—","Direction=H","UseDPDF=Y") -> — | H65: =_xll.BDH("ALGEV FP Equity","LT_DEFERRED_REVENUE","FY 2015","FY 2015","Currency=EUR","Period=FY","BEST_FPERIOD_OVERRIDE=FY","FILING_STATUS=MR","SCALING_FORMAT=MLN","Sort=A","Dates=H","DateFormat=P","Fill=—","Direction=H","UseDPDF=Y") -> — | I65: =_xll.BDH("ALGEV FP Equity","LT_DEFERRED_REVENUE","FY 2016","FY 2016","Currency=EUR","Period=FY","BEST_FPERIOD_OVERRIDE=FY","FILING_STATUS=MR","SCALING_FORMAT=MLN","Sort=A","Dates=H","DateFormat=P","Fill=—","Direction=H","UseDPDF=Y") -> 0 | J65: =_xll.BDH("ALGEV FP Equity","LT_DEFERRED_REVENUE","FY 2017","FY 2017","Currency=EUR","Period=FY","BEST_FPERIOD_OVERRIDE=FY","FILING_STATUS=MR","SCALING_FORMAT=MLN","Sort=A","Dates=H","DateFormat=P","Fill=—","Direction=H","UseDPDF=Y") -> 0 | K65: =_xll.BDH("ALGEV FP Equity","LT_DEFERRED_REVENUE","FY 2018","FY 2018","Currency=EUR","Period=FY","BEST_FPERIOD_OVERRIDE=FY","FILING_STATUS=MR","SCALING_FORMAT=MLN","Sort=A","Dates=H","DateFormat=P","Fill=—","Direction=H","UseDPDF=Y") -> 0 | L65: =_xll.BDH("ALGEV FP Equity","LT_DEFERRED_REVENUE","FY 2019","FY 2019","Currency=EUR","Period=FY","BEST_FPERIOD_OVERRIDE=FY","FILING_STATUS=MR","SCALING_FORMAT=MLN","Sort=A","Dates=H","DateFormat=P","Fill=—","Direction=H","UseDPDF=Y") -> 0
A66: + Passifs d'impôts différés | B66: BS_DEFERRED_TAX_LIABILITIES_LT | C66: =_xll.BDH("ALGEV FP Equity","BS_DEFERRED_TAX_LIABILITIES_LT","FY 2010","FY 2010","Currency=EUR","Period=FY","BEST_FPERIOD_OVERRIDE=FY","FILING_STATUS=MR","SCALING_FORMAT=MLN","Sort=A","Dates=H","DateFormat=P","Fill=—","Direction=H","UseDPDF=Y") -> — | D66: =_xll.BDH("ALGEV FP Equity","BS_DEFERRED_TAX_LIABILITIES_LT","FY 2011","FY 2011","Currency=EUR","Period=FY","BEST_FPERIOD_OVERRIDE=FY","FILING_STATUS=MR","SCALING_FORMAT=MLN","Sort=A","Dates=H","DateFormat=P","Fill=—","Direction=H","UseDPDF=Y") -> — | E66: =_xll.BDH("ALGEV FP Equity","BS_DEFERRED_TAX_LIABILITIES_LT","FY 2012","FY 2012","Currency=EUR","Period=FY","BEST_FPERIOD_OVERRIDE=FY","FILING_STATUS=MR","SCALING_FORMAT=MLN","Sort=A","Dates=H","DateFormat=P","Fill=—","Direction=H","UseDPDF=Y") -> 2.815 | F66: =_xll.BDH("ALGEV FP Equity","BS_DEFERRED_TAX_LIABILITIES_LT","FY 2013","FY 2013","Currency=EUR","Period=FY","BEST_FPERIOD_OVERRIDE=FY","FILING_STATUS=MR","SCALING_FORMAT=MLN","Sort=A","Dates=H","DateFormat=P","Fill=—","Direction=H","UseDPDF=Y") -> 2.439 | G66: =_xll.BDH("ALGEV FP Equity","BS_DEFERRED_TAX_LIABILITIES_LT","FY 2014","FY 2014","Currency=EUR","Period=FY","BEST_FPERIOD_OVERRIDE=FY","FILING_STATUS=MR","SCALING_FORMAT=MLN","Sort=A","Dates=H","DateFormat=P","Fill=—","Direction=H","UseDPDF=Y") -> 1.175 | H66: =_xll.BDH("ALGEV FP Equity","BS_DEFERRED_TAX_LIABILITIES_LT","FY 2015","FY 2015","Currency=EUR","Period=FY","BEST_FPERIOD_OVERRIDE=FY","FILING_STATUS=MR","SCALING_FORMAT=MLN","Sort=A","Dates=H","DateFormat=P","Fill=—","Direction=H","UseDPDF=Y") -> 3.176 | I66: =_xll.BDH("ALGEV FP Equity","BS_DEFERRED_TAX_LIABILITIES_LT","FY 2016","FY 2016","Currency=EUR","Period=FY","BEST_FPERIOD_OVERRIDE=FY","FILING_STATUS=MR","SCALING_FORMAT=MLN","Sort=A","Dates=H","DateFormat=P","Fill=—","Direction=H","UseDPDF=Y") -> 0 | J66: =_xll.BDH("ALGEV FP Equity","BS_DEFERRED_TAX_LIABILITIES_LT","FY 2017","FY 2017","Currency=EUR","Period=FY","BEST_FPERIOD_OVERRIDE=FY","FILING_STATUS=MR","SCALING_FORMAT=MLN","Sort=A","Dates=H","DateFormat=P","Fill=—","Direction=H","UseDPDF=Y") -> 1.816 | K66: =_xll.BDH("ALGEV FP Equity","BS_DEFERRED_TAX_LIABILITIES_LT","FY 2018","FY 2018","Currency=EUR","Period=FY","BEST_FPERIOD_OVERRIDE=FY","FILING_STATUS=MR","SCALING_FORMAT=MLN","Sort=A","Dates=H","DateFormat=P","Fill=—","Direction=H","UseDPDF=Y") -> 1.714 | L66: =_xll.BDH("ALGEV FP Equity","BS_DEFERRED_TAX_LIABILITIES_LT","FY 2019","FY 2019","Currency=EUR","Period=FY","BEST_FPERIOD_OVERRIDE=FY","FILING_STATUS=MR","SCALING_FORMAT=MLN","Sort=A","Dates=H","DateFormat=P","Fill=—","Direction=H","UseDPDF=Y") -> 1.626
A67: + Dérivés et couverture | B67: BS_DERIVATIVE_&_HEDGING_LIABS_LT | C67: =_xll.BDH("ALGEV FP Equity","BS_DERIVATIVE_&_HEDGING_LIABS_LT","FY 2010","FY 2010","Currency=EUR","Period=FY","BEST_FPERIOD_OVERRIDE=FY","FILING_STATUS=MR","SCALING_FORMAT=MLN","Sort=A","Dates=H","DateFormat=P","Fill=—","Direction=H","UseDPDF=Y") -> — | D67: =_xll.BDH("ALGEV FP Equity","BS_DERIVATIVE_&_HEDGING_LIABS_LT","FY 2011","FY 2011","Currency=EUR","Period=FY","BEST_FPERIOD_OVERRIDE=FY","FILING_STATUS=MR","SCALING_FORMAT=MLN","Sort=A","Dates=H","DateFormat=P","Fill=—","Direction=H","UseDPDF=Y") -> — | E67: =_xll.BDH("ALGEV FP Equity","BS_DERIVATIVE_&_HEDGING_LIABS_LT","FY 2012","FY 2012","Currency=EUR","Period=FY","BEST_FPERIOD_OVERRIDE=FY","FILING_STATUS=MR","SCALING_FORMAT=MLN","Sort=A","Dates=H","DateFormat=P","Fill=—","Direction=H","UseDPDF=Y") -> — | F67: =_xll.BDH("ALGEV FP Equity","BS_DERIVATIVE_&_HEDGING_LIABS_LT","FY 2013","FY 2013","Currency=EUR","Period=FY","BEST_FPERIOD_OVERRIDE=FY","FILING_STATUS=MR","SCALING_FORMAT=MLN","Sort=A","Dates=H","DateFormat=P","Fill=—","Direction=H","UseDPDF=Y") -> — | G67: =_xll.BDH("ALGEV FP Equity","BS_DERIVATIVE_&_HEDGING_LIABS_LT","FY 2014","FY 2014","Currency=EUR","Period=FY","BEST_FPERIOD_OVERRIDE=FY","FILING_STATUS=MR","SCALING_FORMAT=MLN","Sort=A","Dates=H","DateFormat=P","Fill=—","Direction=H","UseDPDF=Y") -> — | H67: =_xll.BDH("ALGEV FP Equity","BS_DERIVATIVE_&_HEDGING_LIABS_LT","FY 2015","FY 2015","Currency=EUR","Period=FY","BEST_FPERIOD_OVERRIDE=FY","FILING_STATUS=MR","SCALING_FORMAT=MLN","Sort=A","Dates=H","DateFormat=P","Fill=—","Direction=H","UseDPDF=Y") -> — | I67: =_xll.BDH("ALGEV FP Equity","BS_DERIVATIVE_&_HEDGING_LIABS_LT","FY 2016","FY 2016","Currency=EUR","Period=FY","BEST_FPERIOD_OVERRIDE=FY","FILING_STATUS=MR","SCALING_FORMAT=MLN","Sort=A","Dates=H","DateFormat=P","Fill=—","Direction=H","UseDPDF=Y") -> 0 | J67: =_xll.BDH("ALGEV FP Equity","BS_DERIVATIVE_&_HEDGING_LIABS_LT","FY 2017","FY 2017","Currency=EUR","Period=FY","BEST_FPERIOD_OVERRIDE=FY","FILING_STATUS=MR","SCALING_FORMAT=MLN","Sort=A","Dates=H","DateFormat=P","Fill=—","Direction=H","UseDPDF=Y") -> 0 | K67: =_xll.BDH("ALGEV FP Equity","BS_DERIVATIVE_&_HEDGING_LIABS_LT","FY 2018","FY 2018","Currency=EUR","Period=FY","BEST_FPERIOD_OVERRIDE=FY","FILING_STATUS=MR","SCALING_FORMAT=MLN","Sort=A","Dates=H","DateFormat=P","Fill=—","Direction=H","UseDPDF=Y") -> 0 | L67: =_xll.BDH("ALGEV FP Equity","BS_DERIVATIVE_&_HEDGING_LIABS_LT","FY 2019","FY 2019","Currency=EUR","Period=FY","BEST_FPERIOD_OVERRIDE=FY","FILING_STATUS=MR","SCALING_FORMAT=MLN","Sort=A","Dates=H","DateFormat=P","Fill=—","Direction=H","UseDPDF=Y") -> 0
A68: + Dettes diverses LT | B68: OTHER_NONCURRENT_LIABS_DETAILED | C68: =_xll.BDH("ALGEV FP Equity","OTHER_NONCURRENT_LIABS_DETAILED","FY 2010","FY 2010","Currency=EUR","Period=FY","BEST_FPERIOD_OVERRIDE=FY","FILING_STATUS=MR","SCALING_FORMAT=MLN","Sort=A","Dates=H","DateFormat=P","Fill=—","Direction=H","UseDPDF=Y") -> 14.599 | D68: =_xll.BDH("ALGEV FP Equity","OTHER_NONCURRENT_LIABS_DETAILED","FY 2011","FY 2011","Currency=EUR","Period=FY","BEST_FPERIOD_OVERRIDE=FY","FILING_STATUS=MR","SCALING_FORMAT=MLN","Sort=A","Dates=H","DateFormat=P","Fill=—","Direction=H","UseDPDF=Y") -> 15.828 | E68: =_xll.BDH("ALGEV FP Equity","OTHER_NONCURRENT_LIABS_DETAILED","FY 2012","FY 2012","Currency=EUR","Period=FY","BEST_FPERIOD_OVERRIDE=FY","FILING_STATUS=MR","SCALING_FORMAT=MLN","Sort=A","Dates=H","DateFormat=P","Fill=—","Direction=H","UseDPDF=Y") -> 4.705 | F68: =_xll.BDH("ALGEV FP Equity","OTHER_NONCURRENT_LIABS_DETAILED","FY 2013","FY 2013","Currency=EUR","Period=FY","BEST_FPERIOD_OVERRIDE=FY","FILING_STATUS=MR","SCALING_FORMAT=MLN","Sort=A","Dates=H","DateFormat=P","Fill=—","Direction=H","UseDPDF=Y") -> 6.649 | G68: =_xll.BDH("ALGEV FP Equity","OTHER_NONCURRENT_LIABS_DETAILED","FY 2014","FY 2014","Currency=EUR","Period=FY","BEST_FPERIOD_OVERRIDE=FY","FILING_STATUS=MR","SCALING_FORMAT=MLN","Sort=A","Dates=H","DateFormat=P","Fill=—","Direction=H","UseDPDF=Y") -> 8.865 | H68: =_xll.BDH("ALGEV FP Equity","OTHER_NONCURRENT_LIABS_DETAILED","FY 2015","FY 2015","Currency=EUR","Period=FY","BEST_FPERIOD_OVERRIDE=FY","FILING_STATUS=MR","SCALING_FORMAT=MLN","Sort=A","Dates=H","DateFormat=P","Fill=—","Direction=H","UseDPDF=Y") -> 8.669 | I68: =_xll.BDH("ALGEV FP Equity","OTHER_NONCURRENT_LIABS_DETAILED","FY 2016","FY 2016","Currency=EUR","Period=FY","BEST_FPERIOD_OVERRIDE=FY","FILING_STATUS=MR","SCALING_FORMAT=MLN","Sort=A","Dates=H","DateFormat=P","Fill=—","Direction=H","UseDPDF=Y") -> 0.591 | J68: =_xll.BDH("ALGEV FP Equity","OTHER_NONCURRENT_LIABS_DETAILED","FY 2017","FY 2017","Currency=EUR","Period=FY","BEST_FPERIOD_OVERRIDE=FY","FILING_STATUS=MR","SCALING_FORMAT=MLN","Sort=A","Dates=H","DateFormat=P","Fill=—","Direction=H","UseDPDF=Y") -> 0.36 | K68: =_xll.BDH("ALGEV FP Equity","OTHER_NONCURRENT_LIABS_DETAILED","FY 2018","FY 2018","Currency=EUR","Period=FY","BEST_FPERIOD_OVERRIDE=FY","FILING_STATUS=MR","SCALING_FORMAT=MLN","Sort=A","Dates=H","DateFormat=P","Fill=—","Direction=H","UseDPDF=Y") -> 0.344 | L68: =_xll.BDH("ALGEV FP Equity","OTHER_NONCURRENT_LIABS_DETAILED","FY 2019","FY 2019","Currency=EUR","Period=FY","BEST_FPERIOD_OVERRIDE=FY","FILING_STATUS=MR","SCALING_FORMAT=MLN","Sort=A","Dates=H","DateFormat=P","Fill=—","Direction=H","UseDPDF=Y") -> 5.994
A69: Passif à long terme total | B69: NON_CUR_LIAB | C69: =_xll.BDH("ALGEV FP Equity","NON_CUR_LIAB","FY 2010","FY 2010","Currency=EUR","Period=FY","BEST_FPERIOD_OVERRIDE=FY","FILING_STATUS=MR","SCALING_FORMAT=MLN","Sort=A","Dates=H","DateFormat=P","Fill=—","Direction=H","UseDPDF=Y") -> 24.407 | D69: =_xll.BDH("ALGEV FP Equity","NON_CUR_LIAB","FY 2011","FY 2011","Currency=EUR","Period=FY","BEST_FPERIOD_OVERRIDE=FY","FILING_STATUS=MR","SCALING_FORMAT=MLN","Sort=A","Dates=H","DateFormat=P","Fill=—","Direction=H","UseDPDF=Y") -> 21.989 | E69: =_xll.BDH("ALGEV FP Equity","NON_CUR_LIAB","FY 2012","FY 2012","Currency=EUR","Period=FY","BEST_FPERIOD_OVERRIDE=FY","FILING_STATUS=MR","SCALING_FORMAT=MLN","Sort=A","Dates=H","DateFormat=P","Fill=—","Direction=H","UseDPDF=Y") -> 15.396 | F69: =_xll.BDH("ALGEV FP Equity","NON_CUR_LIAB","FY 2013","FY 2013","Currency=EUR","Period=FY","BEST_FPERIOD_OVERRIDE=FY","FILING_STATUS=MR","SCALING_FORMAT=MLN","Sort=A","Dates=H","DateFormat=P","Fill=—","Direction=H","UseDPDF=Y") -> 23.656 | G69: =_xll.BDH("ALGEV FP Equity","NON_CUR_LIAB","FY 2014","FY 2014","Currency=EUR","Period=FY","BEST_FPERIOD_OVERRIDE=FY","FILING_STATUS=MR","SCALING_FORMAT=MLN","Sort=A","Dates=H","DateFormat=P","Fill=—","Direction=H","UseDPDF=Y") -> 27.887 | H69: =_xll.BDH("ALGEV FP Equity","NON_CUR_LIAB","FY 2015","FY 2015","Currency=EUR","Period=FY","BEST_FPERIOD_OVERRIDE=FY","FILING_STATUS=MR","SCALING_FORMAT=MLN","Sort=A","Dates=H","DateFormat=P","Fill=—","Direction=H","UseDPDF=Y") -> 28.318 | I69: =_xll.BDH("ALGEV FP Equity","NON_CUR_LIAB","FY 2016","FY 2016","Currency=EUR","Period=FY","BEST_FPERIOD_OVERRIDE=FY","FILING_STATUS=MR","SCALING_FORMAT=MLN","Sort=A","Dates=H","DateFormat=P","Fill=—","Direction=H","UseDPDF=Y") -> 31.974 | J69: =_xll.BDH("ALGEV FP Equity","NON_CUR_LIAB","FY 2017","FY 2017","Currency=EUR","Period=FY","BEST_FPERIOD_OVERRIDE=FY","FILING_STATUS=MR","SCALING_FORMAT=MLN","Sort=A","Dates=H","DateFormat=P","Fill=—","Direction=H","UseDPDF=Y") -> 14.396 | K69: =_xll.BDH("ALGEV FP Equity","NON_CUR_LIAB","FY 2018","FY 2018","Currency=EUR","Period=FY","BEST_FPERIOD_OVERRIDE=FY","FILING_STATUS=MR","SCALING_FORMAT=MLN","Sort=A","Dates=H","DateFormat=P","Fill=—","Direction=H","UseDPDF=Y") -> 11.603 | L69: =_xll.BDH("ALGEV FP Equity","NON_CUR_LIAB","FY 2019","FY 2019","Currency=EUR","Period=FY","BEST_FPERIOD_OVERRIDE=FY","FILING_STATUS=MR","SCALING_FORMAT=MLN","Sort=A","Dates=H","DateFormat=P","Fill=—","Direction=H","UseDPDF=Y") -> 17.931
A70: Total des dettes | B70: BS_TOT_LIAB2 | C70: =_xll.BDH("ALGEV FP Equity","BS_TOT_LIAB2","FY 2010","FY 2010","Currency=EUR","Period=FY","BEST_FPERIOD_OVERRIDE=FY","FILING_STATUS=MR","SCALING_FORMAT=MLN","Sort=A","Dates=H","DateFormat=P","Fill=—","Direction=H","UseDPDF=Y") -> 79.469 | D70: =_xll.BDH("ALGEV FP Equity","BS_TOT_LIAB2","FY 2011","FY 2011","Currency=EUR","Period=FY","BEST_FPERIOD_OVERRIDE=FY","FILING_STATUS=MR","SCALING_FORMAT=MLN","Sort=A","Dates=H","DateFormat=P","Fill=—","Direction=H","UseDPDF=Y") -> 83.753 | E70: =_xll.BDH("ALGEV FP Equity","BS_TOT_LIAB2","FY 2012","FY 2012","Currency=EUR","Period=FY","BEST_FPERIOD_OVERRIDE=FY","FILING_STATUS=MR","SCALING_FORMAT=MLN","Sort=A","Dates=H","DateFormat=P","Fill=—","Direction=H","UseDPDF=Y") -> 71.513 | F70: =_xll.BDH("ALGEV FP Equity","BS_TOT_LIAB2","FY 2013","FY 2013","Currency=EUR","Period=FY","BEST_FPERIOD_OVERRIDE=FY","FILING_STATUS=MR","SCALING_FORMAT=MLN","Sort=A","Dates=H","DateFormat=P","Fill=—","Direction=H","UseDPDF=Y") -> 90.083 | G70: =_xll.BDH("ALGEV FP Equity","BS_TOT_LIAB2","FY 2014","FY 2014","Currency=EUR","Period=FY","BEST_FPERIOD_OVERRIDE=FY","FILING_STATUS=MR","SCALING_FORMAT=MLN","Sort=A","Dates=H","DateFormat=P","Fill=—","Direction=H","UseDPDF=Y") -> 141.285 | H70: =_xll.BDH("ALGEV FP Equity","BS_TOT_LIAB2","FY 2015","FY 2015","Currency=EUR","Period=FY","BEST_FPERIOD_OVERRIDE=FY","FILING_STATUS=MR","SCALING_FORMAT=MLN","Sort=A","Dates=H","DateFormat=P","Fill=—","Direction=H","UseDPDF=Y") -> 138.696 | I70: =_xll.BDH("ALGEV FP Equity","BS_TOT_LIAB2","FY 2016","FY 2016","Currency=EUR","Period=FY","BEST_FPERIOD_OVERRIDE=FY","FILING_STATUS=MR","SCALING_FORMAT=MLN","Sort=A","Dates=H","DateFormat=P","Fill=—","Direction=H","UseDPDF=Y") -> 152.462 | J70: =_xll.BDH("ALGEV FP Equity","BS_TOT_LIAB2","FY 2017","FY 2017","Currency=EUR","Period=FY","BEST_FPERIOD_OVERRIDE=FY","FILING_STATUS=MR","SCALING_FORMAT=MLN","Sort=A","Dates=H","DateFormat=P","Fill=—","Direction=H","UseDPDF=Y") -> 93.99 | K70: =_xll.BDH("ALGEV FP Equity","BS_TOT_LIAB2","FY 2018","FY 2018","Currency=EUR","Period=FY","BEST_FPERIOD_OVERRIDE=FY","FILING_STATUS=MR","SCALING_FORMAT=MLN","Sort=A","Dates=H","DateFormat=P","Fill=—","Direction=H","UseDPDF=Y") -> 88.753 | L70: =_xll.BDH("ALGEV FP Equity","BS_TOT_LIAB2","FY 2019","FY 2019","Currency=EUR","Period=FY","BEST_FPERIOD_OVERRIDE=FY","FILING_STATUS=MR","SCALING_FORMAT=MLN","Sort=A","Dates=H","DateFormat=P","Fill=—","Direction=H","UseDPDF=Y") -> 97.142
A71: + Actions Preferred et capital hybride | B71: BS_PFD_EQTY_&_HYBRID_CPTL | C71: =_xll.BDH("ALGEV FP Equity","BS_PFD_EQTY_&_HYBRID_CPTL","FY 2010","FY 2010","Currency=EUR","Period=FY","BEST_FPERIOD_OVERRIDE=FY","FILING_STATUS=MR","SCALING_FORMAT=MLN","Sort=A","Dates=H","DateFormat=P","Fill=—","Direction=H","UseDPDF=Y") -> 0 | D71: =_xll.BDH("ALGEV FP Equity","BS_PFD_EQTY_&_HYBRID_CPTL","FY 2011","FY 2011","Currency=EUR","Period=FY","BEST_FPERIOD_OVERRIDE=FY","FILING_STATUS=MR","SCALING_FORMAT=MLN","Sort=A","Dates=H","DateFormat=P","Fill=—","Direction=H","UseDPDF=Y") -> 0 | E71: =_xll.BDH("ALGEV FP Equity","BS_PFD_EQTY_&_HYBRID_CPTL","FY 2012","FY 2012","Currency=EUR","Period=FY","BEST_FPERIOD_OVERRIDE=FY","FILING_STATUS=MR","SCALING_FORMAT=MLN","Sort=A","Dates=H","DateFormat=P","Fill=—","Direction=H","UseDPDF=Y") -> 0 | F71: =_xll.BDH("ALGEV FP Equity","BS_PFD_EQTY_&_HYBRID_CPTL","FY 2013","FY 2013","Currency=EUR","Period=FY","BEST_FPERIOD_OVERRIDE=FY","FILING_STATUS=MR","SCALING_FORMAT=MLN","Sort=A","Dates=H","DateFormat=P","Fill=—","Direction=H","UseDPDF=Y") -> 0 | G71: =_xll.BDH("ALGEV FP Equity","BS_PFD_EQTY_&_HYBRID_CPTL","FY 2014","FY 2014","Currency=EUR","Period=FY","BEST_FPERIOD_OVERRIDE=FY","FILING_STATUS=MR","SCALING_FORMAT=MLN","Sort=A","Dates=H","DateFormat=P","Fill=—","Direction=H","UseDPDF=Y") -> 0 | H71: =_xll.BDH("ALGEV FP Equity","BS_PFD_EQTY_&_HYBRID_CPTL","FY 2015","FY 2015","Currency=EUR","Period=FY","BEST_FPERIOD_OVERRIDE=FY","FILING_STATUS=MR","SCALING_FORMAT=MLN","Sort=A","Dates=H","DateFormat=P","Fill=—","Direction=H","UseDPDF=Y") -> 0 | I71: =_xll.BDH("ALGEV FP Equity","BS_PFD_EQTY_&_HYBRID_CPTL","FY 2016","FY 2016","Currency=EUR","Period=FY","BEST_FPERIOD_OVERRIDE=FY","FILING_STATUS=MR","SCALING_FORMAT=MLN","Sort=A","Dates=H","DateFormat=P","Fill=—","Direction=H","UseDPDF=Y") -> 0 | J71: =_xll.BDH("ALGEV FP Equity","BS_PFD_EQTY_&_HYBRID_CPTL","FY 2017","FY 2017","Currency=EUR","Period=FY","BEST_FPERIOD_OVERRIDE=FY","FILING_STATUS=MR","SCALING_FORMAT=MLN","Sort=A","Dates=H","DateFormat=P","Fill=—","Direction=H","UseDPDF=Y") -> 0 | K71: =_xll.BDH("ALGEV FP Equity","BS_PFD_EQTY_&_HYBRID_CPTL","FY 2018","FY 2018","Currency=EUR","Period=FY","BEST_FPERIOD_OVERRIDE=FY","FILING_STATUS=MR","SCALING_FORMAT=MLN","Sort=A","Dates=H","DateFormat=P","Fill=—","Direction=H","UseDPDF=Y") -> 0 | L71: =_xll.BDH("ALGEV FP Equity","BS_PFD_EQTY_&_HYBRID_CPTL","FY 2019","FY 2019","Currency=EUR","Period=FY","BEST_FPERIOD_OVERRIDE=FY","FILING_STATUS=MR","SCALING_FORMAT=MLN","Sort=A","Dates=H","DateFormat=P","Fill=—","Direction=H","UseDPDF=Y") -> 0
A72: + Capital social et APIC | B72: BS_SH_CAP_AND_APIC | C72: =_xll.BDH("ALGEV FP Equity","BS_SH_CAP_AND_APIC","FY 2010","FY 2010","Currency=EUR","Period=FY","BEST_FPERIOD_OVERRIDE=FY","FILING_STATUS=MR","SCALING_FORMAT=MLN","Sort=A","Dates=H","DateFormat=P","Fill=—","Direction=H","UseDPDF=Y") -> 33.514 | D72: =_xll.BDH("ALGEV FP Equity","BS_SH_CAP_AND_APIC","FY 2011","FY 2011","Currency=EUR","Period=FY","BEST_FPERIOD_OVERRIDE=FY","FILING_STATUS=MR","SCALING_FORMAT=MLN","Sort=A","Dates=H","DateFormat=P","Fill=—","Direction=H","UseDPDF=Y") -> — | E72: =_xll.BDH("ALGEV FP Equity","BS_SH_CAP_AND_APIC","FY 2012","FY 2012","Currency=EUR","Period=FY","BEST_FPERIOD_OVERRIDE=FY","FILING_STATUS=MR","SCALING_FORMAT=MLN","Sort=A","Dates=H","DateFormat=P","Fill=—","Direction=H","UseDPDF=Y") -> 31.838 | F72: =_xll.BDH("ALGEV FP Equity","BS_SH_CAP_AND_APIC","FY 2013","FY 2013","Currency=EUR","Period=FY","BEST_FPERIOD_OVERRIDE=FY","FILING_STATUS=MR","SCALING_FORMAT=MLN","Sort=A","Dates=H","DateFormat=P","Fill=—","Direction=H","UseDPDF=Y") -> 31.838 | G72: =_xll.BDH("ALGEV FP Equity","BS_SH_CAP_AND_APIC","FY 2014","FY 2014","Currency=EUR","Period=FY","BEST_FPERIOD_OVERRIDE=FY","FILING_STATUS=MR","SCALING_FORMAT=MLN","Sort=A","Dates=H","DateFormat=P","Fill=—","Direction=H","UseDPDF=Y") -> 31.838 | H72: =_xll.BDH("ALGEV FP Equity","BS_SH_CAP_AND_APIC","FY 2015","FY 2015","Currency=EUR","Period=FY","BEST_FPERIOD_OVERRIDE=FY","FILING_STATUS=MR","SCALING_FORMAT=MLN","Sort=A","Dates=H","DateFormat=P","Fill=—","Direction=H","UseDPDF=Y") -> 31.262 | I72: =_xll.BDH("ALGEV FP Equity","BS_SH_CAP_AND_APIC","FY 2016","FY 2016","Currency=EUR","Period=FY","BEST_FPERIOD_OVERRIDE=FY","FILING_STATUS=MR","SCALING_FORMAT=MLN","Sort=A","Dates=H","DateFormat=P","Fill=—","Direction=H","UseDPDF=Y") -> 31.262 | J72: =_xll.BDH("ALGEV FP Equity","BS_SH_CAP_AND_APIC","FY 2017","FY 2017","Currency=EUR","Period=FY","BEST_FPERIOD_OVERRIDE=FY","FILING_STATUS=MR","SCALING_FORMAT=MLN","Sort=A","Dates=H","DateFormat=P","Fill=—","Direction=H","UseDPDF=Y") -> 28.718 | K72: =_xll.BDH("ALGEV FP Equity","BS_SH_CAP_AND_APIC","FY 2018","FY 2018","Currency=EUR","Period=FY","BEST_FPERIOD_OVERRIDE=FY","FILING_STATUS=MR","SCALING_FORMAT=MLN","Sort=A","Dates=H","DateFormat=P","Fill=—","Direction=H","UseDPDF=Y") -> 26.933 | L72: =_xll.BDH("ALGEV FP Equity","BS_SH_CAP_AND_APIC","FY 2019","FY 2019","Currency=EUR","Period=FY","BEST_FPERIOD_OVERRIDE=FY","FILING_STATUS=MR","SCALING_FORMAT=MLN","Sort=A","Dates=H","DateFormat=P","Fill=—","Direction=H","UseDPDF=Y") -> 26.933
A73: - Actions propres | B73: BS_AMT_OF_TSY_STOCK | C73: =_xll.BDH("ALGEV FP Equity","BS_AMT_OF_TSY_STOCK","FY 2010","FY 2010","Currency=EUR","Period=FY","BEST_FPERIOD_OVERRIDE=FY","FILING_STATUS=MR","SCALING_FORMAT=MLN","Sort=A","Dates=H","DateFormat=P","Fill=—","Direction=H","UseDPDF=Y") -> 0.474 | D73: =_xll.BDH("ALGEV FP Equity","BS_AMT_OF_TSY_STOCK","FY 2011","FY 2011","Currency=EUR","Period=FY","BEST_FPERIOD_OVERRIDE=FY","FILING_STATUS=MR","SCALING_FORMAT=MLN","Sort=A","Dates=H","DateFormat=P","Fill=—","Direction=H","UseDPDF=Y") -> 0.151 | E73: =_xll.BDH("ALGEV FP Equity","BS_AMT_OF_TSY_STOCK","FY 2012","FY 2012","Currency=EUR","Period=FY","BEST_FPERIOD_OVERRIDE=FY","FILING_STATUS=MR","SCALING_FORMAT=MLN","Sort=A","Dates=H","DateFormat=P","Fill=—","Direction=H","UseDPDF=Y") -> 0 | F73: =_xll.BDH("ALGEV FP Equity","BS_AMT_OF_TSY_STOCK","FY 2013","FY 2013","Currency=EUR","Period=FY","BEST_FPERIOD_OVERRIDE=FY","FILING_STATUS=MR","SCALING_FORMAT=MLN","Sort=A","Dates=H","DateFormat=P","Fill=—","Direction=H","UseDPDF=Y") -> 0.2 | G73: =_xll.BDH("ALGEV FP Equity","BS_AMT_OF_TSY_STOCK","FY 2014","FY 2014","Currency=EUR","Period=FY","BEST_FPERIOD_OVERRIDE=FY","FILING_STATUS=MR","SCALING_FORMAT=MLN","Sort=A","Dates=H","DateFormat=P","Fill=—","Direction=H","UseDPDF=Y") -> 0.907 | H73: =_xll.BDH("ALGEV FP Equity","BS_AMT_OF_TSY_STOCK","FY 2015","FY 2015","Currency=EUR","Period=FY","BEST_FPERIOD_OVERRIDE=FY","FILING_STATUS=MR","SCALING_FORMAT=MLN","Sort=A","Dates=H","DateFormat=P","Fill=—","Direction=H","UseDPDF=Y") -> 10.308 | I73: =_xll.BDH("ALGEV FP Equity","BS_AMT_OF_TSY_STOCK","FY 2016","FY 2016","Currency=EUR","Period=FY","BEST_FPERIOD_OVERRIDE=FY","FILING_STATUS=MR","SCALING_FORMAT=MLN","Sort=A","Dates=H","DateFormat=P","Fill=—","Direction=H","UseDPDF=Y") -> 10.309 | J73: =_xll.BDH("ALGEV FP Equity","BS_AMT_OF_TSY_STOCK","FY 2017","FY 2017","Currency=EUR","Period=FY","BEST_FPERIOD_OVERRIDE=FY","FILING_STATUS=MR","SCALING_FORMAT=MLN","Sort=A","Dates=H","DateFormat=P","Fill=—","Direction=H","UseDPDF=Y") -> 0 | K73: =_xll.BDH("ALGEV FP Equity","BS_AMT_OF_TSY_STOCK","FY 2018","FY 2018","Currency=EUR","Period=FY","BEST_FPERIOD_OVERRIDE=FY","FILING_STATUS=MR","SCALING_FORMAT=MLN","Sort=A","Dates=H","DateFormat=P","Fill=—","Direction=H","UseDPDF=Y") -> 0 | L73: =_xll.BDH("ALGEV FP Equity","BS_AMT_OF_TSY_STOCK","FY 2019","FY 2019","Currency=EUR","Period=FY","BEST_FPERIOD_OVERRIDE=FY","FILING_STATUS=MR","SCALING_FORMAT=MLN","Sort=A","Dates=H","DateFormat=P","Fill=—","Direction=H","UseDPDF=Y") -> 0
A74: + Bénéfices non distribués | B74: BS_PURE_RETAINED_EARNINGS | C74: =_xll.BDH("ALGEV FP Equity","BS_PURE_RETAINED_EARNINGS","FY 2010","FY 2010","Currency=EUR","Period=FY","BEST_FPERIOD_OVERRIDE=FY","FILING_STATUS=MR","SCALING_FORMAT=MLN","Sort=A","Dates=H","DateFormat=P","Fill=—","Direction=H","UseDPDF=Y") -> — | D74: =_xll.BDH("ALGEV FP Equity","BS_PURE_RETAINED_EARNINGS","FY 2011","FY 2011","Currency=EUR","Period=FY","BEST_FPERIOD_OVERRIDE=FY","FILING_STATUS=MR","SCALING_FORMAT=MLN","Sort=A","Dates=H","DateFormat=P","Fill=—","Direction=H","UseDPDF=Y") -> — | E74: =_xll.BDH("ALGEV FP Equity","BS_PURE_RETAINED_EARNINGS","FY 2012","FY 2012","Currency=EUR","Period=FY","BEST_FPERIOD_OVERRIDE=FY","FILING_STATUS=MR","SCALING_FORMAT=MLN","Sort=A","Dates=H","DateFormat=P","Fill=—","Direction=H","UseDPDF=Y") -> — | F74: =_xll.BDH("ALGEV FP Equity","BS_PURE_RETAINED_EARNINGS","FY 2013","FY 2013","Currency=EUR","Period=FY","BEST_FPERIOD_OVERRIDE=FY","FILING_STATUS=MR","SCALING_FORMAT=MLN","Sort=A","Dates=H","DateFormat=P","Fill=—","Direction=H","UseDPDF=Y") -> — | G74: =_xll.BDH("ALGEV FP Equity","BS_PURE_RETAINED_EARNINGS","FY 2014","FY 2014","Currency=EUR","Period=FY","BEST_FPERIOD_OVERRIDE=FY","FILING_STATUS=MR","SCALING_FORMAT=MLN","Sort=A","Dates=H","DateFormat=P","Fill=—","Direction=H","UseDPDF=Y") -> — | H74: =_xll.BDH("ALGEV FP Equity","BS_PURE_RETAINED_EARNINGS","FY 2015","FY 2015","Currency=EUR","Period=FY","BEST_FPERIOD_OVERRIDE=FY","FILING_STATUS=MR","SCALING_FORMAT=MLN","Sort=A","Dates=H","DateFormat=P","Fill=—","Direction=H","UseDPDF=Y") -> — | I74: =_xll.BDH("ALGEV FP Equity","BS_PURE_RETAINED_EARNINGS","FY 2016","FY 2016","Currency=EUR","Period=FY","BEST_FPERIOD_OVERRIDE=FY","FILING_STATUS=MR","SCALING_FORMAT=MLN","Sort=A","Dates=H","DateFormat=P","Fill=—","Direction=H","UseDPDF=Y") -> 172.684 | J74: =_xll.BDH("ALGEV FP Equity","BS_PURE_RETAINED_EARNINGS","FY 2017","FY 2017","Currency=EUR","Period=FY","BEST_FPERIOD_OVERRIDE=FY","FILING_STATUS=MR","SCALING_FORMAT=MLN","Sort=A","Dates=H","DateFormat=P","Fill=—","Direction=H","UseDPDF=Y") -> 165.325 | K74: =_xll.BDH("ALGEV FP Equity","BS_PURE_RETAINED_EARNINGS","FY 2018","FY 2018","Currency=EUR","Period=FY","BEST_FPERIOD_OVERRIDE=FY","FILING_STATUS=MR","SCALING_FORMAT=MLN","Sort=A","Dates=H","DateFormat=P","Fill=—","Direction=H","UseDPDF=Y") -> 162.368 | L74: =_xll.BDH("ALGEV FP Equity","BS_PURE_RETAINED_EARNINGS","FY 2019","FY 2019","Currency=EUR","Period=FY","BEST_FPERIOD_OVERRIDE=FY","FILING_STATUS=MR","SCALING_FORMAT=MLN","Sort=A","Dates=H","DateFormat=P","Fill=—","Direction=H","UseDPDF=Y") -> 169.499
A75: + Autres valeurs | B75: OTHER_EQUITY_RATIO | C75: =_xll.BDH("ALGEV FP Equity","OTHER_EQUITY_RATIO","FY 2010","FY 2010","Currency=EUR","Period=FY","BEST_FPERIOD_OVERRIDE=FY","FILING_STATUS=MR","SCALING_FORMAT=MLN","Sort=A","Dates=H","DateFormat=P","Fill=—","Direction=H","UseDPDF=Y") -> 95.999 | D75: =_xll.BDH("ALGEV FP Equity","OTHER_EQUITY_RATIO","FY 2011","FY 2011","Currency=EUR","Period=FY","BEST_FPERIOD_OVERRIDE=FY","FILING_STATUS=MR","SCALING_FORMAT=MLN","Sort=A","Dates=H","DateFormat=P","Fill=—","Direction=H","UseDPDF=Y") -> 140.947 | E75: =_xll.BDH("ALGEV FP Equity","OTHER_EQUITY_RATIO","FY 2012","FY 2012","Currency=EUR","Period=FY","BEST_FPERIOD_OVERRIDE=FY","FILING_STATUS=MR","SCALING_FORMAT=MLN","Sort=A","Dates=H","DateFormat=P","Fill=—","Direction=H","UseDPDF=Y") -> 99.337 | F75: =_xll.BDH("ALGEV FP Equity","OTHER_EQUITY_RATIO","FY 2013","FY 2013","Currency=EUR","Period=FY","BEST_FPERIOD_OVERRIDE=FY","FILING_STATUS=MR","SCALING_FORMAT=MLN","Sort=A","Dates=H","DateFormat=P","Fill=—","Direction=H","UseDPDF=Y") -> 101.433 | G75: =_xll.BDH("ALGEV FP Equity","OTHER_EQUITY_RATIO","FY 2014","FY 2014","Currency=EUR","Period=FY","BEST_FPERIOD_OVERRIDE=FY","FILING_STATUS=MR","SCALING_FORMAT=MLN","Sort=A","Dates=H","DateFormat=P","Fill=—","Direction=H","UseDPDF=Y") -> 167.316 | H75: =_xll.BDH("ALGEV FP Equity","OTHER_EQUITY_RATIO","FY 2015","FY 2015","Currency=EUR","Period=FY","BEST_FPERIOD_OVERRIDE=FY","FILING_STATUS=MR","SCALING_FORMAT=MLN","Sort=A","Dates=H","DateFormat=P","Fill=—","Direction=H","UseDPDF=Y") -> 164.414 | I75: =_xll.BDH("ALGEV FP Equity","OTHER_EQUITY_RATIO","FY 2016","FY 2016","Currency=EUR","Period=FY","BEST_FPERIOD_OVERRIDE=FY","FILING_STATUS=MR","SCALING_FORMAT=MLN","Sort=A","Dates=H","DateFormat=P","Fill=—","Direction=H","UseDPDF=Y") -> 3.796 | J75: =_xll.BDH("ALGEV FP Equity","OTHER_EQUITY_RATIO","FY 2017","FY 2017","Currency=EUR","Period=FY","BEST_FPERIOD_OVERRIDE=FY","FILING_STATUS=MR","SCALING_FORMAT=MLN","Sort=A","Dates=H","DateFormat=P","Fill=—","Direction=H","UseDPDF=Y") -> 0.949 | K75: =_xll.BDH("ALGEV FP Equity","OTHER_EQUITY_RATIO","FY 2018","FY 2018","Currency=EUR","Period=FY","BEST_FPERIOD_OVERRIDE=FY","FILING_STATUS=MR","SCALING_FORMAT=MLN","Sort=A","Dates=H","DateFormat=P","Fill=—","Direction=H","UseDPDF=Y") -> 0.279 | L75: =_xll.BDH("ALGEV FP Equity","OTHER_EQUITY_RATIO","FY 2019","FY 2019","Currency=EUR","Period=FY","BEST_FPERIOD_OVERRIDE=FY","FILING_STATUS=MR","SCALING_FORMAT=MLN","Sort=A","Dates=H","DateFormat=P","Fill=—","Direction=H","UseDPDF=Y") -> 0.823
A76: Capitaux propres avant intérêts minoritaires | B76: EQTY_BEF_MINORITY_INT_DETAILED | C76: =_xll.BDH("ALGEV FP Equity","EQTY_BEF_MINORITY_INT_DETAILED","FY 2010","FY 2010","Currency=EUR","Period=FY","BEST_FPERIOD_OVERRIDE=FY","FILING_STATUS=MR","SCALING_FORMAT=MLN","Sort=A","Dates=H","DateFormat=P","Fill=—","Direction=H","UseDPDF=Y") -> 129.039 | D76: =_xll.BDH("ALGEV FP Equity","EQTY_BEF_MINORITY_INT_DETAILED","FY 2011","FY 2011","Currency=EUR","Period=FY","BEST_FPERIOD_OVERRIDE=FY","FILING_STATUS=MR","SCALING_FORMAT=MLN","Sort=A","Dates=H","DateFormat=P","Fill=—","Direction=H","UseDPDF=Y") -> 140.796 | E76: =_xll.BDH("ALGEV FP Equity","EQTY_BEF_MINORITY_INT_DETAILED","FY 2012","FY 2012","Currency=EUR","Period=FY","BEST_FPERIOD_OVERRIDE=FY","FILING_STATUS=MR","SCALING_FORMAT=MLN","Sort=A","Dates=H","DateFormat=P","Fill=—","Direction=H","UseDPDF=Y") -> 131.175 | F76: =_xll.BDH("ALGEV FP Equity","EQTY_BEF_MINORITY_INT_DETAILED","FY 2013","FY 2013","Currency=EUR","Period=FY","BEST_FPERIOD_OVERRIDE=FY","FILING_STATUS=MR","SCALING_FORMAT=MLN","Sort=A","Dates=H","DateFormat=P","Fill=—","Direction=H","UseDPDF=Y") -> 133.071 | G76: =_xll.BDH("ALGEV FP Equity","EQTY_BEF_MINORITY_INT_DETAILED","FY 2014","FY 2014","Currency=EUR","Period=FY","BEST_FPERIOD_OVERRIDE=FY","FILING_STATUS=MR","SCALING_FORMAT=MLN","Sort=A","Dates=H","DateFormat=P","Fill=—","Direction=H","UseDPDF=Y") -> 198.247 | H76: =_xll.BDH("ALGEV FP Equity","EQTY_BEF_MINORITY_INT_DETAILED","FY 2015","FY 2015","Currency=EUR","Period=FY","BEST_FPERIOD_OVERRIDE=FY","FILING_STATUS=MR","SCALING_FORMAT=MLN","Sort=A","Dates=H","DateFormat=P","Fill=—","Direction=H","UseDPDF=Y") -> 185.368 | I76: =_xll.BDH("ALGEV FP Equity","EQTY_BEF_MINORITY_INT_DETAILED","FY 2016","FY 2016","Currency=EUR","Period=FY","BEST_FPERIOD_OVERRIDE=FY","FILING_STATUS=MR","SCALING_FORMAT=MLN","Sort=A","Dates=H","DateFormat=P","Fill=—","Direction=H","UseDPDF=Y") -> 197.433 | J76: =_xll.BDH("ALGEV FP Equity","EQTY_BEF_MINORITY_INT_DETAILED","FY 2017","FY 2017","Currency=EUR","Period=FY","BEST_FPERIOD_OVERRIDE=FY","FILING_STATUS=MR","SCALING_FORMAT=MLN","Sort=A","Dates=H","DateFormat=P","Fill=—","Direction=H","UseDPDF=Y") -> 194.992 | K76: =_xll.BDH("ALGEV FP Equity","EQTY_BEF_MINORITY_INT_DETAILED","FY 2018","FY 2018","Currency=EUR","Period=FY","BEST_FPERIOD_OVERRIDE=FY","FILING_STATUS=MR","SCALING_FORMAT=MLN","Sort=A","Dates=H","DateFormat=P","Fill=—","Direction=H","UseDPDF=Y") -> 189.58 | L76: =_xll.BDH("ALGEV FP Equity","EQTY_BEF_MINORITY_INT_DETAILED","FY 2019","FY 2019","Currency=EUR","Period=FY","BEST_FPERIOD_OVERRIDE=FY","FILING_STATUS=MR","SCALING_FORMAT=MLN","Sort=A","Dates=H","DateFormat=P","Fill=—","Direction=H","UseDPDF=Y") -> 197.255
A77: + Intérêts minoritaires/sans contrôle | B77: MINORITY_NONCONTROLLING_INTEREST | C77: =_xll.BDH("ALGEV FP Equity","MINORITY_NONCONTROLLING_INTEREST","FY 2010","FY 2010","Currency=EUR","Period=FY","BEST_FPERIOD_OVERRIDE=FY","FILING_STATUS=MR","SCALING_FORMAT=MLN","Sort=A","Dates=H","DateFormat=P","Fill=—","Direction=H","UseDPDF=Y") -> 0.037 | D77: =_xll.BDH("ALGEV FP Equity","MINORITY_NONCONTROLLING_INTEREST","FY 2011","FY 2011","Currency=EUR","Period=FY","BEST_FPERIOD_OVERRIDE=FY","FILING_STATUS=MR","SCALING_FORMAT=MLN","Sort=A","Dates=H","DateFormat=P","Fill=—","Direction=H","UseDPDF=Y") -> 0.042 | E77: =_xll.BDH("ALGEV FP Equity","MINORITY_NONCONTROLLING_INTEREST","FY 2012","FY 2012","Currency=EUR","Period=FY","BEST_FPERIOD_OVERRIDE=FY","FILING_STATUS=MR","SCALING_FORMAT=MLN","Sort=A","Dates=H","DateFormat=P","Fill=—","Direction=H","UseDPDF=Y") -> 0.044 | F77: =_xll.BDH("ALGEV FP Equity","MINORITY_NONCONTROLLING_INTEREST","FY 2013","FY 2013","Currency=EUR","Period=FY","BEST_FPERIOD_OVERRIDE=FY","FILING_STATUS=MR","SCALING_FORMAT=MLN","Sort=A","Dates=H","DateFormat=P","Fill=—","Direction=H","UseDPDF=Y") -> 0.047 | G77: =_xll.BDH("ALGEV FP Equity","MINORITY_NONCONTROLLING_INTEREST","FY 2014","FY 2014","Currency=EUR","Period=FY","BEST_FPERIOD_OVERRIDE=FY","FILING_STATUS=MR","SCALING_FORMAT=MLN","Sort=A","Dates=H","DateFormat=P","Fill=—","Direction=H","UseDPDF=Y") -> 1.889 | H77: =_xll.BDH("ALGEV FP Equity","MINORITY_NONCONTROLLING_INTEREST","FY 2015","FY 2015","Currency=EUR","Period=FY","BEST_FPERIOD_OVERRIDE=FY","FILING_STATUS=MR","SCALING_FORMAT=MLN","Sort=A","Dates=H","DateFormat=P","Fill=—","Direction=H","UseDPDF=Y") -> 0.643 | I77: =_xll.BDH("ALGEV FP Equity","MINORITY_NONCONTROLLING_INTEREST","FY 2016","FY 2016","Currency=EUR","Period=FY","BEST_FPERIOD_OVERRIDE=FY","FILING_STATUS=MR","SCALING_FORMAT=MLN","Sort=A","Dates=H","DateFormat=P","Fill=—","Direction=H","UseDPDF=Y") -> 1.871 | J77: =_xll.BDH("ALGEV FP Equity","MINORITY_NONCONTROLLING_INTEREST","FY 2017","FY 2017","Currency=EUR","Period=FY","BEST_FPERIOD_OVERRIDE=FY","FILING_STATUS=MR","SCALING_FORMAT=MLN","Sort=A","Dates=H","DateFormat=P","Fill=—","Direction=H","UseDPDF=Y") -> 1.989 | K77: =_xll.BDH("ALGEV FP Equity","MINORITY_NONCONTROLLING_INTEREST","FY 2018","FY 2018","Currency=EUR","Period=FY","BEST_FPERIOD_OVERRIDE=FY","FILING_STATUS=MR","SCALING_FORMAT=MLN","Sort=A","Dates=H","DateFormat=P","Fill=—","Direction=H","UseDPDF=Y") -> 2.213 | L77: =_xll.BDH("ALGEV FP Equity","MINORITY_NONCONTROLLING_INTEREST","FY 2019","FY 2019","Currency=EUR","Period=FY","BEST_FPERIOD_OVERRIDE=FY","FILING_STATUS=MR","SCALING_FORMAT=MLN","Sort=A","Dates=H","DateFormat=P","Fill=—","Direction=H","UseDPDF=Y") -> 1.97
A78: Total Equity | B78: TOTAL_EQUITY | C78: =_xll.BDH("ALGEV FP Equity","TOTAL_EQUITY","FY 2010","FY 2010","Currency=EUR","Period=FY","BEST_FPERIOD_OVERRIDE=FY","FILING_STATUS=MR","SCALING_FORMAT=MLN","Sort=A","Dates=H","DateFormat=P","Fill=—","Direction=H","UseDPDF=Y") -> 129.076 | D78: =_xll.BDH("ALGEV FP Equity","TOTAL_EQUITY","FY 2011","FY 2011","Currency=EUR","Period=FY","BEST_FPERIOD_OVERRIDE=FY","FILING_STATUS=MR","SCALING_FORMAT=MLN","Sort=A","Dates=H","DateFormat=P","Fill=—","Direction=H","UseDPDF=Y") -> 140.838 | E78: =_xll.BDH("ALGEV FP Equity","TOTAL_EQUITY","FY 2012","FY 2012","Currency=EUR","Period=FY","BEST_FPERIOD_OVERRIDE=FY","FILING_STATUS=MR","SCALING_FORMAT=MLN","Sort=A","Dates=H","DateFormat=P","Fill=—","Direction=H","UseDPDF=Y") -> 131.219 | F78: =_xll.BDH("ALGEV FP Equity","TOTAL_EQUITY","FY 2013","FY 2013","Currency=EUR","Period=FY","BEST_FPERIOD_OVERRIDE=FY","FILING_STATUS=MR","SCALING_FORMAT=MLN","Sort=A","Dates=H","DateFormat=P","Fill=—","Direction=H","UseDPDF=Y") -> 133.118 | G78: =_xll.BDH("ALGEV FP Equity","TOTAL_EQUITY","FY 2014","FY 2014","Currency=EUR","Period=FY","BEST_FPERIOD_OVERRIDE=FY","FILING_STATUS=MR","SCALING_FORMAT=MLN","Sort=A","Dates=H","DateFormat=P","Fill=—","Direction=H","UseDPDF=Y") -> 200.136 | H78: =_xll.BDH("ALGEV FP Equity","TOTAL_EQUITY","FY 2015","FY 2015","Currency=EUR","Period=FY","BEST_FPERIOD_OVERRIDE=FY","FILING_STATUS=MR","SCALING_FORMAT=MLN","Sort=A","Dates=H","DateFormat=P","Fill=—","Direction=H","UseDPDF=Y") -> 186.011 | I78: =_xll.BDH("ALGEV FP Equity","TOTAL_EQUITY","FY 2016","FY 2016","Currency=EUR","Period=FY","BEST_FPERIOD_OVERRIDE=FY","FILING_STATUS=MR","SCALING_FORMAT=MLN","Sort=A","Dates=H","DateFormat=P","Fill=—","Direction=H","UseDPDF=Y") -> 199.304 | J78: =_xll.BDH("ALGEV FP Equity","TOTAL_EQUITY","FY 2017","FY 2017","Currency=EUR","Period=FY","BEST_FPERIOD_OVERRIDE=FY","FILING_STATUS=MR","SCALING_FORMAT=MLN","Sort=A","Dates=H","DateFormat=P","Fill=—","Direction=H","UseDPDF=Y") -> 196.981 | K78: =_xll.BDH("ALGEV FP Equity","TOTAL_EQUITY","FY 2018","FY 2018","Currency=EUR","Period=FY","BEST_FPERIOD_OVERRIDE=FY","FILING_STATUS=MR","SCALING_FORMAT=MLN","Sort=A","Dates=H","DateFormat=P","Fill=—","Direction=H","UseDPDF=Y") -> 191.793 | L78: =_xll.BDH("ALGEV FP Equity","TOTAL_EQUITY","FY 2019","FY 2019","Currency=EUR","Period=FY","BEST_FPERIOD_OVERRIDE=FY","FILING_STATUS=MR","SCALING_FORMAT=MLN","Sort=A","Dates=H","DateFormat=P","Fill=—","Direction=H","UseDPDF=Y") -> 199.225
A79: Total du passif | B79: TOT_LIAB_AND_EQY | C79: =_xll.BDH("ALGEV FP Equity","TOT_LIAB_AND_EQY","FY 2010","FY 2010","Currency=EUR","Period=FY","BEST_FPERIOD_OVERRIDE=FY","FILING_STATUS=MR","SCALING_FORMAT=MLN","Sort=A","Dates=H","DateFormat=P","Fill=—","Direction=H","UseDPDF=Y") -> 208.545 | D79: =_xll.BDH("ALGEV FP Equity","TOT_LIAB_AND_EQY","FY 2011","FY 2011","Currency=EUR","Period=FY","BEST_FPERIOD_OVERRIDE=FY","FILING_STATUS=MR","SCALING_FORMAT=MLN","Sort=A","Dates=H","DateFormat=P","Fill=—","Direction=H","UseDPDF=Y") -> 224.591 | E79: =_xll.BDH("ALGEV FP Equity","TOT_LIAB_AND_EQY","FY 2012","FY 2012","Currency=EUR","Period=FY","BEST_FPERIOD_OVERRIDE=FY","FILING_STATUS=MR","SCALING_FORMAT=MLN","Sort=A","Dates=H","DateFormat=P","Fill=—","Direction=H","UseDPDF=Y") -> 202.732 | F79: =_xll.BDH("ALGEV FP Equity","TOT_LIAB_AND_EQY","FY 2013","FY 2013","Currency=EUR","Period=FY","BEST_FPERIOD_OVERRIDE=FY","FILING_STATUS=MR","SCALING_FORMAT=MLN","Sort=A","Dates=H","DateFormat=P","Fill=—","Direction=H","UseDPDF=Y") -> 223.201 | G79: =_xll.BDH("ALGEV FP Equity","TOT_LIAB_AND_EQY","FY 2014","FY 2014","Currency=EUR","Period=FY","BEST_FPERIOD_OVERRIDE=FY","FILING_STATUS=MR","SCALING_FORMAT=MLN","Sort=A","Dates=H","DateFormat=P","Fill=—","Direction=H","UseDPDF=Y") -> 341.421 | H79: =_xll.BDH("ALGEV FP Equity","TOT_LIAB_AND_EQY","FY 2015","FY 2015","Currency=EUR","Period=FY","BEST_FPERIOD_OVERRIDE=FY","FILING_STATUS=MR","SCALING_FORMAT=MLN","Sort=A","Dates=H","DateFormat=P","Fill=—","Direction=H","UseDPDF=Y") -> 324.707 | I79: =_xll.BDH("ALGEV FP Equity","TOT_LIAB_AND_EQY","FY 2016","FY 2016","Currency=EUR","Period=FY","BEST_FPERIOD_OVERRIDE=FY","FILING_STATUS=MR","SCALING_FORMAT=MLN","Sort=A","Dates=H","DateFormat=P","Fill=—","Direction=H","UseDPDF=Y") -> 351.766 | J79: =_xll.BDH("ALGEV FP Equity","TOT_LIAB_AND_EQY","FY 2017","FY 2017","Currency=EUR","Period=FY","BEST_FPERIOD_OVERRIDE=FY","FILING_STATUS=MR","SCALING_FORMAT=MLN","Sort=A","Dates=H","DateFormat=P","Fill=—","Direction=H","UseDPDF=Y") -> 290.971 | K79: =_xll.BDH("ALGEV FP Equity","TOT_LIAB_AND_EQY","FY 2018","FY 2018","Currency=EUR","Period=FY","BEST_FPERIOD_OVERRIDE=FY","FILING_STATUS=MR","SCALING_FORMAT=MLN","Sort=A","Dates=H","DateFormat=P","Fill=—","Direction=H","UseDPDF=Y") -> 280.546 | L79: =_xll.BDH("ALGEV FP Equity","TOT_LIAB_AND_EQY","FY 2019","FY 2019","Currency=EUR","Period=FY","BEST_FPERIOD_OVERRIDE=FY","FILING_STATUS=MR","SCALING_FORMAT=MLN","Sort=A","Dates=H","DateFormat=P","Fill=—","Direction=H","UseDPDF=Y") -> 296.367
A81: Postes de référence
A82: Norme comptable | B82: ACCOUNTING_STANDARD | C82: IAS/IFRS | D82: IAS/IFRS | E82: IAS/IFRS | F82: IAS/IFRS | G82: IAS/IFRS | H82: IAS/IFRS | I82: IAS/IFRS | J82: IAS/IFRS | K82: IAS/IFRS | L82: IAS/IFRS
A83: Actions en circulation | B83: BS_SH_OUT | C83: =_xll.BDH("ALGEV FP Equity","BS_SH_OUT","FY 2010","FY 2010","Currency=EUR","Period=FY","BEST_FPERIOD_OVERRIDE=FY","FILING_STATUS=MR","Sort=A","Dates=H","DateFormat=P","Fill=—","Direction=H","UseDPDF=Y") -> 0.9422 | D83: =_xll.BDH("ALGEV FP Equity","BS_SH_OUT","FY 2011","FY 2011","Currency=EUR","Period=FY","BEST_FPERIOD_OVERRIDE=FY","FILING_STATUS=MR","Sort=A","Dates=H","DateFormat=P","Fill=—","Direction=H","UseDPDF=Y") -> 0.9097 | E83: =_xll.BDH("ALGEV FP Equity","BS_SH_OUT","FY 2012","FY 2012","Currency=EUR","Period=FY","BEST_FPERIOD_OVERRIDE=FY","FILING_STATUS=MR","Sort=A","Dates=H","DateFormat=P","Fill=—","Direction=H","UseDPDF=Y") -> 0.9097 | F83: =_xll.BDH("ALGEV FP Equity","BS_SH_OUT","FY 2013","FY 2013","Currency=EUR","Period=FY","BEST_FPERIOD_OVERRIDE=FY","FILING_STATUS=MR","Sort=A","Dates=H","DateFormat=P","Fill=—","Direction=H","UseDPDF=Y") -> 0.906 | G83: =_xll.BDH("ALGEV FP Equity","BS_SH_OUT","FY 2014","FY 2014","Currency=EUR","Period=FY","BEST_FPERIOD_OVERRIDE=FY","FILING_STATUS=MR","Sort=A","Dates=H","DateFormat=P","Fill=—","Direction=H","UseDPDF=Y") -> 0.9097 | H83: =_xll.BDH("ALGEV FP Equity","BS_SH_OUT","FY 2015","FY 2015","Currency=EUR","Period=FY","BEST_FPERIOD_OVERRIDE=FY","FILING_STATUS=MR","Sort=A","Dates=H","DateFormat=P","Fill=—","Direction=H","UseDPDF=Y") -> 0.8932 | I83: =_xll.BDH("ALGEV FP Equity","BS_SH_OUT","FY 2016","FY 2016","Currency=EUR","Period=FY","BEST_FPERIOD_OVERRIDE=FY","FILING_STATUS=MR","Sort=A","Dates=H","DateFormat=P","Fill=—","Direction=H","UseDPDF=Y") -> 0.8205 | J83: =_xll.BDH("ALGEV FP Equity","BS_SH_OUT","FY 2017","FY 2017","Currency=EUR","Period=FY","BEST_FPERIOD_OVERRIDE=FY","FILING_STATUS=MR","Sort=A","Dates=H","DateFormat=P","Fill=—","Direction=H","UseDPDF=Y") -> 0.8205 | K83: =_xll.BDH("ALGEV FP Equity","BS_SH_OUT","FY 2018","FY 2018","Currency=EUR","Period=FY","BEST_FPERIOD_OVERRIDE=FY","FILING_STATUS=MR","Sort=A","Dates=H","DateFormat=P","Fill=—","Direction=H","UseDPDF=Y") -> 0.7695 | L83: =_xll.BDH("ALGEV FP Equity","BS_SH_OUT","FY 2019","FY 2019","Currency=EUR","Period=FY","BEST_FPERIOD_OVERRIDE=FY","FILING_STATUS=MR","Sort=A","Dates=H","DateFormat=P","Fill=—","Direction=H","UseDPDF=Y") -> 0.7695
A84: Nombre d'actions en propre | B84: BS_NUM_OF_TSY_SH | C84: =_xll.BDH("ALGEV FP Equity","BS_NUM_OF_TSY_SH","FY 2010","FY 2010","Currency=EUR","Period=FY","BEST_FPERIOD_OVERRIDE=FY","FILING_STATUS=MR","Sort=A","Dates=H","DateFormat=P","Fill=—","Direction=H","UseDPDF=Y") -> 0.0153 | D84: =_xll.BDH("ALGEV FP Equity","BS_NUM_OF_TSY_SH","FY 2011","FY 2011","Currency=EUR","Period=FY","BEST_FPERIOD_OVERRIDE=FY","FILING_STATUS=MR","Sort=A","Dates=H","DateFormat=P","Fill=—","Direction=H","UseDPDF=Y") -> 0.0025 | E84: =_xll.BDH("ALGEV FP Equity","BS_NUM_OF_TSY_SH","FY 2012","FY 2012","Currency=EUR","Period=FY","BEST_FPERIOD_OVERRIDE=FY","FILING_STATUS=MR","Sort=A","Dates=H","DateFormat=P","Fill=—","Direction=H","UseDPDF=Y") -> 0 | F84: =_xll.BDH("ALGEV FP Equity","BS_NUM_OF_TSY_SH","FY 2013","FY 2013","Currency=EUR","Period=FY","BEST_FPERIOD_OVERRIDE=FY","FILING_STATUS=MR","Sort=A","Dates=H","DateFormat=P","Fill=—","Direction=H","UseDPDF=Y") -> 0.0037 | G84: =_xll.BDH("ALGEV FP Equity","BS_NUM_OF_TSY_SH","FY 2014","FY 2014","Currency=EUR","Period=FY","BEST_FPERIOD_OVERRIDE=FY","FILING_STATUS=MR","Sort=A","Dates=H","DateFormat=P","Fill=—","Direction=H","UseDPDF=Y") -> 0.0115 | H84: =_xll.BDH("ALGEV FP Equity","BS_NUM_OF_TSY_SH","FY 2015","FY 2015","Currency=EUR","Period=FY","BEST_FPERIOD_OVERRIDE=FY","FILING_STATUS=MR","Sort=A","Dates=H","DateFormat=P","Fill=—","Direction=H","UseDPDF=Y") -> 0.0727 | I84: =_xll.BDH("ALGEV FP Equity","BS_NUM_OF_TSY_SH","FY 2016","FY 2016","Currency=EUR","Period=FY","BEST_FPERIOD_OVERRIDE=FY","FILING_STATUS=MR","Sort=A","Dates=H","DateFormat=P","Fill=—","Direction=H","UseDPDF=Y") -> 0.0727 | J84: =_xll.BDH("ALGEV FP Equity","BS_NUM_OF_TSY_SH","FY 2017","FY 2017","Currency=EUR","Period=FY","BEST_FPERIOD_OVERRIDE=FY","FILING_STATUS=MR","Sort=A","Dates=H","DateFormat=P","Fill=—","Direction=H","UseDPDF=Y") -> 0 | K84: =_xll.BDH("ALGEV FP Equity","BS_NUM_OF_TSY_SH","FY 2018","FY 2018","Currency=EUR","Period=FY","BEST_FPERIOD_OVERRIDE=FY","FILING_STATUS=MR","Sort=A","Dates=H","DateFormat=P","Fill=—","Direction=H","UseDPDF=Y") -> 0 | L84: =_xll.BDH("ALGEV FP Equity","BS_NUM_OF_TSY_SH","FY 2019","FY 2019","Currency=EUR","Period=FY","BEST_FPERIOD_OVERRIDE=FY","FILING_STATUS=MR","Sort=A","Dates=H","DateFormat=P","Fill=—","Direction=H","UseDPDF=Y") -> 0
A85: Obligations retraite | B85: BS_PENSION_RSRV | C85: =_xll.BDH("ALGEV FP Equity","BS_PENSION_RSRV","FY 2010","FY 2010","Currency=EUR","Period=FY","BEST_FPERIOD_OVERRIDE=FY","FILING_STATUS=MR","SCALING_FORMAT=MLN","Sort=A","Dates=H","DateFormat=P","Fill=—","Direction=H","UseDPDF=Y") -> 3.677 | D85: =_xll.BDH("ALGEV FP Equity","BS_PENSION_RSRV","FY 2011","FY 2011","Currency=EUR","Period=FY","BEST_FPERIOD_OVERRIDE=FY","FILING_STATUS=MR","SCALING_FORMAT=MLN","Sort=A","Dates=H","DateFormat=P","Fill=—","Direction=H","UseDPDF=Y") -> 3.86 | E85: =_xll.BDH("ALGEV FP Equity","BS_PENSION_RSRV","FY 2012","FY 2012","Currency=EUR","Period=FY","BEST_FPERIOD_OVERRIDE=FY","FILING_STATUS=MR","SCALING_FORMAT=MLN","Sort=A","Dates=H","DateFormat=P","Fill=—","Direction=H","UseDPDF=Y") -> 4.282 | F85: =_xll.BDH("ALGEV FP Equity","BS_PENSION_RSRV","FY 2013","FY 2013","Currency=EUR","Period=FY","BEST_FPERIOD_OVERRIDE=FY","FILING_STATUS=MR","SCALING_FORMAT=MLN","Sort=A","Dates=H","DateFormat=P","Fill=—","Direction=H","UseDPDF=Y") -> 6.101 | G85: =_xll.BDH("ALGEV FP Equity","BS_PENSION_RSRV","FY 2014","FY 2014","Currency=EUR","Period=FY","BEST_FPERIOD_OVERRIDE=FY","FILING_STATUS=MR","SCALING_FORMAT=MLN","Sort=A","Dates=H","DateFormat=P","Fill=—","Direction=H","UseDPDF=Y") -> 8.287 | H85: =_xll.BDH("ALGEV FP Equity","BS_PENSION_RSRV","FY 2015","FY 2015","Currency=EUR","Period=FY","BEST_FPERIOD_OVERRIDE=FY","FILING_STATUS=MR","SCALING_FORMAT=MLN","Sort=A","Dates=H","DateFormat=P","Fill=—","Direction=H","UseDPDF=Y") -> 7.927 | I85: =_xll.BDH("ALGEV FP Equity","BS_PENSION_RSRV","FY 2016","FY 2016","Currency=EUR","Period=FY","BEST_FPERIOD_OVERRIDE=FY","FILING_STATUS=MR","SCALING_FORMAT=MLN","Sort=A","Dates=H","DateFormat=P","Fill=—","Direction=H","UseDPDF=Y") -> 9.437 | J85: =_xll.BDH("ALGEV FP Equity","BS_PENSION_RSRV","FY 2017","FY 2017","Currency=EUR","Period=FY","BEST_FPERIOD_OVERRIDE=FY","FILING_STATUS=MR","SCALING_FORMAT=MLN","Sort=A","Dates=H","DateFormat=P","Fill=—","Direction=H","UseDPDF=Y") -> 2.337 | K85: =_xll.BDH("ALGEV FP Equity","BS_PENSION_RSRV","FY 2018","FY 2018","Currency=EUR","Period=FY","BEST_FPERIOD_OVERRIDE=FY","FILING_STATUS=MR","SCALING_FORMAT=MLN","Sort=A","Dates=H","DateFormat=P","Fill=—","Direction=H","UseDPDF=Y") -> 2.291 | L85: =_xll.BDH("ALGEV FP Equity","BS_PENSION_RSRV","FY 2019","FY 2019","Currency=EUR","Period=FY","BEST_FPERIOD_OVERRIDE=FY","FILING_STATUS=MR","SCALING_FORMAT=MLN","Sort=A","Dates=H","DateFormat=P","Fill=—","Direction=H","UseDPDF=Y") -> 2.603
A86: Obligations minimum futures de location financière (ou location-exploitation) | B86: BS_FUTURE_MIN_OPER_LEASE_OBLIG | C86: =_xll.BDH("ALGEV FP Equity","BS_FUTURE_MIN_OPER_LEASE_OBLIG","FY 2010","FY 2010","Currency=EUR","Period=FY","BEST_FPERIOD_OVERRIDE=FY","FILING_STATUS=MR","SCALING_FORMAT=MLN","Sort=A","Dates=H","DateFormat=P","Fill=—","Direction=H","UseDPDF=Y") -> 1.573 | D86: =_xll.BDH("ALGEV FP Equity","BS_FUTURE_MIN_OPER_LEASE_OBLIG","FY 2011","FY 2011","Currency=EUR","Period=FY","BEST_FPERIOD_OVERRIDE=FY","FILING_STATUS=MR","SCALING_FORMAT=MLN","Sort=A","Dates=H","DateFormat=P","Fill=—","Direction=H","UseDPDF=Y") -> 1.493 | E86: =_xll.BDH("ALGEV FP Equity","BS_FUTURE_MIN_OPER_LEASE_OBLIG","FY 2012","FY 2012","Currency=EUR","Period=FY","BEST_FPERIOD_OVERRIDE=FY","FILING_STATUS=MR","SCALING_FORMAT=MLN","Sort=A","Dates=H","DateFormat=P","Fill=—","Direction=H","UseDPDF=Y") -> 1.321 | F86: =_xll.BDH("ALGEV FP Equity","BS_FUTURE_MIN_OPER_LEASE_OBLIG","FY 2013","FY 2013","Currency=EUR","Period=FY","BEST_FPERIOD_OVERRIDE=FY","FILING_STATUS=MR","SCALING_FORMAT=MLN","Sort=A","Dates=H","DateFormat=P","Fill=—","Direction=H","UseDPDF=Y") -> 2.027 | G86: =_xll.BDH("ALGEV FP Equity","BS_FUTURE_MIN_OPER_LEASE_OBLIG","FY 2014","FY 2014","Currency=EUR","Period=FY","BEST_FPERIOD_OVERRIDE=FY","FILING_STATUS=MR","SCALING_FORMAT=MLN","Sort=A","Dates=H","DateFormat=P","Fill=—","Direction=H","UseDPDF=Y") -> 1.609 | H86: =_xll.BDH("ALGEV FP Equity","BS_FUTURE_MIN_OPER_LEASE_OBLIG","FY 2015","FY 2015","Currency=EUR","Period=FY","BEST_FPERIOD_OVERRIDE=FY","FILING_STATUS=MR","SCALING_FORMAT=MLN","Sort=A","Dates=H","DateFormat=P","Fill=—","Direction=H","UseDPDF=Y") -> 1.267 | I86: =_xll.BDH("ALGEV FP Equity","BS_FUTURE_MIN_OPER_LEASE_OBLIG","FY 2016","FY 2016","Currency=EUR","Period=FY","BEST_FPERIOD_OVERRIDE=FY","FILING_STATUS=MR","SCALING_FORMAT=MLN","Sort=A","Dates=H","DateFormat=P","Fill=—","Direction=H","UseDPDF=Y") -> 2.245 | J86: =_xll.BDH("ALGEV FP Equity","BS_FUTURE_MIN_OPER_LEASE_OBLIG","FY 2017","FY 2017","Currency=EUR","Period=FY","BEST_FPERIOD_OVERRIDE=FY","FILING_STATUS=MR","SCALING_FORMAT=MLN","Sort=A","Dates=H","DateFormat=P","Fill=—","Direction=H","UseDPDF=Y") -> 2.013 | K86: =_xll.BDH("ALGEV FP Equity","BS_FUTURE_MIN_OPER_LEASE_OBLIG","FY 2018","FY 2018","Currency=EUR","Period=FY","BEST_FPERIOD_OVERRIDE=FY","FILING_STATUS=MR","SCALING_FORMAT=MLN","Sort=A","Dates=H","DateFormat=P","Fill=—","Direction=H","UseDPDF=Y") -> 1.68 | L86: =_xll.BDH("ALGEV FP Equity","BS_FUTURE_MIN_OPER_LEASE_OBLIG","FY 2019","FY 2019","Currency=EUR","Period=FY","BEST_FPERIOD_OVERRIDE=FY","FILING_STATUS=MR","SCALING_FORMAT=MLN","Sort=A","Dates=H","DateFormat=P","Fill=—","Direction=H","UseDPDF=Y") -> —
A87: Loc. acquisition - Total | B87: BS_TOTAL_CAPITAL_LEASES | C87: =_xll.BDH("ALGEV FP Equity","BS_TOTAL_CAPITAL_LEASES","FY 2010","FY 2010","Currency=EUR","Period=FY","BEST_FPERIOD_OVERRIDE=FY","FILING_STATUS=MR","SCALING_FORMAT=MLN","Sort=A","Dates=H","DateFormat=P","Fill=—","Direction=H","UseDPDF=Y") -> 6.83 | D87: =_xll.BDH("ALGEV FP Equity","BS_TOTAL_CAPITAL_LEASES","FY 2011","FY 2011","Currency=EUR","Period=FY","BEST_FPERIOD_OVERRIDE=FY","FILING_STATUS=MR","SCALING_FORMAT=MLN","Sort=A","Dates=H","DateFormat=P","Fill=—","Direction=H","UseDPDF=Y") -> 4.913 | E87: =_xll.BDH("ALGEV FP Equity","BS_TOTAL_CAPITAL_LEASES","FY 2012","FY 2012","Currency=EUR","Period=FY","BEST_FPERIOD_OVERRIDE=FY","FILING_STATUS=MR","SCALING_FORMAT=MLN","Sort=A","Dates=H","DateFormat=P","Fill=—","Direction=H","UseDPDF=Y") -> 6.204 | F87: =_xll.BDH("ALGEV FP Equity","BS_TOTAL_CAPITAL_LEASES","FY 2013","FY 2013","Currency=EUR","Period=FY","BEST_FPERIOD_OVERRIDE=FY","FILING_STATUS=MR","SCALING_FORMAT=MLN","Sort=A","Dates=H","DateFormat=P","Fill=—","Direction=H","UseDPDF=Y") -> 6.827 | G87: =_xll.BDH("ALGEV FP Equity","BS_TOTAL_CAPITAL_LEASES","FY 2014","FY 2014","Currency=EUR","Period=FY","BEST_FPERIOD_OVERRIDE=FY","FILING_STATUS=MR","SCALING_FORMAT=MLN","Sort=A","Dates=H","DateFormat=P","Fill=—","Direction=H","UseDPDF=Y") -> 5.994 | H87: =_xll.BDH("ALGEV FP Equity","BS_TOTAL_CAPITAL_LEASES","FY 2015","FY 2015","Currency=EUR","Period=FY","BEST_FPERIOD_OVERRIDE=FY","FILING_STATUS=MR","SCALING_FORMAT=MLN","Sort=A","Dates=H","DateFormat=P","Fill=—","Direction=H","UseDPDF=Y") -> 5.397 | I87: =_xll.BDH("ALGEV FP Equity","BS_TOTAL_CAPITAL_LEASES","FY 2016","FY 2016","Currency=EUR","Period=FY","BEST_FPERIOD_OVERRIDE=FY","FILING_STATUS=MR","SCALING_FORMAT=MLN","Sort=A","Dates=H","DateFormat=P","Fill=—","Direction=H","UseDPDF=Y") -> 6.441 | J87: =_xll.BDH("ALGEV FP Equity","BS_TOTAL_CAPITAL_LEASES","FY 2017","FY 2017","Currency=EUR","Period=FY","BEST_FPERIOD_OVERRIDE=FY","FILING_STATUS=MR","SCALING_FORMAT=MLN","Sort=A","Dates=H","DateFormat=P","Fill=—","Direction=H","UseDPDF=Y") -> 2.916 | K87: =_xll.BDH("ALGEV FP Equity","BS_TOTAL_CAPITAL_LEASES","FY 2018","FY 2018","Currency=EUR","Period=FY","BEST_FPERIOD_OVERRIDE=FY","FILING_STATUS=MR","SCALING_FORMAT=MLN","Sort=A","Dates=H","DateFormat=P","Fill=—","Direction=H","UseDPDF=Y") -> 3.022 | L87: =_xll.BDH("ALGEV FP Equity","BS_TOTAL_CAPITAL_LEASES","FY 2019","FY 2019","Currency=EUR","Period=FY","BEST_FPERIOD_OVERRIDE=FY","FILING_STATUS=MR","SCALING_FORMAT=MLN","Sort=A","Dates=H","DateFormat=P","Fill=—","Direction=H","UseDPDF=Y") -> —
A88: Options attribuées durant la période | B88: BS_OPTIONS_GRANTED | C88: =_xll.BDH("ALGEV FP Equity","BS_OPTIONS_GRANTED","FY 2010","FY 2010","Currency=EUR","Period=FY","BEST_FPERIOD_OVERRIDE=FY","FILING_STATUS=MR","Sort=A","Dates=H","DateFormat=P","Fill=—","Direction=H","UseDPDF=Y") -> 0 | D88: =_xll.BDH("ALGEV FP Equity","BS_OPTIONS_GRANTED","FY 2011","FY 2011","Currency=EUR","Period=FY","BEST_FPERIOD_OVERRIDE=FY","FILING_STATUS=MR","Sort=A","Dates=H","DateFormat=P","Fill=—","Direction=H","UseDPDF=Y") -> 0 | E88: =_xll.BDH("ALGEV FP Equity","BS_OPTIONS_GRANTED","FY 2012","FY 2012","Currency=EUR","Period=FY","BEST_FPERIOD_OVERRIDE=FY","FILING_STATUS=MR","Sort=A","Dates=H","DateFormat=P","Fill=—","Direction=H","UseDPDF=Y") -> 0 | F88: =_xll.BDH("ALGEV FP Equity","BS_OPTIONS_GRANTED","FY 2013","FY 2013","Currency=EUR","Period=FY","BEST_FPERIOD_OVERRIDE=FY","FILING_STATUS=MR","Sort=A","Dates=H","DateFormat=P","Fill=—","Direction=H","UseDPDF=Y") -> 0 | G88: =_xll.BDH("ALGEV FP Equity","BS_OPTIONS_GRANTED","FY 2014","FY 2014","Currency=EUR","Period=FY","BEST_FPERIOD_OVERRIDE=FY","FILING_STATUS=MR","Sort=A","Dates=H","DateFormat=P","Fill=—","Direction=H","UseDPDF=Y") -> 0 | H88: =_xll.BDH("ALGEV FP Equity","BS_OPTIONS_GRANTED","FY 2015","FY 2015","Currency=EUR","Period=FY","BEST_FPERIOD_OVERRIDE=FY","FILING_STATUS=MR","Sort=A","Dates=H","DateFormat=P","Fill=—","Direction=H","UseDPDF=Y") -> 0 | I88: =_xll.BDH("ALGEV FP Equity","BS_OPTIONS_GRANTED","FY 2016","FY 2016","Currency=EUR","Period=FY","BEST_FPERIOD_OVERRIDE=FY","FILING_STATUS=MR","Sort=A","Dates=H","DateFormat=P","Fill=—","Direction=H","UseDPDF=Y") -> — | J88: =_xll.BDH("ALGEV FP Equity","BS_OPTIONS_GRANTED","FY 2017","FY 2017","Currency=EUR","Period=FY","BEST_FPERIOD_OVERRIDE=FY","FILING_STATUS=MR","Sort=A","Dates=H","DateFormat=P","Fill=—","Direction=H","UseDPDF=Y") -> — | K88: =_xll.BDH("ALGEV FP Equity","BS_OPTIONS_GRANTED","FY 2018","FY 2018","Currency=EUR","Period=FY","BEST_FPERIOD_OVERRIDE=FY","FILING_STATUS=MR","Sort=A","Dates=H","DateFormat=P","Fill=—","Direction=H","UseDPDF=Y") -> — | L88: =_xll.BDH("ALGEV FP Equity","BS_OPTIONS_GRANTED","FY 2019","FY 2019","Currency=EUR","Period=FY","BEST_FPERIOD_OVERRIDE=FY","FILING_STATUS=MR","Sort=A","Dates=H","DateFormat=P","Fill=—","Direction=H","UseDPDF=Y") -> —
A89: Options en circulation (fin de la période) | B89: BS_OPTIONS_OUTSTANDING | C89: =_xll.BDH("ALGEV FP Equity","BS_OPTIONS_OUTSTANDING","FY 2010","FY 2010","Currency=EUR","Period=FY","BEST_FPERIOD_OVERRIDE=FY","FILING_STATUS=MR","Sort=A","Dates=H","DateFormat=P","Fill=—","Direction=H","UseDPDF=Y") -> 0 | D89: =_xll.BDH("ALGEV FP Equity","BS_OPTIONS_OUTSTANDING","FY 2011","FY 2011","Currency=EUR","Period=FY","BEST_FPERIOD_OVERRIDE=FY","FILING_STATUS=MR","Sort=A","Dates=H","DateFormat=P","Fill=—","Direction=H","UseDPDF=Y") -> 0 | E89: =_xll.BDH("ALGEV FP Equity","BS_OPTIONS_OUTSTANDING","FY 2012","FY 2012","Currency=EUR","Period=FY","BEST_FPERIOD_OVERRIDE=FY","FILING_STATUS=MR","Sort=A","Dates=H","DateFormat=P","Fill=—","Direction=H","UseDPDF=Y") -> 0 | F89: =_xll.BDH("ALGEV FP Equity","BS_OPTIONS_OUTSTANDING","FY 2013","FY 2013","Currency=EUR","Period=FY","BEST_FPERIOD_OVERRIDE=FY","FILING_STATUS=MR","Sort=A","Dates=H","DateFormat=P","Fill=—","Direction=H","UseDPDF=Y") -> 0 | G89: =_xll.BDH("ALGEV FP Equity","BS_OPTIONS_OUTSTANDING","FY 2014","FY 2014","Currency=EUR","Period=FY","BEST_FPERIOD_OVERRIDE=FY","FILING_STATUS=MR","Sort=A","Dates=H","DateFormat=P","Fill=—","Direction=H","UseDPDF=Y") -> 0 | H89: =_xll.BDH("ALGEV FP Equity","BS_OPTIONS_OUTSTANDING","FY 2015","FY 2015","Currency=EUR","Period=FY","BEST_FPERIOD_OVERRIDE=FY","FILING_STATUS=MR","Sort=A","Dates=H","DateFormat=P","Fill=—","Direction=H","UseDPDF=Y") -> 0 | I89: =_xll.BDH("ALGEV FP Equity","BS_OPTIONS_OUTSTANDING","FY 2016","FY 2016","Currency=EUR","Period=FY","BEST_FPERIOD_OVERRIDE=FY","FILING_STATUS=MR","Sort=A","Dates=H","DateFormat=P","Fill=—","Direction=H","UseDPDF=Y") -> — | J89: =_xll.BDH("ALGEV FP Equity","BS_OPTIONS_OUTSTANDING","FY 2017","FY 2017","Currency=EUR","Period=FY","BEST_FPERIOD_OVERRIDE=FY","FILING_STATUS=MR","Sort=A","Dates=H","DateFormat=P","Fill=—","Direction=H","UseDPDF=Y") -> — | K89: =_xll.BDH("ALGEV FP Equity","BS_OPTIONS_OUTSTANDING","FY 2018","FY 2018","Currency=EUR","Period=FY","BEST_FPERIOD_OVERRIDE=FY","FILING_STATUS=MR","Sort=A","Dates=H","DateFormat=P","Fill=—","Direction=H","UseDPDF=Y") -> — | L89: =_xll.BDH("ALGEV FP Equity","BS_OPTIONS_OUTSTANDING","FY 2019","FY 2019","Currency=EUR","Period=FY","BEST_FPERIOD_OVERRIDE=FY","FILING_STATUS=MR","Sort=A","Dates=H","DateFormat=P","Fill=—","Direction=H","UseDPDF=Y") -> —
A90: Dette nette | B90: NET_DEBT | C90: =_xll.BDH("ALGEV FP Equity","NET_DEBT","FY 2010","FY 2010","Currency=EUR","Period=FY","BEST_FPERIOD_OVERRIDE=FY","FILING_STATUS=MR","SCALING_FORMAT=MLN","Sort=A","Dates=H","DateFormat=P","Fill=—","Direction=H","UseDPDF=Y") -> -17.24 | D90: =_xll.BDH("ALGEV FP Equity","NET_DEBT","FY 2011","FY 2011","Currency=EUR","Period=FY","BEST_FPERIOD_OVERRIDE=FY","FILING_STATUS=MR","SCALING_FORMAT=MLN","Sort=A","Dates=H","DateFormat=P","Fill=—","Direction=H","UseDPDF=Y") -> -1.745 | E90: =_xll.BDH("ALGEV FP Equity","NET_DEBT","FY 2012","FY 2012","Currency=EUR","Period=FY","BEST_FPERIOD_OVERRIDE=FY","FILING_STATUS=MR","SCALING_FORMAT=MLN","Sort=A","Dates=H","DateFormat=P","Fill=—","Direction=H","UseDPDF=Y") -> -11.061 | F90: =_xll.BDH("ALGEV FP Equity","NET_DEBT","FY 2013","FY 2013","Currency=EUR","Period=FY","BEST_FPERIOD_OVERRIDE=FY","FILING_STATUS=MR","SCALING_FORMAT=MLN","Sort=A","Dates=H","DateFormat=P","Fill=—","Direction=H","UseDPDF=Y") -> -15.852 | G90: =_xll.BDH("ALGEV FP Equity","NET_DEBT","FY 2014","FY 2014","Currency=EUR","Period=FY","BEST_FPERIOD_OVERRIDE=FY","FILING_STATUS=MR","SCALING_FORMAT=MLN","Sort=A","Dates=H","DateFormat=P","Fill=—","Direction=H","UseDPDF=Y") -> -97.742 | H90: =_xll.BDH("ALGEV FP Equity","NET_DEBT","FY 2015","FY 2015","Currency=EUR","Period=FY","BEST_FPERIOD_OVERRIDE=FY","FILING_STATUS=MR","SCALING_FORMAT=MLN","Sort=A","Dates=H","DateFormat=P","Fill=—","Direction=H","UseDPDF=Y") -> -63.881 | I90: =_xll.BDH("ALGEV FP Equity","NET_DEBT","FY 2016","FY 2016","Currency=EUR","Period=FY","BEST_FPERIOD_OVERRIDE=FY","FILING_STATUS=MR","SCALING_FORMAT=MLN","Sort=A","Dates=H","DateFormat=P","Fill=—","Direction=H","UseDPDF=Y") -> -66.942 | J90: =_xll.BDH("ALGEV FP Equity","NET_DEBT","FY 2017","FY 2017","Currency=EUR","Period=FY","BEST_FPERIOD_OVERRIDE=FY","FILING_STATUS=MR","SCALING_FORMAT=MLN","Sort=A","Dates=H","DateFormat=P","Fill=—","Direction=H","UseDPDF=Y") -> -94.214 | K90: =_xll.BDH("ALGEV FP Equity","NET_DEBT","FY 2018","FY 2018","Currency=EUR","Period=FY","BEST_FPERIOD_OVERRIDE=FY","FILING_STATUS=MR","SCALING_FORMAT=MLN","Sort=A","Dates=H","DateFormat=P","Fill=—","Direction=H","UseDPDF=Y") -> -164.037 | L90: =_xll.BDH("ALGEV FP Equity","NET_DEBT","FY 2019","FY 2019","Currency=EUR","Period=FY","BEST_FPERIOD_OVERRIDE=FY","FILING_STATUS=MR","SCALING_FORMAT=MLN","Sort=A","Dates=H","DateFormat=P","Fill=—","Direction=H","UseDPDF=Y") -> -148.343
A91: Dette nette/capitaux propres | B91: NET_DEBT_TO_SHRHLDR_EQTY | C91: =_xll.BDH("ALGEV FP Equity","NET_DEBT_TO_SHRHLDR_EQTY","FY 2010","FY 2010","Currency=EUR","Period=FY","BEST_FPERIOD_OVERRIDE=FY","FILING_STATUS=MR","Sort=A","Dates=H","DateFormat=P","Fill=—","Direction=H","UseDPDF=Y") -> -13.3565 | D91: =_xll.BDH("ALGEV FP Equity","NET_DEBT_TO_SHRHLDR_EQTY","FY 2011","FY 2011","Currency=EUR","Period=FY","BEST_FPERIOD_OVERRIDE=FY","FILING_STATUS=MR","Sort=A","Dates=H","DateFormat=P","Fill=—","Direction=H","UseDPDF=Y") -> -1.239 | E91: =_xll.BDH("ALGEV FP Equity","NET_DEBT_TO_SHRHLDR_EQTY","FY 2012","FY 2012","Currency=EUR","Period=FY","BEST_FPERIOD_OVERRIDE=FY","FILING_STATUS=MR","Sort=A","Dates=H","DateFormat=P","Fill=—","Direction=H","UseDPDF=Y") -> -8.4294 | F91: =_xll.BDH("ALGEV FP Equity","NET_DEBT_TO_SHRHLDR_EQTY","FY 2013","FY 2013","Currency=EUR","Period=FY","BEST_FPERIOD_OVERRIDE=FY","FILING_STATUS=MR","Sort=A","Dates=H","DateFormat=P","Fill=—","Direction=H","UseDPDF=Y") -> -11.9082 | G91: =_xll.BDH("ALGEV FP Equity","NET_DEBT_TO_SHRHLDR_EQTY","FY 2014","FY 2014","Currency=EUR","Period=FY","BEST_FPERIOD_OVERRIDE=FY","FILING_STATUS=MR","Sort=A","Dates=H","DateFormat=P","Fill=—","Direction=H","UseDPDF=Y") -> -48.8378 | H91: =_xll.BDH("ALGEV FP Equity","NET_DEBT_TO_SHRHLDR_EQTY","FY 2015","FY 2015","Currency=EUR","Period=FY","BEST_FPERIOD_OVERRIDE=FY","FILING_STATUS=MR","Sort=A","Dates=H","DateFormat=P","Fill=—","Direction=H","UseDPDF=Y") -> -34.3426 | I91: =_xll.BDH("ALGEV FP Equity","NET_DEBT_TO_SHRHLDR_EQTY","FY 2016","FY 2016","Currency=EUR","Period=FY","BEST_FPERIOD_OVERRIDE=FY","FILING_STATUS=MR","Sort=A","Dates=H","DateFormat=P","Fill=—","Direction=H","UseDPDF=Y") -> -33.5879 | J91: =_xll.BDH("ALGEV FP Equity","NET_DEBT_TO_SHRHLDR_EQTY","FY 2017","FY 2017","Currency=EUR","Period=FY","BEST_FPERIOD_OVERRIDE=FY","FILING_STATUS=MR","Sort=A","Dates=H","DateFormat=P","Fill=—","Direction=H","UseDPDF=Y") -> -47.829 | K91: =_xll.BDH("ALGEV FP Equity","NET_DEBT_TO_SHRHLDR_EQTY","FY 2018","FY 2018","Currency=EUR","Period=FY","BEST_FPERIOD_OVERRIDE=FY","FILING_STATUS=MR","Sort=A","Dates=H","DateFormat=P","Fill=—","Direction=H","UseDPDF=Y") -> -85.5281 | L91: =_xll.BDH("ALGEV FP Equity","NET_DEBT_TO_SHRHLDR_EQTY","FY 2019","FY 2019","Currency=EUR","Period=FY","BEST_FPERIOD_OVERRIDE=FY","FILING_STATUS=MR","Sort=A","Dates=H","DateFormat=P","Fill=—","Direction=H","UseDPDF=Y") -> -74.46
A92: Ratio Tangible Common Equity | B92: TCE_RATIO | C92: =_xll.BDH("ALGEV FP Equity","TCE_RATIO","FY 2010","FY 2010","Currency=EUR","Period=FY","BEST_FPERIOD_OVERRIDE=FY","FILING_STATUS=MR","Sort=A","Dates=H","DateFormat=P","Fill=—","Direction=H","UseDPDF=Y") -> 60.8121 | D92: =_xll.BDH("ALGEV FP Equity","TCE_RATIO","FY 2011","FY 2011","Currency=EUR","Period=FY","BEST_FPERIOD_OVERRIDE=FY","FILING_STATUS=MR","Sort=A","Dates=H","DateFormat=P","Fill=—","Direction=H","UseDPDF=Y") -> 61.6142 | E92: =_xll.BDH("ALGEV FP Equity","TCE_RATIO","FY 2012","FY 2012","Currency=EUR","Period=FY","BEST_FPERIOD_OVERRIDE=FY","FILING_STATUS=MR","Sort=A","Dates=H","DateFormat=P","Fill=—","Direction=H","UseDPDF=Y") -> 62.5992 | F92: =_xll.BDH("ALGEV FP Equity","TCE_RATIO","FY 2013","FY 2013","Currency=EUR","Period=FY","BEST_FPERIOD_OVERRIDE=FY","FILING_STATUS=MR","Sort=A","Dates=H","DateFormat=P","Fill=—","Direction=H","UseDPDF=Y") -> 58.542 | G92: =_xll.BDH("ALGEV FP Equity","TCE_RATIO","FY 2014","FY 2014","Currency=EUR","Period=FY","BEST_FPERIOD_OVERRIDE=FY","FILING_STATUS=MR","Sort=A","Dates=H","DateFormat=P","Fill=—","Direction=H","UseDPDF=Y") -> 56.822 | H92: =_xll.BDH("ALGEV FP Equity","TCE_RATIO","FY 2015","FY 2015","Currency=EUR","Period=FY","BEST_FPERIOD_OVERRIDE=FY","FILING_STATUS=MR","Sort=A","Dates=H","DateFormat=P","Fill=—","Direction=H","UseDPDF=Y") -> 56.3573 | I92: =_xll.BDH("ALGEV FP Equity","TCE_RATIO","FY 2016","FY 2016","Currency=EUR","Period=FY","BEST_FPERIOD_OVERRIDE=FY","FILING_STATUS=MR","Sort=A","Dates=H","DateFormat=P","Fill=—","Direction=H","UseDPDF=Y") -> 55.3214 | J92: =_xll.BDH("ALGEV FP Equity","TCE_RATIO","FY 2017","FY 2017","Currency=EUR","Period=FY","BEST_FPERIOD_OVERRIDE=FY","FILING_STATUS=MR","Sort=A","Dates=H","DateFormat=P","Fill=—","Direction=H","UseDPDF=Y") -> 66.6641 | K92: =_xll.BDH("ALGEV FP Equity","TCE_RATIO","FY 2018","FY 2018","Currency=EUR","Period=FY","BEST_FPERIOD_OVERRIDE=FY","FILING_STATUS=MR","Sort=A","Dates=H","DateFormat=P","Fill=—","Direction=H","UseDPDF=Y") -> 67.2383 | L92: =_xll.BDH("ALGEV FP Equity","TCE_RATIO","FY 2019","FY 2019","Currency=EUR","Period=FY","BEST_FPERIOD_OVERRIDE=FY","FILING_STATUS=MR","Sort=A","Dates=H","DateFormat=P","Fill=—","Direction=H","UseDPDF=Y") -> 65.1998
A93: Ratio de liquidité générale | B93: CUR_RATIO | C93: =_xll.BDH("ALGEV FP Equity","CUR_RATIO","FY 2010","FY 2010","Currency=EUR","Period=FY","BEST_FPERIOD_OVERRIDE=FY","FILING_STATUS=MR","Sort=A","Dates=H","DateFormat=P","Fill=—","Direction=H","UseDPDF=Y") -> 1.8935 | D93: =_xll.BDH("ALGEV FP Equity","CUR_RATIO","FY 2011","FY 2011","Currency=EUR","Period=FY","BEST_FPERIOD_OVERRIDE=FY","FILING_STATUS=MR","Sort=A","Dates=H","DateFormat=P","Fill=—","Direction=H","UseDPDF=Y") -> 1.9149 | E93: =_xll.BDH("ALGEV FP Equity","CUR_RATIO","FY 2012","FY 2012","Currency=EUR","Period=FY","BEST_FPERIOD_OVERRIDE=FY","FILING_STATUS=MR","Sort=A","Dates=H","DateFormat=P","Fill=—","Direction=H","UseDPDF=Y") -> 2.1216 | F93: =_xll.BDH("ALGEV FP Equity","CUR_RATIO","FY 2013","FY 2013","Currency=EUR","Period=FY","BEST_FPERIOD_OVERRIDE=FY","FILING_STATUS=MR","Sort=A","Dates=H","DateFormat=P","Fill=—","Direction=H","UseDPDF=Y") -> 2.282 | G93: =_xll.BDH("ALGEV FP Equity","CUR_RATIO","FY 2014","FY 2014","Currency=EUR","Period=FY","BEST_FPERIOD_OVERRIDE=FY","FILING_STATUS=MR","Sort=A","Dates=H","DateFormat=P","Fill=—","Direction=H","UseDPDF=Y") -> 2.243 | H93: =_xll.BDH("ALGEV FP Equity","CUR_RATIO","FY 2015","FY 2015","Currency=EUR","Period=FY","BEST_FPERIOD_OVERRIDE=FY","FILING_STATUS=MR","Sort=A","Dates=H","DateFormat=P","Fill=—","Direction=H","UseDPDF=Y") -> 2.161 | I93: =_xll.BDH("ALGEV FP Equity","CUR_RATIO","FY 2016","FY 2016","Currency=EUR","Period=FY","BEST_FPERIOD_OVERRIDE=FY","FILING_STATUS=MR","Sort=A","Dates=H","DateFormat=P","Fill=—","Direction=H","UseDPDF=Y") -> 2.2317 | J93: =_xll.BDH("ALGEV FP Equity","CUR_RATIO","FY 2017","FY 2017","Currency=EUR","Period=FY","BEST_FPERIOD_OVERRIDE=FY","FILING_STATUS=MR","Sort=A","Dates=H","DateFormat=P","Fill=—","Direction=H","UseDPDF=Y") -> 3.1939 | K93: =_xll.BDH("ALGEV FP Equity","CUR_RATIO","FY 2018","FY 2018","Currency=EUR","Period=FY","BEST_FPERIOD_OVERRIDE=FY","FILING_STATUS=MR","Sort=A","Dates=H","DateFormat=P","Fill=—","Direction=H","UseDPDF=Y") -> 3.1684 | L93: =_xll.BDH("ALGEV FP Equity","CUR_RATIO","FY 2019","FY 2019","Currency=EUR","Period=FY","BEST_FPERIOD_OVERRIDE=FY","FILING_STATUS=MR","Sort=A","Dates=H","DateFormat=P","Fill=—","Direction=H","UseDPDF=Y") -> 3.0741
A94: Nombre d'employés | B94: NUM_OF_EMPLOYEES | C94: =_xll.BDH("ALGEV FP Equity","NUM_OF_EMPLOYEES","FY 2010","FY 2010","Currency=EUR","Period=FY","BEST_FPERIOD_OVERRIDE=FY","FILING_STATUS=MR","Sort=A","Dates=H","DateFormat=P","Fill=—","Direction=H","UseDPDF=Y") -> 1175 | D94: =_xll.BDH("ALGEV FP Equity","NUM_OF_EMPLOYEES","FY 2011","FY 2011","Currency=EUR","Period=FY","BEST_FPERIOD_OVERRIDE=FY","FILING_STATUS=MR","Sort=A","Dates=H","DateFormat=P","Fill=—","Direction=H","UseDPDF=Y") -> 1195 | E94: =_xll.BDH("ALGEV FP Equity","NUM_OF_EMPLOYEES","FY 2012","FY 2012","Currency=EUR","Period=FY","BEST_FPERIOD_OVERRIDE=FY","FILING_STATUS=MR","Sort=A","Dates=H","DateFormat=P","Fill=—","Direction=H","UseDPDF=Y") -> 1251 | F94: =_xll.BDH("ALGEV FP Equity","NUM_OF_EMPLOYEES","FY 2013","FY 2013","Currency=EUR","Period=FY","BEST_FPERIOD_OVERRIDE=FY","FILING_STATUS=MR","Sort=A","Dates=H","DateFormat=P","Fill=—","Direction=H","UseDPDF=Y") -> 1268 | G94: =_xll.BDH("ALGEV FP Equity","NUM_OF_EMPLOYEES","FY 2014","FY 2014","Currency=EUR","Period=FY","BEST_FPERIOD_OVERRIDE=FY","FILING_STATUS=MR","Sort=A","Dates=H","DateFormat=P","Fill=—","Direction=H","UseDPDF=Y") -> 1424 | H94: =_xll.BDH("ALGEV FP Equity","NUM_OF_EMPLOYEES","FY 2015","FY 2015","Currency=EUR","Period=FY","BEST_FPERIOD_OVERRIDE=FY","FILING_STATUS=MR","Sort=A","Dates=H","DateFormat=P","Fill=—","Direction=H","UseDPDF=Y") -> 1305 | I94: =_xll.BDH("ALGEV FP Equity","NUM_OF_EMPLOYEES","FY 2016","FY 2016","Currency=EUR","Period=FY","BEST_FPERIOD_OVERRIDE=FY","FILING_STATUS=MR","Sort=A","Dates=H","DateFormat=P","Fill=—","Direction=H","UseDPDF=Y") -> 1257 | J94: =_xll.BDH("ALGEV FP Equity","NUM_OF_EMPLOYEES","FY 2017","FY 2017","Currency=EUR","Period=FY","BEST_FPERIOD_OVERRIDE=FY","FILING_STATUS=MR","Sort=A","Dates=H","DateFormat=P","Fill=—","Direction=H","UseDPDF=Y") -> 1312 | K94: =_xll.BDH("ALGEV FP Equity","NUM_OF_EMPLOYEES","FY 2018","FY 2018","Currency=EUR","Period=FY","BEST_FPERIOD_OVERRIDE=FY","FILING_STATUS=MR","Sort=A","Dates=H","DateFormat=P","Fill=—","Direction=H","UseDPDF=Y") -> 621 | L94: =_xll.BDH("ALGEV FP Equity","NUM_OF_EMPLOYEES","FY 2019","FY 2019","Currency=EUR","Period=FY","BEST_FPERIOD_OVERRIDE=FY","FILING_STATUS=MR","Sort=A","Dates=H","DateFormat=P","Fill=—","Direction=H","UseDPDF=Y") -> 712
A95: Source: Bloomberg | C95: Cliquer droit pour la transparence des données (pas dispo pour toutes valeurs)

Sheet compte de résultat
A2: Gévelot SA (ALGEV FP) - Ajusté
A4: En millions de EUR sauf Par action | C4: FY 2011 | D4: FY 2012 | E4: FY 2013 | F4: FY 2014 | G4: FY 2015 | H4: FY 2016 | I4: FY 2017 | J4: FY 2018 | K4: FY 2019 | L4: 12 dern m
A5: 12 mois se terminant | C5: 12/31/2011 | D5: 12/31/2012 | E5: 12/31/2013 | F5: 12/31/2014 | G5: 12/31/2015 | H5: 12/31/2016 | I5: 12/31/2017 | J5: 12/31/2018 | K5: 12/31/2019 | L5: 06/30/2020
A6: Revenus | B6: SALES_REV_TURN | C6: =_xll.BDH("ALGEV FP Equity","SALES_REV_TURN","FY 2011","FY 2011","Currency=EUR","Period=FY","BEST_FPERIOD_OVERRIDE=FY","FILING_STATUS=MR","SCALING_FORMAT=MLN","FA_ADJUSTED=Adjusted","Sort=A","Dates=H","DateFormat=P","Fill=—","Direction=H","UseDPDF=Y") -> 220.784 | D6: =_xll.BDH("ALGEV FP Equity","SALES_REV_TURN","FY 2012","FY 2012","Currency=EUR","Period=FY","BEST_FPERIOD_OVERRIDE=FY","FILING_STATUS=MR","SCALING_FORMAT=MLN","FA_ADJUSTED=Adjusted","Sort=A","Dates=H","DateFormat=P","Fill=—","Direction=H","UseDPDF=Y") -> 202.074 | E6: =_xll.BDH("ALGEV FP Equity","SALES_REV_TURN","FY 2013","FY 2013","Currency=EUR","Period=FY","BEST_FPERIOD_OVERRIDE=FY","FILING_STATUS=MR","SCALING_FORMAT=MLN","FA_ADJUSTED=Adjusted","Sort=A","Dates=H","DateFormat=P","Fill=—","Direction=H","UseDPDF=Y") -> 199.221 | F6: =_xll.BDH("ALGEV FP Equity","SALES_REV_TURN","FY 2014","FY 2014","Currency=EUR","Period=FY","BEST_FPERIOD_OVERRIDE=FY","FILING_STATUS=MR","SCALING_FORMAT=MLN","FA_ADJUSTED=Adjusted","Sort=A","Dates=H","DateFormat=P","Fill=—","Direction=H","UseDPDF=Y") -> 211.803 | G6: =_xll.BDH("ALGEV FP Equity","SALES_REV_TURN","FY 2015","FY 2015","Currency=EUR","Period=FY","BEST_FPERIOD_OVERRIDE=FY","FILING_STATUS=MR","SCALING_FORMAT=MLN","FA_ADJUSTED=Adjusted","Sort=A","Dates=H","DateFormat=P","Fill=—","Direction=H","UseDPDF=Y") -> 206.87 | H6: =_xll.BDH("ALGEV FP Equity","SALES_REV_TURN","FY 2016","FY 2016","Currency=EUR","Period=FY","BEST_FPERIOD_OVERRIDE=FY","FILING_STATUS=MR","SCALING_FORMAT=MLN","FA_ADJUSTED=Adjusted","Sort=A","Dates=H","DateFormat=P","Fill=—","Direction=H","UseDPDF=Y") -> 91.239 | I6: =_xll.BDH("ALGEV FP Equity","SALES_REV_TURN","FY 2017","FY 2017","Currency=EUR","Period=FY","BEST_FPERIOD_OVERRIDE=FY","FILING_STATUS=MR","SCALING_FORMAT=MLN","FA_ADJUSTED=Adjusted","Sort=A","Dates=H","DateFormat=P","Fill=—","Direction=H","UseDPDF=Y") -> 89.486 | J6: =_xll.BDH("ALGEV FP Equity","SALES_REV_TURN","FY 2018","FY 2018","Currency=EUR","Period=FY","BEST_FPERIOD_OVERRIDE=FY","FILING_STATUS=MR","SCALING_FORMAT=MLN","FA_ADJUSTED=Adjusted","Sort=A","Dates=H","DateFormat=P","Fill=—","Direction=H","UseDPDF=Y") -> 94.225 | K6: =_xll.BDH("ALGEV FP Equity","SALES_REV_TURN","FY 2019","FY 2019","Currency=EUR","Period=FY","BEST_FPERIOD_OVERRIDE=FY","FILING_STATUS=MR","SCALING_FORMAT=MLN","FA_ADJUSTED=Adjusted","Sort=A","Dates=H","DateFormat=P","Fill=—","Direction=H","UseDPDF=Y") -> 103.73 | L6: 96.64
A7: + Revenus de ventes et services | B7: IS_SALES_AND_SERVICES_REVENUES | C7: =_xll.BDH("ALGEV FP Equity","IS_SALES_AND_SERVICES_REVENUES","FY 2011","FY 2011","Currency=EUR","Period=FY","BEST_FPERIOD_OVERRIDE=FY","FILING_STATUS=MR","SCALING_FORMAT=MLN","FA_ADJUSTED=Adjusted","Sort=A","Dates=H","DateFormat=P","Fill=—","Direction=H","UseDPDF=Y") -> — | D7: =_xll.BDH("ALGEV FP Equity","IS_SALES_AND_SERVICES_REVENUES","FY 2012","FY 2012","Currency=EUR","Period=FY","BEST_FPERIOD_OVERRIDE=FY","FILING_STATUS=MR","SCALING_FORMAT=MLN","FA_ADJUSTED=Adjusted","Sort=A","Dates=H","DateFormat=P","Fill=—","Direction=H","UseDPDF=Y") -> — | E7: =_xll.BDH("ALGEV FP Equity","IS_SALES_AND_SERVICES_REVENUES","FY 2013","FY 2013","Currency=EUR","Period=FY","BEST_FPERIOD_OVERRIDE=FY","FILING_STATUS=MR","SCALING_FORMAT=MLN","FA_ADJUSTED=Adjusted","Sort=A","Dates=H","DateFormat=P","Fill=—","Direction=H","UseDPDF=Y") -> — | F7: =_xll.BDH("ALGEV FP Equity","IS_SALES_AND_SERVICES_REVENUES","FY 2014","FY 2014","Currency=EUR","Period=FY","BEST_FPERIOD_OVERRIDE=FY","FILING_STATUS=MR","SCALING_FORMAT=MLN","FA_ADJUSTED=Adjusted","Sort=A","Dates=H","DateFormat=P","Fill=—","Direction=H","UseDPDF=Y") -> — | G7: =_xll.BDH("ALGEV FP Equity","IS_SALES_AND_SERVICES_REVENUES","FY 2015","FY 2015","Currency=EUR","Period=FY","BEST_FPERIOD_OVERRIDE=FY","FILING_STATUS=MR","SCALING_FORMAT=MLN","FA_ADJUSTED=Adjusted","Sort=A","Dates=H","DateFormat=P","Fill=—","Direction=H","UseDPDF=Y") -> — | H7: =_xll.BDH("ALGEV FP Equity","IS_SALES_AND_SERVICES_REVENUES","FY 2016","FY 2016","Currency=EUR","Period=FY","BEST_FPERIOD_OVERRIDE=FY","FILING_STATUS=MR","SCALING_FORMAT=MLN","FA_ADJUSTED=Adjusted","Sort=A","Dates=H","DateFormat=P","Fill=—","Direction=H","UseDPDF=Y") -> 91.239 | I7: =_xll.BDH("ALGEV FP Equity","IS_SALES_AND_SERVICES_REVENUES","FY 2017","FY 2017","Currency=EUR","Period=FY","BEST_FPERIOD_OVERRIDE=FY","FILING_STATUS=MR","SCALING_FORMAT=MLN","FA_ADJUSTED=Adjusted","Sort=A","Dates=H","DateFormat=P","Fill=—","Direction=H","UseDPDF=Y") -> 89.486 | J7: =_xll.BDH("ALGEV FP Equity","IS_SALES_AND_SERVICES_REVENUES","FY 2018","FY 2018","Currency=EUR","Period=FY","BEST_FPERIOD_OVERRIDE=FY","FILING_STATUS=MR","SCALING_FORMAT=MLN","FA_ADJUSTED=Adjusted","Sort=A","Dates=H","DateFormat=P","Fill=—","Direction=H","UseDPDF=Y") -> 94.225 | K7: =_xll.BDH("ALGEV FP Equity","IS_SALES_AND_SERVICES_REVENUES","FY 2019","FY 2019","Currency=EUR","Period=FY","BEST_FPERIOD_OVERRIDE=FY","FILING_STATUS=MR","SCALING_FORMAT=MLN","FA_ADJUSTED=Adjusted","Sort=A","Dates=H","DateFormat=P","Fill=—","Direction=H","UseDPDF=Y") -> 103.73 | L7: 96.64
A8: + Autres revenus d'exploitation | B8: IS_OTHER_OPER_INC | C8: =_xll.BDH("ALGEV FP Equity","IS_OTHER_OPER_INC","FY 2011","FY 2011","Currency=EUR","Period=FY","BEST_FPERIOD_OVERRIDE=FY","FILING_STATUS=MR","SCALING_FORMAT=MLN","FA_ADJUSTED=Adjusted","Sort=A","Dates=H","DateFormat=P","Fill=—","Direction=H","UseDPDF=Y") -> — | D8: =_xll.BDH("ALGEV FP Equity","IS_OTHER_OPER_INC","FY 2012","FY 2012","Currency=EUR","Period=FY","BEST_FPERIOD_OVERRIDE=FY","FILING_STATUS=MR","SCALING_FORMAT=MLN","FA_ADJUSTED=Adjusted","Sort=A","Dates=H","DateFormat=P","Fill=—","Direction=H","UseDPDF=Y") -> 3.681 | E8: =_xll.BDH("ALGEV FP Equity","IS_OTHER_OPER_INC","FY 2013","FY 2013","Currency=EUR","Period=FY","BEST_FPERIOD_OVERRIDE=FY","FILING_STATUS=MR","SCALING_FORMAT=MLN","FA_ADJUSTED=Adjusted","Sort=A","Dates=H","DateFormat=P","Fill=—","Direction=H","UseDPDF=Y") -> 2.603 | F8: =_xll.BDH("ALGEV FP Equity","IS_OTHER_OPER_INC","FY 2014","FY 2014","Currency=EUR","Period=FY","BEST_FPERIOD_OVERRIDE=FY","FILING_STATUS=MR","SCALING_FORMAT=MLN","FA_ADJUSTED=Adjusted","Sort=A","Dates=H","DateFormat=P","Fill=—","Direction=H","UseDPDF=Y") -> 69.332 | G8: =_xll.BDH("ALGEV FP Equity","IS_OTHER_OPER_INC","FY 2015","FY 2015","Currency=EUR","Period=FY","BEST_FPERIOD_OVERRIDE=FY","FILING_STATUS=MR","SCALING_FORMAT=MLN","FA_ADJUSTED=Adjusted","Sort=A","Dates=H","DateFormat=P","Fill=—","Direction=H","UseDPDF=Y") -> 8.797 | H8: =_xll.BDH("ALGEV FP Equity","IS_OTHER_OPER_INC","FY 2016","FY 2016","Currency=EUR","Period=FY","BEST_FPERIOD_OVERRIDE=FY","FILING_STATUS=MR","SCALING_FORMAT=MLN","FA_ADJUSTED=Adjusted","Sort=A","Dates=H","DateFormat=P","Fill=—","Direction=H","UseDPDF=Y") -> 15.165 | I8: =_xll.BDH("ALGEV FP Equity","IS_OTHER_OPER_INC","FY 2017","FY 2017","Currency=EUR","Period=FY","BEST_FPERIOD_OVERRIDE=FY","FILING_STATUS=MR","SCALING_FORMAT=MLN","FA_ADJUSTED=Adjusted","Sort=A","Dates=H","DateFormat=P","Fill=—","Direction=H","UseDPDF=Y") -> 27.611 | J8: =_xll.BDH("ALGEV FP Equity","IS_OTHER_OPER_INC","FY 2018","FY 2018","Currency=EUR","Period=FY","BEST_FPERIOD_OVERRIDE=FY","FILING_STATUS=MR","SCALING_FORMAT=MLN","FA_ADJUSTED=Adjusted","Sort=A","Dates=H","DateFormat=P","Fill=—","Direction=H","UseDPDF=Y") -> 5.363 | K8: =_xll.BDH("ALGEV FP Equity","IS_OTHER_OPER_INC","FY 2019","FY 2019","Currency=EUR","Period=FY","BEST_FPERIOD_OVERRIDE=FY","FILING_STATUS=MR","SCALING_FORMAT=MLN","FA_ADJUSTED=Adjusted","Sort=A","Dates=H","DateFormat=P","Fill=—","Direction=H","UseDPDF=Y") -> 5.623 | L8: 6.07
A9: - Charges d'exploitation | B9: IS_OPERATING_EXPN | C9: =_xll.BDH("ALGEV FP Equity","IS_OPERATING_EXPN","FY 2011","FY 2011","Currency=EUR","Period=FY","BEST_FPERIOD_OVERRIDE=FY","FILING_STATUS=MR","SCALING_FORMAT=MLN","FA_ADJUSTED=Adjusted","Sort=A","Dates=H","DateFormat=P","Fill=—","Direction=H","UseDPDF=Y") -> 200.009 | D9: =_xll.BDH("ALGEV FP Equity","IS_OPERATING_EXPN","FY 2012","FY 2012","Currency=EUR","Period=FY","BEST_FPERIOD_OVERRIDE=FY","FILING_STATUS=MR","SCALING_FORMAT=MLN","FA_ADJUSTED=Adjusted","Sort=A","Dates=H","DateFormat=P","Fill=—","Direction=H","UseDPDF=Y") -> 217.868 | E9: =_xll.BDH("ALGEV FP Equity","IS_OPERATING_EXPN","FY 2013","FY 2013","Currency=EUR","Period=FY","BEST_FPERIOD_OVERRIDE=FY","FILING_STATUS=MR","SCALING_FORMAT=MLN","FA_ADJUSTED=Adjusted","Sort=A","Dates=H","DateFormat=P","Fill=—","Direction=H","UseDPDF=Y") -> 195.605 | F9: =_xll.BDH("ALGEV FP Equity","IS_OPERATING_EXPN","FY 2014","FY 2014","Currency=EUR","Period=FY","BEST_FPERIOD_OVERRIDE=FY","FILING_STATUS=MR","SCALING_FORMAT=MLN","FA_ADJUSTED=Adjusted","Sort=A","Dates=H","DateFormat=P","Fill=—","Direction=H","UseDPDF=Y") -> 208.124 | G9: =_xll.BDH("ALGEV FP Equity","IS_OPERATING_EXPN","FY 2015","FY 2015","Currency=EUR","Period=FY","BEST_FPERIOD_OVERRIDE=FY","FILING_STATUS=MR","SCALING_FORMAT=MLN","FA_ADJUSTED=Adjusted","Sort=A","Dates=H","DateFormat=P","Fill=—","Direction=H","UseDPDF=Y") -> 212.418 | H9: =_xll.BDH("ALGEV FP Equity","IS_OPERATING_EXPN","FY 2016","FY 2016","Currency=EUR","Period=FY","BEST_FPERIOD_OVERRIDE=FY","FILING_STATUS=MR","SCALING_FORMAT=MLN","FA_ADJUSTED=Adjusted","Sort=A","Dates=H","DateFormat=P","Fill=—","Direction=H","UseDPDF=Y") -> 100.586 | I9: =_xll.BDH("ALGEV FP Equity","IS_OPERATING_EXPN","FY 2017","FY 2017","Currency=EUR","Period=FY","BEST_FPERIOD_OVERRIDE=FY","FILING_STATUS=MR","SCALING_FORMAT=MLN","FA_ADJUSTED=Adjusted","Sort=A","Dates=H","DateFormat=P","Fill=—","Direction=H","UseDPDF=Y") -> 113.592 | J9: =_xll.BDH("ALGEV FP Equity","IS_OPERATING_EXPN","FY 2018","FY 2018","Currency=EUR","Period=FY","BEST_FPERIOD_OVERRIDE=FY","FILING_STATUS=MR","SCALING_FORMAT=MLN","FA_ADJUSTED=Adjusted","Sort=A","Dates=H","DateFormat=P","Fill=—","Direction=H","UseDPDF=Y") -> 92.099 | K9: =_xll.BDH("ALGEV FP Equity","IS_OPERATING_EXPN","FY 2019","FY 2019","Currency=EUR","Period=FY","BEST_FPERIOD_OVERRIDE=FY","FILING_STATUS=MR","SCALING_FORMAT=MLN","FA_ADJUSTED=Adjusted","Sort=A","Dates=H","DateFormat=P","Fill=—","Direction=H","UseDPDF=Y") -> 100.793 | L9: 100.879
A10: + Recherche & Développement | B10: IS_OPEX_R&D | C10: =_xll.BDH("ALGEV FP Equity","IS_OPEX_R&D","FY 2011","FY 2011","Currency=EUR","Period=FY","BEST_FPERIOD_OVERRIDE=FY","FILING_STATUS=MR","SCALING_FORMAT=MLN","Sort=A","Dates=H","DateFormat=P","Fill=—","Direction=H","UseDPDF=Y") -> — | D10: =_xll.BDH("ALGEV FP Equity","IS_OPEX_R&D","FY 2012","FY 2012","Currency=EUR","Period=FY","BEST_FPERIOD_OVERRIDE=FY","FILING_STATUS=MR","SCALING_FORMAT=MLN","Sort=A","Dates=H","DateFormat=P","Fill=—","Direction=H","UseDPDF=Y") -> — | E10: =_xll.BDH("ALGEV FP Equity","IS_OPEX_R&D","FY 2013","FY 2013","Currency=EUR","Period=FY","BEST_FPERIOD_OVERRIDE=FY","FILING_STATUS=MR","SCALING_FORMAT=MLN","Sort=A","Dates=H","DateFormat=P","Fill=—","Direction=H","UseDPDF=Y") -> — | F10: =_xll.BDH("ALGEV FP Equity","IS_OPEX_R&D","FY 2014","FY 2014","Currency=EUR","Period=FY","BEST_FPERIOD_OVERRIDE=FY","FILING_STATUS=MR","SCALING_FORMAT=MLN","Sort=A","Dates=H","DateFormat=P","Fill=—","Direction=H","UseDPDF=Y") -> — | G10: =_xll.BDH("ALGEV FP Equity","IS_OPEX_R&D","FY 2015","FY 2015","Currency=EUR","Period=FY","BEST_FPERIOD_OVERRIDE=FY","FILING_STATUS=MR","SCALING_FORMAT=MLN","Sort=A","Dates=H","DateFormat=P","Fill=—","Direction=H","UseDPDF=Y") -> — | H10: =_xll.BDH("ALGEV FP Equity","IS_OPEX_R&D","FY 2016","FY 2016","Currency=EUR","Period=FY","BEST_FPERIOD_OVERRIDE=FY","FILING_STATUS=MR","SCALING_FORMAT=MLN","Sort=A","Dates=H","DateFormat=P","Fill=—","Direction=H","UseDPDF=Y") -> 4.08 | I10: =_xll.BDH("ALGEV FP Equity","IS_OPEX_R&D","FY 2017","FY 2017","Currency=EUR","Period=FY","BEST_FPERIOD_OVERRIDE=FY","FILING_STATUS=MR","SCALING_FORMAT=MLN","Sort=A","Dates=H","DateFormat=P","Fill=—","Direction=H","UseDPDF=Y") -> 1.89 | J10: =_xll.BDH("ALGEV FP Equity","IS_OPEX_R&D","FY 2018","FY 2018","Currency=EUR","Period=FY","BEST_FPERIOD_OVERRIDE=FY","FILING_STATUS=MR","SCALING_FORMAT=MLN","Sort=A","Dates=H","DateFormat=P","Fill=—","Direction=H","UseDPDF=Y") -> 1.244 | K10: =_xll.BDH("ALGEV FP Equity","IS_OPEX_R&D","FY 2019","FY 2019","Currency=EUR","Period=FY","BEST_FPERIOD_OVERRIDE=FY","FILING_STATUS=MR","SCALING_FORMAT=MLN","Sort=A","Dates=H","DateFormat=P","Fill=—","Direction=H","UseDPDF=Y") -> 1.376
A11: + Autres charges d'exploitation | B11: IS_OTHER_OPERATING_EXPENSES | C11: =_xll.BDH("ALGEV FP Equity","IS_OTHER_OPERATING_EXPENSES","FY 2011","FY 2011","Currency=EUR","Period=FY","BEST_FPERIOD_OVERRIDE=FY","FILING_STATUS=MR","SCALING_FORMAT=MLN","FA_ADJUSTED=Adjusted","Sort=A","Dates=H","DateFormat=P","Fill=—","Direction=H","UseDPDF=Y") -> — | D11: =_xll.BDH("ALGEV FP Equity","IS_OTHER_OPERATING_EXPENSES","FY 2012","FY 2012","Currency=EUR","Period=FY","BEST_FPERIOD_OVERRIDE=FY","FILING_STATUS=MR","SCALING_FORMAT=MLN","FA_ADJUSTED=Adjusted","Sort=A","Dates=H","DateFormat=P","Fill=—","Direction=H","UseDPDF=Y") -> — | E11: =_xll.BDH("ALGEV FP Equity","IS_OTHER_OPERATING_EXPENSES","FY 2013","FY 2013","Currency=EUR","Period=FY","BEST_FPERIOD_OVERRIDE=FY","FILING_STATUS=MR","SCALING_FORMAT=MLN","FA_ADJUSTED=Adjusted","Sort=A","Dates=H","DateFormat=P","Fill=—","Direction=H","UseDPDF=Y") -> — | F11: =_xll.BDH("ALGEV FP Equity","IS_OTHER_OPERATING_EXPENSES","FY 2014","FY 2014","Currency=EUR","Period=FY","BEST_FPERIOD_OVERRIDE=FY","FILING_STATUS=MR","SCALING_FORMAT=MLN","FA_ADJUSTED=Adjusted","Sort=A","Dates=H","DateFormat=P","Fill=—","Direction=H","UseDPDF=Y") -> — | G11: =_xll.BDH("ALGEV FP Equity","IS_OTHER_OPERATING_EXPENSES","FY 2015","FY 2015","Currency=EUR","Period=FY","BEST_FPERIOD_OVERRIDE=FY","FILING_STATUS=MR","SCALING_FORMAT=MLN","FA_ADJUSTED=Adjusted","Sort=A","Dates=H","DateFormat=P","Fill=—","Direction=H","UseDPDF=Y") -> — | H11: =_xll.BDH("ALGEV FP Equity","IS_OTHER_OPERATING_EXPENSES","FY 2016","FY 2016","Currency=EUR","Period=FY","BEST_FPERIOD_OVERRIDE=FY","FILING_STATUS=MR","SCALING_FORMAT=MLN","FA_ADJUSTED=Adjusted","Sort=A","Dates=H","DateFormat=P","Fill=—","Direction=H","UseDPDF=Y") -> 96.506 | I11: =_xll.BDH("ALGEV FP Equity","IS_OTHER_OPERATING_EXPENSES","FY 2017","FY 2017","Currency=EUR","Period=FY","BEST_FPERIOD_OVERRIDE=FY","FILING_STATUS=MR","SCALING_FORMAT=MLN","FA_ADJUSTED=Adjusted","Sort=A","Dates=H","DateFormat=P","Fill=—","Direction=H","UseDPDF=Y") -> 111.702 | J11: =_xll.BDH("ALGEV FP Equity","IS_OTHER_OPERATING_EXPENSES","FY 2018","FY 2018","Currency=EUR","Period=FY","BEST_FPERIOD_OVERRIDE=FY","FILING_STATUS=MR","SCALING_FORMAT=MLN","FA_ADJUSTED=Adjusted","Sort=A","Dates=H","DateFormat=P","Fill=—","Direction=H","UseDPDF=Y") -> 90.855 | K11: =_xll.BDH("ALGEV FP Equity","IS_OTHER_OPERATING_EXPENSES","FY 2019","FY 2019","Currency=EUR","Period=FY","BEST_FPERIOD_OVERRIDE=FY","FILING_STATUS=MR","SCALING_FORMAT=MLN","FA_ADJUSTED=Adjusted","Sort=A","Dates=H","DateFormat=P","Fill=—","Direction=H","UseDPDF=Y") -> 99.417 | L11: 100.879
A12: Bénéfices (Pertes) d'exploitation | B12: IS_OPER_INC | C12: =_xll.BDH("ALGEV FP Equity","IS_OPER_INC","FY 2011","FY 2011","Currency=EUR","Period=FY","BEST_FPERIOD_OVERRIDE=FY","FILING_STATUS=MR","SCALING_FORMAT=MLN","FA_ADJUSTED=Adjusted","Sort=A","Dates=H","DateFormat=P","Fill=—","Direction=H","UseDPDF=Y") -> 20.775 | D12: =_xll.BDH("ALGEV FP Equity","IS_OPER_INC","FY 2012","FY 2012","Currency=EUR","Period=FY","BEST_FPERIOD_OVERRIDE=FY","FILING_STATUS=MR","SCALING_FORMAT=MLN","FA_ADJUSTED=Adjusted","Sort=A","Dates=H","DateFormat=P","Fill=—","Direction=H","UseDPDF=Y") -> -12.113 | E12: =_xll.BDH("ALGEV FP Equity","IS_OPER_INC","FY 2013","FY 2013","Currency=EUR","Period=FY","BEST_FPERIOD_OVERRIDE=FY","FILING_STATUS=MR","SCALING_FORMAT=MLN","FA_ADJUSTED=Adjusted","Sort=A","Dates=H","DateFormat=P","Fill=—","Direction=H","UseDPDF=Y") -> 6.219 | F12: =_xll.BDH("ALGEV FP Equity","IS_OPER_INC","FY 2014","FY 2014","Currency=EUR","Period=FY","BEST_FPERIOD_OVERRIDE=FY","FILING_STATUS=MR","SCALING_FORMAT=MLN","FA_ADJUSTED=Adjusted","Sort=A","Dates=H","DateFormat=P","Fill=—","Direction=H","UseDPDF=Y") -> 73.011 | G12: =_xll.BDH("ALGEV FP Equity","IS_OPER_INC","FY 2015","FY 2015","Currency=EUR","Period=FY","BEST_FPERIOD_OVERRIDE=FY","FILING_STATUS=MR","SCALING_FORMAT=MLN","FA_ADJUSTED=Adjusted","Sort=A","Dates=H","DateFormat=P","Fill=—","Direction=H","UseDPDF=Y") -> 3.249 | H12: =_xll.BDH("ALGEV FP Equity","IS_OPER_INC","FY 2016","FY 2016","Currency=EUR","Period=FY","BEST_FPERIOD_OVERRIDE=FY","FILING_STATUS=MR","SCALING_FORMAT=MLN","FA_ADJUSTED=Adjusted","Sort=A","Dates=H","DateFormat=P","Fill=—","Direction=H","UseDPDF=Y") -> 5.818 | I12: =_xll.BDH("ALGEV FP Equity","IS_OPER_INC","FY 2017","FY 2017","Currency=EUR","Period=FY","BEST_FPERIOD_OVERRIDE=FY","FILING_STATUS=MR","SCALING_FORMAT=MLN","FA_ADJUSTED=Adjusted","Sort=A","Dates=H","DateFormat=P","Fill=—","Direction=H","UseDPDF=Y") -> 3.505 | J12: =_xll.BDH("ALGEV FP Equity","IS_OPER_INC","FY 2018","FY 2018","Currency=EUR","Period=FY","BEST_FPERIOD_OVERRIDE=FY","FILING_STATUS=MR","SCALING_FORMAT=MLN","FA_ADJUSTED=Adjusted","Sort=A","Dates=H","DateFormat=P","Fill=—","Direction=H","UseDPDF=Y") -> 7.489 | K12: =_xll.BDH("ALGEV FP Equity","IS_OPER_INC","FY 2019","FY 2019","Currency=EUR","Period=FY","BEST_FPERIOD_OVERRIDE=FY","FILING_STATUS=MR","SCALING_FORMAT=MLN","FA_ADJUSTED=Adjusted","Sort=A","Dates=H","DateFormat=P","Fill=—","Direction=H","UseDPDF=Y") -> 8.56 | L12: 1.831
A13: - (Bénéfices) pertes hors exploitation | B13: IS_NONOP_INCOME_LOSS | C13: =_xll.BDH("ALGEV FP Equity","IS_NONOP_INCOME_LOSS","FY 2011","FY 2011","Currency=EUR","Period=FY","BEST_FPERIOD_OVERRIDE=FY","FILING_STATUS=MR","SCALING_FORMAT=MLN","FA_ADJUSTED=Adjusted","Sort=A","Dates=H","DateFormat=P","Fill=—","Direction=H","UseDPDF=Y") -> — | D13: =_xll.BDH("ALGEV FP Equity","IS_NONOP_INCOME_LOSS","FY 2012","FY 2012","Currency=EUR","Period=FY","BEST_FPERIOD_OVERRIDE=FY","FILING_STATUS=MR","SCALING_FORMAT=MLN","FA_ADJUSTED=Adjusted","Sort=A","Dates=H","DateFormat=P","Fill=—","Direction=H","UseDPDF=Y") -> — | E13: =_xll.BDH("ALGEV FP Equity","IS_NONOP_INCOME_LOSS","FY 2013","FY 2013","Currency=EUR","Period=FY","BEST_FPERIOD_OVERRIDE=FY","FILING_STATUS=MR","SCALING_FORMAT=MLN","FA_ADJUSTED=Adjusted","Sort=A","Dates=H","DateFormat=P","Fill=—","Direction=H","UseDPDF=Y") -> — | F13: =_xll.BDH("ALGEV FP Equity","IS_NONOP_INCOME_LOSS","FY 2014","FY 2014","Currency=EUR","Period=FY","BEST_FPERIOD_OVERRIDE=FY","FILING_STATUS=MR","SCALING_FORMAT=MLN","FA_ADJUSTED=Adjusted","Sort=A","Dates=H","DateFormat=P","Fill=—","Direction=H","UseDPDF=Y") -> — | G13: =_xll.BDH("ALGEV FP Equity","IS_NONOP_INCOME_LOSS","FY 2015","FY 2015","Currency=EUR","Period=FY","BEST_FPERIOD_OVERRIDE=FY","FILING_STATUS=MR","SCALING_FORMAT=MLN","FA_ADJUSTED=Adjusted","Sort=A","Dates=H","DateFormat=P","Fill=—","Direction=H","UseDPDF=Y") -> — | H13: =_xll.BDH("ALGEV FP Equity","IS_NONOP_INCOME_LOSS","FY 2016","FY 2016","Currency=EUR","Period=FY","BEST_FPERIOD_OVERRIDE=FY","FILING_STATUS=MR","SCALING_FORMAT=MLN","FA_ADJUSTED=Adjusted","Sort=A","Dates=H","DateFormat=P","Fill=—","Direction=H","UseDPDF=Y") -> -1.162 | I13: =_xll.BDH("ALGEV FP Equity","IS_NONOP_INCOME_LOSS","FY 2017","FY 2017","Currency=EUR","Period=FY","BEST_FPERIOD_OVERRIDE=FY","FILING_STATUS=MR","SCALING_FORMAT=MLN","FA_ADJUSTED=Adjusted","Sort=A","Dates=H","DateFormat=P","Fill=—","Direction=H","UseDPDF=Y") -> 1.812 | J13: =_xll.BDH("ALGEV FP Equity","IS_NONOP_INCOME_LOSS","FY 2018","FY 2018","Currency=EUR","Period=FY","BEST_FPERIOD_OVERRIDE=FY","FILING_STATUS=MR","SCALING_FORMAT=MLN","FA_ADJUSTED=Adjusted","Sort=A","Dates=H","DateFormat=P","Fill=—","Direction=H","UseDPDF=Y") -> -0.035 | K13: =_xll.BDH("ALGEV FP Equity","IS_NONOP_INCOME_LOSS","FY 2019","FY 2019","Currency=EUR","Period=FY","BEST_FPERIOD_OVERRIDE=FY","FILING_STATUS=MR","SCALING_FORMAT=MLN","FA_ADJUSTED=Adjusted","Sort=A","Dates=H","DateFormat=P","Fill=—","Direction=H","UseDPDF=Y") -> -1.237 | L13: 0.62
